Workbook
Name BDI_SD_O_AC: 'BDI obras SD'!$H$9
Name BDI_SD_O_COF: 'BDI obras SD'!$H$15
Name BDI_SD_O_CPRB: 'BDI obras SD'!$H$18
Name BDI_SD_O_DF: 'BDI obras SD'!$H$12
Name BDI_SD_O_ISS: 'BDI obras SD'!$H$17
Name BDI_SD_O_L: 'BDI obras SD'!$H$21
Name BDI_SD_O_PIS: 'BDI obras SD'!$H$16
Name BDI_SD_O_R: 'BDI obras SD'!$H$11
Name BDI_SD_O_SG: 'BDI obras SD'!$H$10

Sheet TRECHO(S) A IMPRIMIR
A1: SELECIONAR TRECHO PARA VISUALIZAÇÃO E/OU IMPRESSÃO | B1: 1 | D1: Escolha TODOS para visualizar e imprimir o custo total dos dois trechos Escolha TRECHO 1 para visualizar e imprimir apenas o Trecho 1 Escolha TRECHO 3 para visualizar e imprimir apenas o Trecho 3
B3: TODOS
B4: TRECHO 1
B5: TRECHO 3

Sheet RESUMO COMPARATIVO
A1: RESUMO COMPARATIVO DOS TRECHOS
A2: OBRA : | B2: URBANIZAÇÃO DO SETOR SOL NASCENTE - TRECHOS 1 e 3
A3: ENDEREÇO: | B3: ='PSP-RESUMO'!B3 -> SETOR SOL NASCENTE, CEILÂNDIA/DF | C3: ='PSP-RESUMO'!C3 -> ENCARGOS SOCIAIS SEM DESONERAÇÃO
A4: CLIENTE: | B4: ='PSP-RESUMO'!B4 -> ARIA | C4: DATA DO ORÇAMENTO: | F4: ='PSP-RESUMO'!D4 -> 28/JAN/2022
A5: OBRA | B5: DESCRIÇÃO | C5: PREÇO TOTAL (C/BDI) | D5: TRECHO 1 | E5: TRECHO 3 | F5: DIFERENÇA PARA O ORÇAMENTO AGRUPADO
A6: ='PSP-RESUMO'!A6 -> 01. | B6: ='PSP-RESUMO'!B6 -> CANTEIRO DE OBRAS (CONSTRUÇÕES PROVISÓRIAS) - TRECHOS 1 e 3 | C6: 1739810.3 | D6: 1030625.6 | E6: 903545.89 | F6: -194361.16 | G6: Diferença pelo cálculo dos itens das NR-18 e NR-24.
A7: ='PSP-RESUMO'!A7 -> 02. | B7: ='PSP-RESUMO'!B7 -> ADMINISTRAÇÃO LOCAL - TRECHOS 1 e 3 | C7: 3571835.8 | D7: 2551319.6 | E7: 2223642.5 | F7: -1203126.3
A8: ='PSP-RESUMO'!A8 -> 03. | B8: ='PSP-RESUMO'!B8 -> SERVIÇOS PRELIMINARES DE OBRAS - TRECHOS 1 e 3 | C8: 703821.76 | D8: 341446.75 | E8: 58913.791 | F8: 303461.21
A9: ='PSP-RESUMO'!A9 -> 04. | B9: ='PSP-RESUMO'!B9 -> DRENAGEM URBANA DE ÁGUAS PLUVIAIS E CONSTRUÇÃO DE BACIAS DE DETENÇÃO - TRECHOS 1 e 3 | C9: 20385875 | D9: 12049745 | E9: 8267261.2 | F9: 68868.289
A10: ='PSP-RESUMO'!A10 -> 05. | B10: ='PSP-RESUMO'!B10 -> TERRAPLENAGEM - TRECHOS 1 e 3 | C10: 2325856.9 | D10: 1388742.3 | E10: 964670.41 | F10: -27555.753
A11: ='PSP-RESUMO'!A11 -> 06. | B11: ='PSP-RESUMO'!B11 -> PAVIMENTAÇÕES - TRECHOS 1 e 3 | C11: 14898899 | D11: 9392719.1 | E11: 4347029.1 | F11: 1159151
A12: ='PSP-RESUMO'!A12 -> 07. | B12: ='PSP-RESUMO'!B12 -> OBRA DE ARTE ESPECIAL (PONTE) E OBRA DE ARTE CORRENTE (CANAL) - TRECHOS 1 e 3 | C12: 6599348.7 | D12: 6674760 | E12: 0 | F12: -75411.222
A13: ='PSP-RESUMO'!A13 -> 08. | B13: ='PSP-RESUMO'!B13 -> SINALIZAÇÃO VIÁRIA - TRECHOS 1 e 3 | C13: 405272.53 | D13: 180868 | E13: 149810.62 | F13: 74593.908
A14: ='PSP-RESUMO'!A14 -> 09. | B14: ='PSP-RESUMO'!B14 -> URBANIZAÇÃO E PAISAGISMO - TRECHOS 1 e 3 | C14: 887312.01 | D14: 254140.2 | E14: 633171.81 | F14: 0
B15: PREÇO TOTAL DA OBRA: | C15: 51518032 | D15: 33864367 | E15: 17548045 | F15: 105619.98
C17: 51573442 | D17: 33864367 | E17: 17548045

Sheet PSP-RESUMO
A1: RESUMO DAS PLANILHAS DE SERVIÇOS E PREÇOS DE ORÇAMENTO DE PROJETO BÁSICO
A2: OBRA : | B2: =IF('TRECHO(S) A IMPRIMIR'!$B$1= 1, "URBANIZAÇÃO DO SETOR SOL NASCENTE - TRECHOS 1 e 3", IF('TRECHO(S) A IMPRIMIR'!$B$1= 2, "URBANIZAÇÃO DO SETOR SOL NASCENTE - TRECHO 1", "URBANIZAÇÃO DO SETOR SOL NASCENTE - TRECHO 3")) -> URBANIZAÇÃO DO SETOR SOL NASCENTE - TRECHOS 1 e 3
A3: ENDEREÇO: | B3: SETOR SOL NASCENTE, CEILÂNDIA/DF | C3: ENCARGOS SOCIAIS SEM DESONERAÇÃO
A4: CLIENTE: | B4: ARIA | C4: DATA DO ORÇAMENTO: | D4: =UPPER(TEXT("28/01/2022","DD/MMM/AAAA")) -> 28/JAN/2022
A5: OBRA | B5: DESCRIÇÃO | C5: PREÇO TOTAL (C/BDI) | D5: INCIDÊNCIA | E5: M.O. | F5: MAT. | G5: EQUIP. | H5: SET | I5: DIV.
A6: 01. | B6: =VLOOKUP($A6, '01-CO'!$D:$M, 4, FALSE) -> CANTEIRO DE OBRAS (CONSTRUÇÕES PROVISÓRIAS) - TRECHOS 1 e 3 | C6: 1739810.3 | D6: 0.0337709 | E6: 125381.52 | F6: 1205861.4 | G6: 305508.59 | H6: 92172.754 | I6: 18658.377 | J6: -7772.3022
A7: 02. | B7: =VLOOKUP($A7, '02-AL'!$D:$M, 4, FALSE) -> ADMINISTRAÇÃO LOCAL - TRECHOS 1 e 3 | C7: 3571835.8 | D7: 0.069331759 | E7: 3312799.7 | F7: 259036.04 | G7: 0 | H7: 0 | I7: -1.5267462e-10 | J7: 0
A8: 03. | B8: =VLOOKUP($A8, '03-SP'!$D:$M, 4, FALSE) -> SERVIÇOS PRELIMINARES DE OBRAS - TRECHOS 1 e 3 | C8: 703821.76 | D8: 0.013661658 | E8: 109167.66 | F8: 322815.36 | G8: 135853.18 | H8: 135985.56 | I8: -1.8895743e-12 | J8: 0
A9: 04. | B9: =VLOOKUP($A9, '04-DR'!$D:$M, 4, FALSE) -> DRENAGEM URBANA DE ÁGUAS PLUVIAIS E CONSTRUÇÃO DE BACIAS DE DETENÇÃO - TRECHOS 1 e 3 | C9: 20385875 | D9: 0.39570368 | E9: 3770965 | F9: 14011296 | G9: 2380124.7 | H9: 221486.82 | I9: 2002.3556 | J9: 0
A10: 05. | B10: =VLOOKUP($A10, '05-TR'!$D:$M, 4, FALSE) -> TERRAPLENAGEM - TRECHOS 1 e 3 | C10: 2325856.9 | D10: 0.045146463 | E10: 217460.18 | F10: 1059147.3 | G10: 787681.62 | H10: 261567.85 | I10: 0 | J10: 0
A11: 06. | B11: =VLOOKUP($A11, '06-PAV'!$D:$M, 4, FALSE) -> PAVIMENTAÇÕES - TRECHOS 1 e 3 | C11: 14898899 | D11: 0.28919775 | E11: 1762715 | F11: 12434539 | G11: 691045.63 | H11: 0 | I11: 10599.766 | J11: 0
A12: 07. | B12: =VLOOKUP($A12, '07-OAEeOAC'!$D:$M, 4, FALSE) -> OBRA DE ARTE ESPECIAL (PONTE) E OBRA DE ARTE CORRENTE (CANAL) - TRECHOS 1 e 3 | C12: 6599348.7 | D12: 0.12809784 | E12: 396835.51 | F12: 5889493.6 | G12: 293935.12 | H12: 17475.172 | I12: 1609.2965 | J12: 0
A13: 08. | B13: =VLOOKUP($A13, '08-SIN'!$D:$M, 4, FALSE) -> SINALIZAÇÃO VIÁRIA - TRECHOS 1 e 3 | C13: 405272.53 | D13: 0.0078666151 | E13: 19804.928 | F13: 377052.59 | G13: 8403.1863 | H13: 0 | I13: 11.817873 | J13: 0
A14: 09. | B14: =VLOOKUP($A14, '09-URB'!$D:$M, 4, FALSE) -> URBANIZAÇÃO E PAISAGISMO - TRECHOS 1 e 3 | C14: 887312.01 | D14: 0.017223329 | E14: 281278.89 | F14: 604160.1 | G14: 927.17685 | H14: 0 | I14: 945.84724 | J14: 0
B15: PREÇO TOTAL DA OBRA: | C15: 51518032 | D15: 1 | E15: 9996408.5 | F15: 36163401 | G15: 4603479.2 | H15: 728688.16 | I15: 33827.46
A16: RRT DO ORÇAMENTO: 0
C17: DATAS BASES DE PREÇOS
C18: SINAPI-DF | D18: JUNHO/2021
B19: ANDRÉ LUIZ ZANI | C19: OUTRAS BASES | D19: =D18 -> JUNHO/2021
B20: Arquiteto & Urbanista - CAU A74536-7 | C20: ORÇAMENTO | D20: =D4 -> 28/JAN/2022

Sheet 01-CO
D1: PLANILHA DE SERVIÇOS, QUANTIDADES, CUSTOS E PREÇOS | M1: ='PSP-RESUMO'!$C$3 -> ENCARGOS SOCIAIS SEM DESONERAÇÃO
D2: OBRA: | E2: =IF('TRECHO(S) A IMPRIMIR'!$B$1= 1, 'PSP-RESUMO'!$B$2, IF('TRECHO(S) A IMPRIMIR'!$B$1= 2,#REF!,#REF!)) -> URBANIZAÇÃO DO SETOR SOL NASCENTE - TRECHOS 1 e 3 | L2: Data do orçamento: | M2: ='PSP-RESUMO'!$D$4 -> 28/JAN/2022
D3: ENDEREÇO: | E3: ='PSP-RESUMO'!B3 -> SETOR SOL NASCENTE, CEILÂNDIA/DF | L3: Data base dos preços: | M3: ='PSP-RESUMO'!$D$18 -> JUNHO/2021
D4: CLIENTE: | E4: ='PSP-RESUMO'!B4 -> ARIA | L4: B.D.I. para Serviços: | M4: =IF('PSP-RESUMO'!$C$3 = "ENCARGOS SOCIAIS SEM DESONERAÇÃO", 'BDI obras SD'!$H$23, 'BDI obras CD'!$H$23) -> 0.20335138
D5: TRECHO: | E5: =$G$9 -> CANTEIRO DE OBRAS (CONSTRUÇÕES PROVISÓRIAS) - TRECHOS 1 e 3 | L5: B.D.I. para Simples Fornecimento: | M5: =IF('PSP-RESUMO'!$C$3 = "ENCARGOS SOCIAIS SEM DESONERAÇÃO", 'BDI-Difer SD'!$H$23, 'BDI-Difer CD'!$H$23) -> 0.11096636
L6: DURAÇÃO DA OBRA: | M6: =IF('TRECHO(S) A IMPRIMIR'!$B$1= 1, LARGE('01-CO'!V6:'01-CO'!Y6, 1), IF('TRECHO(S) A IMPRIMIR'!$B$1= 2, '01-CO'!V6, '01-CO'!Y6)) -> 18 | U6: DURAÇÃO DA OBRA: | V6: ='CFF-18M'!$V$3 -> 18 | X6: DURAÇÃO DA OBRA: | Y6: ='CFF-18M'!$V$3 -> 18
A7: DESCRIÇÃO DO SERVIÇO NO PROJETO | B7: UNID PROJ | D7: ITEM | E7: FONTE | F7: CPU CÓDIGO | G7: DESCRIÇÃO NA FONTE | H7: UNID | I7: QTDE | J7: CUSTO UNITÁRIO (R$) | K7: B.D.I | L7: PREÇO UNITÁRIO C/B.D.I. (R$) | M7: PREÇO TOTAL C/B.D.I. (R$) | O7: OBSERVAÇÕES | Q7: GERAIS | T7: TRECHO 1 | W7: TRECHO 3
I8: SERVIÇO | Q8: QTD | R8: DENSID | S8: DMT | T8: QTD | U8: DENSID | V8: DMT | W8: QTD | X8: DENSID | Y8: DMT | Z8: QTD | AA8: DENSID | AB8: DMT | AD8: M.O. | AE8: MAT. | AF8: EQUIP | AG8: SERV TERC | AH8: OUTROS | AI8: CONFER
A9: =IF('TRECHO(S) A IMPRIMIR'!$B$1= 1, "CANTEIRO DE OBRAS (CONSTRUÇÕES PROVISÓRIAS) - TRECHOS 1 e 3", IF('TRECHO(S) A IMPRIMIR'!$B$1= 2, "CANTEIRO DE OBRAS (CONSTRUÇÕES PROVISÓRIAS) - TRECHO 1", "CANTEIRO DE OBRAS (CONSTRUÇÕES PROVISÓRIAS) - TRECHO 3")) -> CANTEIRO DE OBRAS (CONSTRUÇÕES PROVISÓRIAS) - TRECHOS 1 e 3 | D9: 01. | G9: CANTEIRO DE OBRAS (CONSTRUÇÕES PROVISÓRIAS) - TRECHOS 1 e 3 | M9: 1739810.3 | AI9: =IF(SUM(AD9:AH9)=0,"",M9 - SUM(AD9:AH9))
A10: =IF('TRECHO(S) A IMPRIMIR'!$B$1= 1, "IMPLANTAÇÃO DOS CANTEIROS DE OBRAS - TRECHOS 1 e 3", IF('TRECHO(S) A IMPRIMIR'!$B$1= 2, "IMPLANTAÇÃO DO CANTEIRO DE OBRAS PRINCIPAL - TRECHO 1", "IMPLANTAÇÃO DO CANTEIRO DE OBRAS - TRECHO 3")) -> IMPLANTAÇÃO DOS CANTEIROS DE OBRAS - TRECHOS 1 e 3 | D10: 01.01 | G10: IMPLANTAÇÃO DOS CANTEIROS DE OBRAS - TRECHOS 1 e 3 | M10: 964192.55 | AI10: =IF(SUM(AD10:AH10)=0,"",M10 - SUM(AD10:AH10))
A11: PÁTIOS E ACESSOS | D11: 01.01.01 | G11: PÁTIOS E ACESSOS | M11: 674146.99 | AI11: =IF(SUM(AD11:AH11)=0,"",M11 - SUM(AD11:AH11))
A12: PREPARO E LIMPEZA DA ÁREA DO CANTEIRO | D12: 01.01.01.01 | G12: PREPARO E LIMPEZA DA ÁREA DO CANTEIRO | M12: 261790.08 | AI12: =IF(SUM(AD12:AH12)=0,"",M12 - SUM(AD12:AH12))
A13: Raspagem de camada vegetal na área do canteiro com offset de 1,0 m além dos limites. | B13: m² | D13: 01.01.01.01.01 | E13: SINAPI | F13: 98525 | G13: LIMPEZA MECANIZADA DE CAMADA VEGETAL, VEGETAÇÃO E PEQUENAS ÁRVORES (DIÂMETRO DE TRONCO MENOR QUE 0,20 M), COM TRATOR DE ESTEIRAS.AF_05/2018 | H13: M2 | I13: 36920 | J13: 0.3 | K13: 0.20335138 | L13: 0.36100542 | M13: 13328.32 | O13: 0.1 | T13: 18460 | W13: 18460 | AD13: 7108.4373 | AE13: 888.55466 | AF13: 5331.328 | AG13: 0 | AH13: 0 | AI13: 1.8189894e-12
A14: Carga de material para bota-fora | B14: t | D14: 01.01.01.01.02 | E14: SINAPI | F14: 100999 | G14: CARGA, MANOBRA E DESCARGA DE ENTULHO EM CAMINHÃO BASCULANTE 14 M³ - CARGA COM ESCAVADEIRA HIDRÁULICA (CAÇAMBA DE 0,80 M³ / 111 HP) E DESCARGA LIVRE (UNIDADE: T). AF_07/2020 | H14: T | I14: 5538 | J14: 4.24 | K14: 0.20335138 | L14: 5.1022099 | M14: 28256.038 | T14: 2769 | U14: 1.5 | W14: 2769 | X14: 1.5 | AD14: 2998.872 | AE14: 12928.47 | AF14: 12328.696 | AG14: 0 | AH14: 0 | AI14: 3.6379788e-12
A15: Transporte para bota-fora | B15: txkm | D15: 01.01.01.01.03 | E15: SINAPI | F15: 95879 | G15: TRANSPORTE COM CAMINHÃO BASCULANTE DE 14 M³, EM VIA URBANA PAVIMENTADA, DMT ATÉ 30 KM (UNIDADE: TXKM). AF_07/2020 | H15: TXKM | I15: 121836 | J15: 1.04 | K15: 0.20335138 | L15: 1.2514854 | M15: 152475.98 | T15: 60918 | V15: 22 | W15: 60918 | Y15: 22 | AD15: 10262.806 | AE15: 87966.912 | AF15: 54246.262 | AG15: 0 | AH15: 0 | AI15: 0
D16: 01.01.01.01.04 | E16: SINAPI | F16: 93599 | G16: TRANSPORTE COM CAMINHÃO BASCULANTE DE 14 M³, EM VIA URBANA PAVIMENTADA, ADICIONAL PARA DMT EXCEDENTE A 30 KM (UNIDADE: TXKM). AF_07/2020 | H16: TXKM | I16: =IF($F16="","",IF('TRECHO(S) A IMPRIMIR'!$B$1= 1, SUM(Q16, T16, W16, Z16), IF('TRECHO(S) A IMPRIMIR'!$B$1= 2, T16, IF('TRECHO(S) A IMPRIMIR'!$B$1= 3, W16, 0)))) -> 0 | J16: 0.41 | K16: =IF(AND(F16<>"",J16<>""), IF(OR(F16= "CP9001", F16= "CP9091", F16= "CP9092"), 0, IF($M$1 = "ENCARGOS SOCIAIS SEM DESONERAÇÃO",'BDI obras SD'!$H$23,'BDI obras CD'!$H$23)), "") -> 0.20335138 | L16: =IF(J16="","", IF(AND(J16<>"",K16=""),J16,J16 * (1 + K16))) -> 0.49337407 | M16: =IF(F16="", "", IF(AND(F16<> "", OR(I16= "", J16= "")), 0, I16*L16)) -> 0 | T16: =T14 * V16 -> 0 | V16: =IF('MLQ-DMT-TR1'!$E$7 > 30, 'MLQ-DMT-TR1'!$E$7 - 30, 0) -> 0 | W16: =W14 * Y16 -> 0 | Y16: =IF('MLQ-DMT-TR1'!$E$7 > 30, 'MLQ-DMT-TR1'!$E$7 - 30, 0) -> 0 | AI16: =IF(SUM(AD16:AH16)=0,"",M16 - SUM(AD16:AH16))
A17: Taxa de descarte de resíduo de construção civil no Aterro Sanitário | B17: t | D17: 01.01.01.01.05 | E17: PROJETO | F17: CP9001 | G17: TAXA DE DESCARTE DE RESÍDUOS DA CONSTRUÇÃO CIVIL SEGREGADOS - RCCS | H17: T | I17: 5538 | J17: 12.23 | K17: 0 | L17: 12.23 | M17: 67729.74 | T17: 2769 | W17: 2769 | AD17: 0 | AE17: 0 | AF17: 0 | AG17: 67729.74 | AH17: 0 | AI17: 0
A18: ÁREAS DE CIRCULAÇÃO | D18: 01.01.01.02 | G18: ÁREAS DE CIRCULAÇÃO | M18: 51394.521
A19: Compactação de solo para passagem de veículos | B19: m² | D19: 01.01.01.02.01 | E19: SINAPI | F19: 100577 | G19: REGULARIZAÇÃO E COMPACTAÇÃO DE SUBLEITO DE SOLO PREDOMINANTEMENTE ARENOSO. AF_11/2019 | H19: M2 | I19: 3400 | J19: 0.77 | K19: 0.20335138 | L19: 0.92658057 | M19: 3150.3739 | T19: 1700 | W19: 1700 | AD19: 736.45105 | AE19: 941.02078 | AF19: 1472.9021 | AG19: 0 | AH19: 0 | AI19: 4.5474735e-13
A20: Carga de brita na jazida | B20: t | D20: 01.01.01.02.02 | E20: SINAPI | F20: 100991 | G20: CARGA, MANOBRA E DESCARGA DE SOLOS E MATERIAIS GRANULARES EM CAMINHÃO BASCULANTE 14 M³ - CARGA COM PÁ CARREGADEIRA (CAÇAMBA DE 1,7 A 2,8 M³ / 128 HP) E DESCARGA LIVRE (UNIDADE: T). AF_07/2020 | H20: T | I20: 285.13332 | J20: 4.15 | K20: 0.20335138 | L20: 4.9939082 | M20: 1423.9297 | T20: 142.56666 | W20: 142.56666 | AD20: 147.5397 | AE20: 693.09347 | AF20: 583.29649 | AG20: 0 | AH20: 0 | AI20: 0
A21: Transporte de fornecimento de brita em leito natural | B21: t.km | D21: 01.01.01.02.03 | E21: SINAPI | F21: 93597 | G21: TRANSPORTE COM CAMINHÃO BASCULANTE DE 14 M³, EM VIA URBANA EM LEITO NATURAL (UNIDADE: TXKM). AF_07/2020 | H21: TXKM | I21: =IF($F21="","",IF('TRECHO(S) A IMPRIMIR'!$B$1= 1, SUM(Q21, T21, W21, Z21), IF('TRECHO(S) A IMPRIMIR'!$B$1= 2, T21, IF('TRECHO(S) A IMPRIMIR'!$B$1= 3, W21, 0)))) -> 0 | J21: 1.3 | K21: =IF(AND(F21<>"",J21<>""), IF(OR(F21= "CP9001", F21= "CP9091", F21= "CP9092"), 0, IF($M$1 = "ENCARGOS SOCIAIS SEM DESONERAÇÃO",'BDI obras SD'!$H$23,'BDI obras CD'!$H$23)), "") -> 0.20335138 | L21: =IF(J21="","", IF(AND(J21<>"",K21=""),J21,J21 * (1 + K21))) -> 1.5643568 | M21: =IF(F21="", "", IF(AND(F21<> "", OR(I21= "", J21= "")), 0, I21*L21)) -> 0 | T21: =T20 * V21 -> 0 | V21: ='MLQ-DMT-TR1'!$N$9 -> 0 | W21: =W20 * Y21 -> 0 | Y21: ='MLQ-DMT-TR1'!$N$9 -> 0 | AI21: =IF(SUM(AD21:AH21)=0,"",M21 - SUM(AD21:AH21))
A22: Transporte de fornecimento de brita até 30 km | B22: t.km | D22: 01.01.01.02.04 | E22: SINAPI | F22: 95879 | G22: TRANSPORTE COM CAMINHÃO BASCULANTE DE 14 M³, EM VIA URBANA PAVIMENTADA, DMT ATÉ 30 KM (UNIDADE: TXKM). AF_07/2020 | H22: TXKM | I22: 8553.9997 | J22: 1.04 | K22: 0.20335138 | L22: 1.2514854 | M22: 10705.206 | T22: 4276.9999 | V22: 30 | W22: 4276.9999 | Y22: 30 | AD22: 720.54272 | AE22: 6176.0804 | AF22: 3808.5829 | AG22: 0 | AH22: 0 | AI22: 0
A23: DMT excedente acima de 30 km para fornecimento de brita | B23: t.km | D23: 01.01.01.02.05 | E23: SINAPI | F23: 93599 | G23: TRANSPORTE COM CAMINHÃO BASCULANTE DE 14 M³, EM VIA URBANA PAVIMENTADA, ADICIONAL PARA DMT EXCEDENTE A 30 KM (UNIDADE: TXKM). AF_07/2020 | H23: TXKM | I23: 7698.5997 | J23: 0.41 | K23: 0.20335138 | L23: 0.49337407 | M23: 3798.2895 | T23: 3849.2999 | V23: 27 | W23: 3849.2999 | Y23: 27 | AD23: 185.28241 | AE23: 2316.0302 | AF23: 1296.9769 | AG23: 0 | AH23: 0 | AI23: 0
A24: Lastro de brita com preparo de fundo | B24: m³ | D24: 01.01.01.02.06 | E24: SINAPI | F24: 100324 | G24: LASTRO COM MATERIAL GRANULAR (PEDRA BRITADA N.1 E PEDRA BRITADA N.2), APLICADO EM PISOS OU LAJES SOBRE SOLO, ESPESSURA DE *10 CM*. AF_07/2019 | H24: M3 | I24: 152.9275 | J24: 175.61 | K24: 0.20335138 | L24: 211.32054 | M24: 32316.721 | O24: 5 | T24: 76.46375 | U24: 1.8645 | W24: 76.46375 | X24: 1.8645 | AD24: 4100.0886 | AE24: 28211.112 | AF24: 5.5207656 | AG24: 0 | AH24: 0 | AI24: 3.6379788e-12
A25: PROTEÇÕES DO CANTEIRO | D25: 01.01.01.03 | G25: PROTEÇÕES DO CANTEIRO | M25: 360962.39
A26: Fechamento do perímetro com tapume. | B26: m² | D26: 01.01.01.03.01 | E26: SINAPI | F26: 98459 | G26: TAPUME COM TELHA METÁLICA. AF_05/2018 | H26: M2 | I26: 2560.8 | J26: 112.08 | K26: 0.20335138 | L26: 134.87162 | M26: 345379.25 | T26: 1280.4 | W26: 1280.4 | AD26: 40244.941 | AE26: 305134.31 | AF26: 0 | AG26: 0 | AH26: 0 | AI26: 0
A27: Portões para acesso a canteiro de obras | B27: m² | D27: 01.01.01.03.02 | E27: PROJETO | F27: CP9021 | G27: PORTOES EM COMPENSADO (3,00x2,50m) PARA TAPUME CANTEIRO OBRAS | H27: M2 | I27: 17.6 | J27: 735.78321 | K27: 0.20335138 | L27: 885.40574 | M27: 15583.141 | T27: 8.8 | W27: 8.8 | AD27: 11582.566 | AE27: 2453.8473 | AF27: 1546.7277 | AG27: 0 | AH27: 0 | AI27: -1.8189894e-12
A28: CONSTRUÇÕES PROVISÓRIAS | D28: 01.01.02 | G28: CONSTRUÇÕES PROVISÓRIAS | M28: 171672.05 | AI28: =IF(SUM(AD28:AH28)=0,"",M28 - SUM(AD28:AH28))
A29: ESCRITÓRIO (2 UN - ADMINISTRAÇÃO LOCAL E FISCALIZAÇÃO) | D29: 01.01.02.01 | G29: ESCRITÓRIO (2 UN - ADMINISTRAÇÃO LOCAL E FISCALIZAÇÃO) | M29: 45141.417 | AI29: =IF(SUM(AD29:AH29)=0,"",M29 - SUM(AD29:AH29))
A30: Locação de contêiner completo para escritório, com banheiro | B30: mês | D30: 01.01.02.01.01 | E30: PROJETO | F30: CP9011 | G30: LOCACAO DE CONTAINER 2,30 X 6,00 M, ALT. 2,50 M, COM 1 SANITARIO, PARA ESCRITORIO, COMPLETO, SEM DIVISORIAS INTERNAS | H30: MÊS | I30: 36 | J30: 585 | K30: 0.20335138 | L30: 703.96056 | M30: 25342.58 | T30: 18 | W30: 18 | AD30: 0 | AE30: 25342.58 | AF30: 0 | AG30: 0 | AH30: 0 | AI30: 0
A31: Locação de contêiner completo para escritório, sem banheiro | B31: mês | D31: 01.01.02.01.02 | E31: PROJETO | F31: CP9013 | G31: LOCACAO DE CONTAINER 2,30 X 6,00 M, ALT. 2,50 M, PARA ESCRITORIO, SEM DIVISORIAS INTERNAS E SEM SANITARIO | H31: MÊS | I31: 36 | J31: 457.03 | K31: 0.20335138 | L31: 549.96768 | M31: 19798.837 | T31: 18 | W31: 18 | AD31: 0 | AE31: 19798.837 | AF31: 0 | AG31: 0 | AH31: 0 | AI31: 3.6379788e-12
A32: DEPÓSITO / ALMOXARIFADO (2 UN) | D32: 01.01.02.02 | G32: DEPÓSITO / ALMOXARIFADO (2 UN) | M32: 39597.673
A33: Locação de contêiner simples para depósito / almoxarifado, sem banheiro | B33: mês | D33: 01.01.02.02.01 | E33: PROJETO | F33: CP9014 | G33: LOCACAO DE CONTAINER 2,30 X 6,00 M, ALT. 2,50 M, PARA DEPÓSITO/ALMOXARIFADO, SEM DIVISORIAS INTERNAS E SEM SANITARIO | H33: MÊS | I33: 72 | J33: 457.03 | K33: 0.20335138 | L33: 549.96768 | M33: 39597.673 | T33: 36 | W33: 36 | AD33: 0 | AE33: 39597.673 | AF33: 0 | AG33: 0 | AH33: 0 | AI33: 7.2759576e-12
A34: REFEITÓRIO | D34: 01.01.02.03 | G34: REFEITÓRIO | M34: 0 | AI34: =IF(SUM(AD34:AH34)=0,"",M34 - SUM(AD34:AH34))
A35: Locação de contêiner para refeitório | B35: mês | D35: 01.01.02.03.01 | E35: PROJETO | F35: CP9010 | G35: LOCACAO DE CONTAINER 2,30 X 6,00 M, ALT. 2,50 M, PARA REFEITÓRIO, SEM DIVISORIAS INTERNAS E SEM SANITARIO | H35: MÊS | I35: =IF($F35="","",IF('TRECHO(S) A IMPRIMIR'!$B$1= 1, SUM(Q35, T35, W35, Z35), IF('TRECHO(S) A IMPRIMIR'!$B$1= 2, T35, IF('TRECHO(S) A IMPRIMIR'!$B$1= 3, W35, 0)))) -> 0 | J35: 457.03 | K35: =IF(AND(F35<>"",J35<>""), IF(OR(F35= "CP9001", F35= "CP9091", F35= "CP9092"), 0, IF($M$1 = "ENCARGOS SOCIAIS SEM DESONERAÇÃO",'BDI obras SD'!$H$23,'BDI obras CD'!$H$23)), "") -> 0.20335138 | L35: =IF(J35="","", IF(AND(J35<>"",K35=""),J35,J35 * (1 + K35))) -> 549.96768 | M35: =IF(F35="", "", IF(AND(F35<> "", OR(I35= "", J35= "")), 0, I35*L35)) -> 0 | T35: =0 * V$6 -> 0 | W35: =0 * Y$6 -> 0 | AI35: =IF(SUM(AD35:AH35)=0,"",M35 - SUM(AD35:AH35))
A36: VESTIÁRIOS E SANITÁRIOS | D36: 01.01.02.04 | G36: VESTIÁRIOS E SANITÁRIOS | M36: 0 | AI36: =IF(SUM(AD36:AH36)=0,"",M36 - SUM(AD36:AH36))
A37: Locação de contêiner para sanitário | B37: mês | D37: 01.01.02.04.01 | E37: PROJETO | F37: CP9016 | G37: LOCACAO DE CONTAINER 2,30 X 6,00 M, ALT. 2,50 M, PARA SANITARIO, COM 4 BACIAS, 8 CHUVEIROS,1 LAVATORIO E 1 MICTORIO | H37: MÊS | I37: =IF($F37="","",IF('TRECHO(S) A IMPRIMIR'!$B$1= 1, SUM(Q37, T37, W37, Z37), IF('TRECHO(S) A IMPRIMIR'!$B$1= 2, T37, IF('TRECHO(S) A IMPRIMIR'!$B$1= 3, W37, 0)))) -> 0 | J37: 731.25 | K37: =IF(AND(F37<>"",J37<>""), IF(OR(F37= "CP9001", F37= "CP9091", F37= "CP9092"), 0, IF($M$1 = "ENCARGOS SOCIAIS SEM DESONERAÇÃO",'BDI obras SD'!$H$23,'BDI obras CD'!$H$23)), "") -> 0.20335138 | L37: =IF(J37="","", IF(AND(J37<>"",K37=""),J37,J37 * (1 + K37))) -> 879.9507 | M37: =IF(F37="", "", IF(AND(F37<> "", OR(I37= "", J37= "")), 0, I37*L37)) -> 0 | T37: =0 * V$6 -> 0 | W37: =0 * Y$6 -> 0 | AI37: =IF(SUM(AD37:AH37)=0,"",M37 - SUM(AD37:AH37))
A38: Locação de contêiner para vestiário | B38: mês | D38: 01.01.02.04.02 | E38: PROJETO | F38: CP9009 | G38: LOCACAO DE CONTAINER 2,30 X 6,00 M, ALT. 2,50 M, PARA VESTIÁRIO, SEM DIVISORIAS INTERNAS E SEM SANITARIO | H38: MÊS | I38: =IF($F38="","",IF('TRECHO(S) A IMPRIMIR'!$B$1= 1, SUM(Q38, T38, W38, Z38), IF('TRECHO(S) A IMPRIMIR'!$B$1= 2, T38, IF('TRECHO(S) A IMPRIMIR'!$B$1= 3, W38, 0)))) -> 0 | J38: 457.03 | K38: =IF(AND(F38<>"",J38<>""), IF(OR(F38= "CP9001", F38= "CP9091", F38= "CP9092"), 0, IF($M$1 = "ENCARGOS SOCIAIS SEM DESONERAÇÃO",'BDI obras SD'!$H$23,'BDI obras CD'!$H$23)), "") -> 0.20335138 | L38: =IF(J38="","", IF(AND(J38<>"",K38=""),J38,J38 * (1 + K38))) -> 549.96768 | M38: =IF(F38="", "", IF(AND(F38<> "", OR(I38= "", J38= "")), 0, I38*L38)) -> 0 | T38: =0 * V$6 -> 0 | W38: =0 * Y$6 -> 0 | AI38: =IF(SUM(AD38:AH38)=0,"",M38 - SUM(AD38:AH38))
A39: Guarita | D39: 01.01.02.05 | G39: Guarita | M39: 16559.432 | AI39: =IF(SUM(AD39:AH39)=0,"",M39 - SUM(AD39:AH39))
A40: Guarita em chapas de madeira | B40: m² | D40: 01.01.02.05.01 | E40: PROJETO | F40: 93585 | G40: EXECUÇÃO DE GUARITA EM CANTEIRO DE OBRA EM CHAPA DE MADEIRA COMPENSADA, NÃO INCLUSO MOBILIÁRIO. AF_04/2016 | H40: M2 | I40: 13.05 | J40: 1054.49 | K40: 0.20335138 | L40: 1268.922 | M40: 16559.432 | T40: 6.525 | W40: 6.525 | AD40: 2590.0171 | AE40: 13966.588 | AF40: 1.4133362 | AG40: 0 | AH40: 1.4133362 | AI40: -3.6379788e-12
A41: Centrais de Fôrma e Armação | D41: 01.01.02.06 | G41: Centrais de Fôrma e Armação | M41: 31489.78
A42: Central de armação | B42: m² | D42: 01.01.02.06.01 | E42: PROJETO | F42: 93582 | G42: EXECUÇÃO DE CENTRAL DE ARMADURA EM CANTEIRO DE OBRA, NÃO INCLUSO MOBILIÁRIO E EQUIPAMENTOS. AF_04/2016 | H42: M2 | I42: 40 | J42: 249.24 | K42: 0.20335138 | L42: 299.9233 | M42: 11996.932 | T42: 20 | W42: 20 | AD42: 2126.0812 | AE42: 9862.6679 | AF42: 4.8134055 | AG42: 0 | AH42: 3.3693839 | AI42: 0
A43: Central de fôrmas | B43: m² | D43: 01.01.02.06.02 | E43: PROJETO | F43: 93583 | G43: EXECUÇÃO DE CENTRAL DE FÔRMAS, PRODUÇÃO DE ARGAMASSA OU CONCRETO EM CANTEIRO DE OBRA, NÃO INCLUSO MOBILIÁRIO E EQUIPAMENTOS. AF_04/2016 | H43: M2 | I43: 40 | J43: 404.97 | K43: 0.20335138 | L43: 487.32121 | M43: 19492.848 | T43: 20 | W43: 20 | AD43: 3525.8196 | AE43: 15953.07 | AF43: 8.66413 | AG43: 0 | AH43: 5.2947461 | AI43: -3.6379788e-12
A44: Laboratórios | D44: 01.01.02.07 | G44: Laboratórios | M44: 38883.749 | O44: Os equipamentos para laboratório ficarão mobilizados na obra embora as equipes atuem sob contingência. | AI44: =IF(SUM(AD44:AH44)=0,"",M44 - SUM(AD44:AH44))
A45: Laboratório de solos para terraplenagem e pavimentação, inclusive equipamentos | B45: mês | D45: 01.01.02.07.01 | E45: PROJETO | F45: CP9046 | G45: LABORATÓRIO DE SOLOS, COMPLETO, SEM DIVISORIAS INTERNAS | H45: MÊS | I45: 3 | J45: 4346.5 | K45: 0.20335138 | L45: 5230.3668 | M45: 15691.1 | T45: 2 | W45: 1 | AD45: 0 | AE45: 2111.8817 | AF45: 13579.219 | AG45: 0 | AH45: 0 | AI45: 1.8189894e-12
A46: Laboratório de asfalto, inclusive equipamentos | B46: mês | D46: 01.01.02.07.02 | E46: PROJETO | F46: CP9047 | G46: LABORATÓRIO DE BETUMES, COMPLETO, SEM DIVISORIAS INTERNAS | H46: MÊS | I46: 2 | J46: 5635.39 | K46: 0.20335138 | L46: 6781.3544 | M46: 13562.709 | T46: 1 | W46: 1 | AD46: 0 | AE46: 1407.9211 | AF46: 12154.788 | AG46: 0 | AH46: 0 | AI46: 0
A47: Laboratório de concretos, inclusive equipamentos | B47: mês | D47: 01.01.02.07.03 | E47: PROJETO | F47: CP9048 | G47: LABORATÓRIO DE CONCRETOS, COMPLETO, SEM DIVISORIAS INTERNAS | H47: MÊS | I47: 2 | J47: 4001.3 | K47: 0.20335138 | L47: 4814.9699 | M47: 9629.9398 | T47: 1 | W47: 1 | AD47: 0 | AE47: 1407.9211 | AF47: 8222.0187 | AG47: 0 | AH47: 0 | AI47: 0
A48: =IF('TRECHO(S) A IMPRIMIR'!$B$1= 1, "LIGAÇÕES PROVISÓRIAS PARA OS CANTEIROS DE OBRAS - TRECHOS 1 e 3", IF('TRECHO(S) A IMPRIMIR'!$B$1= 2, "LIGAÇÕES PROVISÓRIAS PARA O CANTEIRO DE OBRAS PRINCIPAL - TRECHO 1", "LIGAÇÕES PROVISÓRIAS PARA O CANTEIRO DE OBRAS - TRECHO 3")) -> LIGAÇÕES PROVISÓRIAS PARA OS CANTEIROS DE OBRAS - TRECHOS 1 e 3 | D48: 01.01.03 | G48: LIGAÇÕES PROVISÓRIAS PARA OS CANTEIROS DE OBRAS - TRECHOS 1 e 3 | M48: 97517.712 | AI48: =IF(SUM(AD48:AH48)=0,"",M48 - SUM(AD48:AH48))
A49: ÁGUA | D49: 01.01.03.01 | G49: ÁGUA | M49: 25426.887 | AI49: =IF(SUM(AD49:AH49)=0,"",M49 - SUM(AD49:AH49))
A50: Castelo d'água (2000 l) | B50: un | D50: 01.01.03.01.01 | E50: SINAPI | F50: 93243 | G50: EXECUÇÃO DE RESERVATÓRIO ELEVADO DE ÁGUA (2000 LITROS) EM CANTEIRO DE OBRA, APOIADO EM ESTRUTURA DE MADEIRA. AF_02/2016 | H50: UN | I50: 2 | J50: 7840.86 | K50: 0.20335138 | L50: 9435.3097 | M50: 18870.619 | T50: 1 | W50: 1 | AD50: 915.79854 | AE50: 17954.171 | AF50: 0.072201083 | AG50: 0 | AH50: 0.57760866 | AI50: 0
A51: Caixa para hidrômetro | B51: un | D51: 01.01.03.01.02 | E51: SINAPI | F51: 97741 | G51: KIT CAVALETE PARA MEDIÇÃO DE ÁGUA - ENTRADA INDIVIDUALIZADA, EM PVC DN 25 (¾), PARA 1 MEDIDOR  FORNECIMENTO E INSTALAÇÃO (EXCLUSIVE HIDRÔMETRO). AF_11/2016 | H51: UN | I51: 2 | J51: 160.02 | K51: 0.20335138 | L51: 192.56029 | M51: 385.12058 | T51: 1 | W51: 1 | AD51: 105.75052 | AE51: 279.37006 | AF51: 0 | AG51: 0 | AH51: 0 | AI51: 5.6843419e-14
A52: Hidrômetro | B52: un | D52: 01.01.03.01.03 | E52: SINAPI | F52: 95675 | G52: HIDRÔMETRO DN 25 (¾ ), 5,0 M³/H FORNECIMENTO E INSTALAÇÃO. AF_11/2016 | H52: UN | I52: 2 | J52: 144.57 | K52: 0.20335138 | L52: 173.96851 | M52: 347.93702 | T52: 1 | W52: 1 | AD52: 38.290641 | AE52: 309.64638 | AF52: 0 | AG52: 0 | AH52: 0 | AI52: -5.6843419e-14
A53: Ligações de água | B53: m | D53: 01.01.03.01.04 | E53: SINAPI | F53: 74253/1 | G53: RAMAL PREDIAL EM TUBO PEAD 20MM - FORNECIMENTO, INSTALAÇÃO, ESCAVAÇÃO E REATERRO | H53: M | I53: 200 | J53: 24.1958 | K53: 0.20335138 | L53: 29.116049 | M53: 5823.2099 | T53: 100 | W53: 100 | AD53: 2918.9454 | AE53: 2863.5431 | AF53: 40.721411 | AG53: 0 | AH53: 5.3439537e-14 | AI53: 0
A54: ENERGIA | D54: 01.01.03.02 | G54: ENERGIA | M54: 36311.449 | AI54: =IF(SUM(AD54:AH54)=0,"",M54 - SUM(AD54:AH54))
A55: Fornecimento de poste de concreto | B55: un | D55: 01.01.03.02.01 | E55: PROJETO | F55: CP9202 | G55: FORNECIMENTO DE POSTE DE CONCRETO H= 9 M, 400 KG | H55: UN | I55: 2 | J55: 1204.72 | K55: 0.20335138 | L55: 1449.7015 | M55: 2899.403 | T55: 1 | W55: 1 | AD55: 0 | AE55: 2899.403 | AF55: 0 | AG55: 0 | AH55: 0 | AI55: 0
A56: Carga, manobra e descarga de poste de concreto | B56: t | D56: 01.01.03.02.02 | E56: SINAPI | F56: 101009 | G56: CARGA, MANOBRA E DESCARGA DE POSTE DE CONCRETO EM CAMINHÃO CARROCERIA COM GUINDAUTO (MUNCK) 11,7 TM. AF_07/2020 | H56: T | I56: 2.2 | J56: 27.42 | K56: 0.20335138 | L56: 32.995895 | M56: 72.590969 | T56: 1.1 | U56: 1.1 | W56: 1.1 | X56: 1.1 | AD56: 7.1214335 | AE56: 47.785083 | AF56: 17.684452 | AG56: 0 | AH56: 0 | AI56: -1.4210855e-14
A57: Transporte de poste de concreto | B57: t.km | D57: 01.01.03.02.02 | E57: SINAPI | F57: 100952 | G57: TRANSPORTE COM CAMINHÃO CARROCERIA COM GUINDAUTO (MUNCK), MOMENTO MÁXIMO DE CARGA 11,7 TM, EM VIA URBANA PAVIMENTADA, DMT ATÉ 30KM (UNIDADE: TXKM). AF_07/2020 | H57: TXKM | I57: 17.6 | J57: 1.81 | K57: 0.20335138 | L57: 2.178066 | M57: 38.333962 | T57: 8.8 | V57: 8 | W57: 8.8 | Y57: 8 | AD57: 3.6004273 | AE57: 26.261941 | AF57: 8.4715937 | AG57: 0 | AH57: 0 | AI57: 0
A58: Assentamento de poste de concreto | B58: un | D58: 01.01.03.02.03 | E58: SINAPI | F58: 100602 | G58: ASSENTAMENTO DE POSTE DE CONCRETO COM COMPRIMENTO NOMINAL DE 9 M, CARGA NOMINAL DE 600 DAN, ENGASTAMENTO BASE CONCRETADA COM 1 M DE CONCRETO E 0,5 M DE SOLO (NÃO INCLUI FORNECIMENTO). AF_11/2019 | H58: UN | I58: 2 | J58: 777.58 | K58: 0.20335138 | L58: 935.70197 | M58: 1871.4039 | T58: 1 | W58: 1 | AD58: 529.06547 | AE58: 1332.6635 | AF58: 8.4715937 | AG58: 0 | AH58: 1.2033514 | AI58: 0
A59: Entrada provisória de energia | B59: un | D59: 01.01.03.02.04 | E59: SINAPI | F59: 101512 | G59: ENTRADA DE ENERGIA ELÉTRICA, AÉREA, TRIFÁSICA, COM CAIXA DE EMBUTIR, CABO DE 35 MM2 E DISJUNTOR DIN 50A (NÃO INCLUSO O POSTE DE CONCRETO). AF_07/2020 | H59: UN | I59: 2 | J59: 2196.42 | K59: 0.20335138 | L59: 2643.065 | M59: 5286.1301 | T59: 1 | W59: 1 | AD59: 708.8221 | AE59: 4569.8954 | AF59: 7.4126445 | AG59: 0 | AH59: 0 | AI59: 0
A60: Quadro de medição | B60: un | D60: 01.01.03.02.05 | E60: SINAPI | F60: 101946 | G60: QUADRO DE MEDIÇÃO GERAL DE ENERGIA PARA 1 MEDIDOR DE SOBREPOR - FORNECIMENTO E INSTALAÇÃO. AF_10/2020 | H60: UN | I60: 2 | J60: 161.53 | K60: 0.20335138 | L60: 194.37735 | M60: 388.7547 | T60: 1 | W60: 1 | AD60: 112.15235 | AE60: 276.60235 | AF60: 0 | AG60: 0 | AH60: 0 | AI60: -5.6843419e-14
A61: Caixa de passagem enterrada para entrada de energia | B61: un | D61: 01.01.03.02.06 | E61: PROJETO | F61: 97892 | G61: CAIXA ENTERRADA ELÉTRICA RETANGULAR, EM ALVENARIA COM BLOCOS DE CONCRETO, FUNDO COM BRITA, DIMENSÕES INTERNAS: 0,6X0,6X0,6 M. AF_12/2020 | H61: UN | I61: 10 | J61: 343.33 | K61: 0.20335138 | L61: 413.14663 | M61: 4131.4663 | T61: 5 | W61: 5 | AD61: 1856.8915 | AE61: 2236.9099 | AF61: 34.41585 | AG61: 0 | AH61: 3.2490487 | AI61: -9.094947e-13
A62: Ponto de iluminação provisória para canteiro | B62: un | D62: 01.01.03.02.07 | E62: PROJETO | F62: CP9022 | G62: PONTO DE ILUMINACAO PROVISORIA ACAMPAMENTO / CANTEIRO / ACESSOS | H62: UN | I62: 24 | J62: 748.72026 | K62: 0.20335138 | L62: 900.97357 | M62: 21623.366 | T62: 12 | W62: 12 | AD62: 163.65964 | AE62: 21459.706 | AF62: 0 | AG62: 0 | AH62: 0 | AI62: 0
A63: ESGOTO | D63: 01.01.03.03 | G63: ESGOTO | M63: 35779.376 | AI63: =IF(SUM(AD63:AH63)=0,"",M63 - SUM(AD63:AH63))
A64: Tanque/fossa séptica | B64: un | D64: 01.01.03.03.01 | E64: SINAPI | F64: 98082 | G64: TANQUE SÉPTICO RETANGULAR, EM ALVENARIA COM BLOCOS DE CONCRETO, DIMENSÕES INTERNAS: 1,0 X 2,0 X 1,4 M, VOLUME ÚTIL: 2000 L (PARA 5 CONTRIBUINTES). AF_12/2020 | H64: UN | I64: 2 | J64: 3568.15 | K64: 0.20335138 | L64: 4293.7382 | M64: 8587.4765 | T64: 1 | W64: 1 | AD64: 3000.8936 | AE64: 5541.5535 | AF64: 38.049971 | AG64: 0 | AH64: 6.979438 | AI64: 0
A65: Sumidouro | B65: un | D65: 01.01.03.03.02 | E65: PROJETO | F65: 98078 | G65: SUMIDOURO RETANGULAR, EM ALVENARIA COM TIJOLOS CERÂMICOS MACIÇOS, DIMENSÕES INTERNAS: 0,8 X 1,4 X 3,0 M, ÁREA DE INFILTRAÇÃO: 13,2 M² (PARA 5 CONTRIBUINTES). AF_12/2020 | H65: UN | I65: 2 | J65: 4508.54 | K65: 0.20335138 | L65: 5425.3579 | M65: 10850.716 | T65: 1 | W65: 1 | AD65: 3341.779 | AE65: 7461.9097 | AF65: 43.055913 | AG65: 0 | AH65: 3.9710596 | AI65: 1.8189894e-12
A66: Ligações de esgoto | B66: un | D66: 01.01.03.03.03 | E66: PROJETO | F66: 73658 | G66: LIGAÇÃO DOMICILIAR DE ESGOTO DN 100MM, DA CASA ATÉ A CAIXA, COMPOSTO POR 10,0M TUBO DE PVC ESGOTO PREDIAL DN 100MM E CAIXA DE ALVENARIA COM TAMPA DE CONCRETO - FORNECIMENTO E INSTALAÇÃO | H66: UN | I66: 12 | J66: 660.0273 | K66: 0.20335138 | L66: 794.24477 | M66: 9530.9372 | T66: 6 | W66: 6 | AD66: 4236.7596 | AE66: 5096.8232 | AF66: 197.35444 | AG66: 0 | AH66: 4.1041564e-13 | AI66: 3.6379788e-12
A67: Caixa de passagem enterrada para esgoto | B67: un | D67: 01.01.03.03.04 | E67: PROJETO | F67: 97902 | G67: CAIXA ENTERRADA HIDRÁULICA RETANGULAR EM ALVENARIA COM TIJOLOS CERÂMICOS MACIÇOS, DIMENSÕES INTERNAS: 0,6X0,6X0,6 M PARA REDE DE ESGOTO. AF_12/2020 | H67: UN | I67: 10 | J67: 565.94 | K67: 0.20335138 | L67: 681.02468 | M67: 6810.2468 | T67: 5 | W67: 5 | AD67: 2821.6183 | AE67: 3964.2005 | AF67: 19.734963 | AG67: 0 | AH67: 4.6930704 | AI67: 1.8189894e-12
A68: IDENTIFICAÇÃO DA OBRA | D68: 01.01.04 | G68: IDENTIFICAÇÃO DA OBRA | M68: 20855.79 | AI68: =IF(SUM(AD68:AH68)=0,"",M68 - SUM(AD68:AH68))
A69: Placa de identificação da obra | B69: m² | D69: 01.01.04.01 | E69: PROJETO | F69: CP9231 | G69: PLACA DE OBRA EM CHAPA DE ACO GALVANIZADO | H69: M2 | I69: 45 | J69: 385.1427 | K69: 0.20335138 | L69: 463.462 | M69: 20855.79 | T69: 22.5 | W69: 22.5 | AD69: 2234.9015 | AE69: 13557.035 | AF69: 5063.2526 | AG69: 0 | AH69: 0.60107402 | AI69: -3.6379788e-12
A70: IMPLANTAÇÃO DO CANTEIRO DE APOIO DO TRECHO 1 (OAE) | D70: 01.02 | G70: IMPLANTAÇÃO DO CANTEIRO DE APOIO DO TRECHO 1 (OAE) | M70: 78053.511
A71: PÁTIOS E ACESSOS | D71: 01.02.01 | G71: PÁTIOS E ACESSOS | M71: 23567.215
A72: PREPARO E LIMPEZA DA ÁREA DO CANTEIRO | D72: 01.02.01.01 | G72: PREPARO E LIMPEZA DA ÁREA DO CANTEIRO | I72: =IF($F72="","",IF('TRECHO(S) A IMPRIMIR'!$B$1= 1, SUM(Q72, T72, W72, Z72), IF('TRECHO(S) A IMPRIMIR'!$B$1= 2, T72, IF('TRECHO(S) A IMPRIMIR'!$B$1= 3, W72, 0)))) | K72: =IF(AND(F72<>"",J72<>""), IF(OR(F72= "CP9001", F72= "CP9091", F72= "CP9092"), 0, IF($M$1 = "ENCARGOS SOCIAIS SEM DESONERAÇÃO",'BDI obras SD'!$H$23,'BDI obras CD'!$H$23)), "") | L72: =IF(J72="","", IF(AND(J72<>"",K72=""),J72,J72 * (1 + K72))) | M72: =IF(F72="", "", IF(AND(F72<> "", OR(I72= "", J72= "")), 0, I72*L72))
A73: Raspagem de camada vegetal na área do canteiro com offset de 1,0 m além dos limites. | B73: m² | D73: 01.02.01.01.01 | E73: SINAPI | F73: 98525 | G73: LIMPEZA MECANIZADA DE CAMADA VEGETAL, VEGETAÇÃO E PEQUENAS ÁRVORES (DIÂMETRO DE TRONCO MENOR QUE 0,20 M), COM TRATOR DE ESTEIRAS.AF_05/2018 | H73: M2 | I73: 100 | J73: 0.3 | K73: 0.20335138 | L73: 0.36100542 | M73: 36.100542 | O73: 0.1 | T73: 100 | AD73: 19.253622 | AE73: 2.4067028 | AF73: 14.440217 | AG73: 0 | AH73: 0 | AI73: -7.1054274e-15
A74: Carga de material para bota-fora | B74: t | D74: 01.02.01.01.02 | E74: SINAPI | F74: 100999 | G74: CARGA, MANOBRA E DESCARGA DE ENTULHO EM CAMINHÃO BASCULANTE 14 M³ - CARGA COM ESCAVADEIRA HIDRÁULICA (CAÇAMBA DE 0,80 M³ / 111 HP) E DESCARGA LIVRE (UNIDADE: T). AF_07/2020 | H74: T | I74: 15 | J74: 4.24 | K74: 0.20335138 | L74: 5.1022099 | M74: 76.533148 | T74: 15 | U74: 1.5 | AD74: 8.1226218 | AE74: 35.017525 | AF74: 33.393001 | AG74: 0 | AH74: 0 | AI74: 1.4210855e-14
A75: Transporte para bota-fora | B75: txkm | D75: 01.02.01.01.03 | E75: SINAPI | F75: 95879 | G75: TRANSPORTE COM CAMINHÃO BASCULANTE DE 14 M³, EM VIA URBANA PAVIMENTADA, DMT ATÉ 30 KM (UNIDADE: TXKM). AF_07/2020 | H75: TXKM | I75: 330 | J75: 1.04 | K75: 0.20335138 | L75: 1.2514854 | M75: 412.9902 | T75: 330 | V75: 22 | AD75: 27.797417 | AE75: 238.26357 | AF75: 146.9292 | AG75: 0 | AH75: 0 | AI75: 0
D76: 01.02.01.01.04 | E76: SINAPI | F76: 93599 | G76: TRANSPORTE COM CAMINHÃO BASCULANTE DE 14 M³, EM VIA URBANA PAVIMENTADA, ADICIONAL PARA DMT EXCEDENTE A 30 KM (UNIDADE: TXKM). AF_07/2020 | H76: TXKM | I76: =IF($F76="","",IF('TRECHO(S) A IMPRIMIR'!$B$1= 1, SUM(Q76, T76, W76, Z76), IF('TRECHO(S) A IMPRIMIR'!$B$1= 2, T76, IF('TRECHO(S) A IMPRIMIR'!$B$1= 3, W76, 0)))) -> 0 | J76: 0.41 | K76: =IF(AND(F76<>"",J76<>""), IF(OR(F76= "CP9001", F76= "CP9091", F76= "CP9092"), 0, IF($M$1 = "ENCARGOS SOCIAIS SEM DESONERAÇÃO",'BDI obras SD'!$H$23,'BDI obras CD'!$H$23)), "") -> 0.20335138 | L76: =IF(J76="","", IF(AND(J76<>"",K76=""),J76,J76 * (1 + K76))) -> 0.49337407 | M76: =IF(F76="", "", IF(AND(F76<> "", OR(I76= "", J76= "")), 0, I76*L76)) -> 0 | T76: =T74 * V76 -> 0 | V76: =IF('MLQ-DMT-TR1'!$E$7 > 30, 'MLQ-DMT-TR1'!$E$7 - 30, 0) -> 0 | AI76: =IF(SUM(AD76:AH76)=0,"",M76 - SUM(AD76:AH76))
A77: Taxa de descarte de resíduo de construção civil no Aterro Sanitário | B77: t | D77: 01.02.01.01.05 | E77: PROJETO | F77: CP9001 | G77: TAXA DE DESCARTE DE RESÍDUOS DA CONSTRUÇÃO CIVIL SEGREGADOS - RCCS | H77: T | I77: 15 | J77: 12.23 | K77: 0 | L77: 12.23 | M77: 183.45 | T77: 15 | AD77: 0 | AE77: 0 | AF77: 0 | AG77: 183.45 | AH77: 0 | AI77: 0
A78: ÁREAS DE CIRCULAÇÃO | D78: 01.02.01.02 | G78: ÁREAS DE CIRCULAÇÃO
A79: Compactação de solo para passagem de veículos | B79: m² | D79: 01.02.01.02.01 | E79: SINAPI | F79: 100577 | G79: REGULARIZAÇÃO E COMPACTAÇÃO DE SUBLEITO DE SOLO PREDOMINANTEMENTE ARENOSO. AF_11/2019 | H79: M2 | I79: 50 | J79: 0.77 | K79: 0.20335138 | L79: 0.92658057 | M79: 46.329028 | T79: 50 | AD79: 10.830162 | AE79: 13.838541 | AF79: 21.660325 | AG79: 0 | AH79: 0 | AI79: 0
A80: Carga de brita na jazida | B80: t | D80: 01.02.01.02.02 | E80: SINAPI | F80: 100991 | G80: CARGA, MANOBRA E DESCARGA DE SOLOS E MATERIAIS GRANULARES EM CAMINHÃO BASCULANTE 14 M³ - CARGA COM PÁ CARREGADEIRA (CAÇAMBA DE 1,7 A 2,8 M³ / 128 HP) E DESCARGA LIVRE (UNIDADE: T). AF_07/2020 | H80: T | I80: =IF($F80="","",IF('TRECHO(S) A IMPRIMIR'!$B$1= 1, SUM(Q80, T80, W80, Z80), IF('TRECHO(S) A IMPRIMIR'!$B$1= 2, T80, IF('TRECHO(S) A IMPRIMIR'!$B$1= 3, W80, 0)))) -> 0 | J80: 4.15 | K80: =IF(AND(F80<>"",J80<>""), IF(OR(F80= "CP9001", F80= "CP9091", F80= "CP9092"), 0, IF($M$1 = "ENCARGOS SOCIAIS SEM DESONERAÇÃO",'BDI obras SD'!$H$23,'BDI obras CD'!$H$23)), "") -> 0.20335138 | L80: =IF(J80="","", IF(AND(J80<>"",K80=""),J80,J80 * (1 + K80))) -> 4.9939082 | M80: =IF(F80="", "", IF(AND(F80<> "", OR(I80= "", J80= "")), 0, I80*L80)) -> 0 | T80: =T84 * U84 -> 0 | AI80: =IF(SUM(AD80:AH80)=0,"",M80 - SUM(AD80:AH80))
A81: Transporte de fornecimento de brita em leito natural | B81: t.km | D81: 01.02.01.02.03 | E81: SINAPI | F81: 93597 | G81: TRANSPORTE COM CAMINHÃO BASCULANTE DE 14 M³, EM VIA URBANA EM LEITO NATURAL (UNIDADE: TXKM). AF_07/2020 | H81: TXKM | I81: =IF($F81="","",IF('TRECHO(S) A IMPRIMIR'!$B$1= 1, SUM(Q81, T81, W81, Z81), IF('TRECHO(S) A IMPRIMIR'!$B$1= 2, T81, IF('TRECHO(S) A IMPRIMIR'!$B$1= 3, W81, 0)))) -> 0 | J81: 1.3 | K81: =IF(AND(F81<>"",J81<>""), IF(OR(F81= "CP9001", F81= "CP9091", F81= "CP9092"), 0, IF($M$1 = "ENCARGOS SOCIAIS SEM DESONERAÇÃO",'BDI obras SD'!$H$23,'BDI obras CD'!$H$23)), "") -> 0.20335138 | L81: =IF(J81="","", IF(AND(J81<>"",K81=""),J81,J81 * (1 + K81))) -> 1.5643568 | M81: =IF(F81="", "", IF(AND(F81<> "", OR(I81= "", J81= "")), 0, I81*L81)) -> 0 | T81: =T80 * V81 -> 0 | V81: ='MLQ-DMT-TR1'!$N$9 -> 0 | AI81: =IF(SUM(AD81:AH81)=0,"",M81 - SUM(AD81:AH81))
A82: Transporte de fornecimento de brita até 30 km | B82: t.km | D82: 01.02.01.02.04 | E82: SINAPI | F82: 95879 | G82: TRANSPORTE COM CAMINHÃO BASCULANTE DE 14 M³, EM VIA URBANA PAVIMENTADA, DMT ATÉ 30 KM (UNIDADE: TXKM). AF_07/2020 | H82: TXKM | I82: =IF($F82="","",IF('TRECHO(S) A IMPRIMIR'!$B$1= 1, SUM(Q82, T82, W82, Z82), IF('TRECHO(S) A IMPRIMIR'!$B$1= 2, T82, IF('TRECHO(S) A IMPRIMIR'!$B$1= 3, W82, 0)))) -> 0 | J82: 1.04 | K82: =IF(AND(F82<>"",J82<>""), IF(OR(F82= "CP9001", F82= "CP9091", F82= "CP9092"), 0, IF($M$1 = "ENCARGOS SOCIAIS SEM DESONERAÇÃO",'BDI obras SD'!$H$23,'BDI obras CD'!$H$23)), "") -> 0.20335138 | L82: =IF(J82="","", IF(AND(J82<>"",K82=""),J82,J82 * (1 + K82))) -> 1.2514854 | M82: =IF(F82="", "", IF(AND(F82<> "", OR(I82= "", J82= "")), 0, I82*L82)) -> 0 | T82: =T80 * V82 -> 0 | V82: =IF('MLQ-DMT-TR1'!$O$9 <= 30, 'MLQ-DMT-TR1'!$O$9, 30) -> 30 | AI82: =IF(SUM(AD82:AH82)=0,"",M82 - SUM(AD82:AH82))
A83: DMT excedente acima de 30 km para fornecimento de brita | B83: t.km | D83: 01.02.01.02.05 | E83: SINAPI | F83: 93599 | G83: TRANSPORTE COM CAMINHÃO BASCULANTE DE 14 M³, EM VIA URBANA PAVIMENTADA, ADICIONAL PARA DMT EXCEDENTE A 30 KM (UNIDADE: TXKM). AF_07/2020 | H83: TXKM | I83: =IF($F83="","",IF('TRECHO(S) A IMPRIMIR'!$B$1= 1, SUM(Q83, T83, W83, Z83), IF('TRECHO(S) A IMPRIMIR'!$B$1= 2, T83, IF('TRECHO(S) A IMPRIMIR'!$B$1= 3, W83, 0)))) -> 0 | J83: 0.41 | K83: =IF(AND(F83<>"",J83<>""), IF(OR(F83= "CP9001", F83= "CP9091", F83= "CP9092"), 0, IF($M$1 = "ENCARGOS SOCIAIS SEM DESONERAÇÃO",'BDI obras SD'!$H$23,'BDI obras CD'!$H$23)), "") -> 0.20335138 | L83: =IF(J83="","", IF(AND(J83<>"",K83=""),J83,J83 * (1 + K83))) -> 0.49337407 | M83: =IF(F83="", "", IF(AND(F83<> "", OR(I83= "", J83= "")), 0, I83*L83)) -> 0 | T83: =T80 * V83 -> 0 | V83: =IF('MLQ-DMT-TR1'!$O$9 > 30, 'MLQ-DMT-TR1'!$O$9 - 30, 0) -> 27 | AI83: =IF(SUM(AD83:AH83)=0,"",M83 - SUM(AD83:AH83))
A84: Lastro de brita com preparo de fundo | B84: m³ | D84: 01.02.01.02.06 | E84: SINAPI | F84: 100324 | G84: LASTRO COM MATERIAL GRANULAR (PEDRA BRITADA N.1 E PEDRA BRITADA N.2), APLICADO EM PISOS OU LAJES SOBRE SOLO, ESPESSURA DE *10 CM*. AF_07/2019 | H84: M3 | I84: =IF($F84="","",IF('TRECHO(S) A IMPRIMIR'!$B$1= 1, SUM(Q84, T84, W84, Z84), IF('TRECHO(S) A IMPRIMIR'!$B$1= 2, T84, IF('TRECHO(S) A IMPRIMIR'!$B$1= 3, W84, 0)))) -> 0 | J84: 175.61 | K84: =IF(AND(F84<>"",J84<>""), IF(OR(F84= "CP9001", F84= "CP9091", F84= "CP9092"), 0, IF($M$1 = "ENCARGOS SOCIAIS SEM DESONERAÇÃO",'BDI obras SD'!$H$23,'BDI obras CD'!$H$23)), "") -> 0.20335138 | L84: =IF(J84="","", IF(AND(J84<>"",K84=""),J84,J84 * (1 + K84))) -> 211.32054 | M84: =IF(F84="", "", IF(AND(F84<> "", OR(I84= "", J84= "")), 0, I84*L84)) -> 0 | T84: =(T79 - (COUNTA(T90:T96,T102:T104) * 2.3 * 6) - SUM(T98:T101)) * ($O84/100) -> 0 | U84: ='MLQ-PESP'!$C$23 -> 1.8645 | AI84: =IF(SUM(AD84:AH84)=0,"",M84 - SUM(AD84:AH84))
A85: PROTEÇÕES DO CANTEIRO | D85: 01.02.01.03 | G85: PROTEÇÕES DO CANTEIRO
A86: Fechamento do perímetro com tapume. | B86: m² | D86: 01.02.01.03.01 | E86: SINAPI | F86: 98458 | G86: TAPUME COM COMPENSADO DE MADEIRA. AF_05/2018 | H86: M2 | I86: 101.2 | J86: 123.34 | K86: 0.20335138 | L86: 148.42136 | M86: 15020.242 | T86: 101.2 | AD86: 1710.9972 | AE86: 13309.244 | AF86: 0 | AG86: 0 | AH86: 0 | AI86: -1.8189894e-12
A87: Portões para acesso a canteiro de obras | B87: m² | D87: 01.02.01.03.02 | E87: PROJETO | F87: CP9021 | G87: PORTOES EM COMPENSADO (3,00x2,50m) PARA TAPUME CANTEIRO OBRAS | H87: M2 | I87: 8.8 | J87: 735.78321 | K87: 0.20335138 | L87: 885.40574 | M87: 7791.5706 | T87: 8.8 | AD87: 5791.283 | AE87: 1226.9237 | AF87: 773.36385 | AG87: 0 | AH87: 0 | AI87: -9.094947e-13
A88: CONSTRUÇÕES PROVISÓRIAS | D88: 01.02.02 | G88: CONSTRUÇÕES PROVISÓRIAS | M88: 44058.401
A89: ESCRITÓRIO (1 UN) | D89: 01.02.02.01 | G89: ESCRITÓRIO (1 UN) | I89: =IF($F89="","",IF('TRECHO(S) A IMPRIMIR'!$B$1= 1, SUM(Q89, T89, W89, Z89), IF('TRECHO(S) A IMPRIMIR'!$B$1= 2, T89, IF('TRECHO(S) A IMPRIMIR'!$B$1= 3, W89, 0)))) | K89: =IF(AND(F89<>"",J89<>""), IF(OR(F89= "CP9001", F89= "CP9091", F89= "CP9092"), 0, IF($M$1 = "ENCARGOS SOCIAIS SEM DESONERAÇÃO",'BDI obras SD'!$H$23,'BDI obras CD'!$H$23)), "") | L89: =IF(J89="","", IF(AND(J89<>"",K89=""),J89,J89 * (1 + K89))) | M89: =IF(F89="", "", IF(AND(F89<> "", OR(I89= "", J89= "")), 0, I89*L89))
A90: Locação de contêiner completo para escritório, sem banheiro | B90: mês | D90: 01.02.02.01.01 | E90: PROJETO | F90: CP9013 | G90: LOCACAO DE CONTAINER 2,30 X 6,00 M, ALT. 2,50 M, PARA ESCRITORIO, SEM DIVISORIAS INTERNAS E SEM SANITARIO | H90: MÊS | I90: 18 | J90: 457.03 | K90: 0.20335138 | L90: 549.96768 | M90: 9899.4183 | T90: 18 | AD90: 0 | AE90: 9899.4183 | AF90: 0 | AG90: 0 | AH90: 0 | AI90: 1.8189894e-12
A91: DEPÓSITO / ALMOXARIFADO (2 UN) | D91: 01.02.02.02 | G91: DEPÓSITO / ALMOXARIFADO (2 UN)
A92: Locação de contêiner simples para depósito / almoxarifado, sem banheiro | B92: mês | D92: 01.02.02.02.01 | E92: PROJETO | F92: CP9014 | G92: LOCACAO DE CONTAINER 2,30 X 6,00 M, ALT. 2,50 M, PARA DEPÓSITO/ALMOXARIFADO, SEM DIVISORIAS INTERNAS E SEM SANITARIO | H92: MÊS | I92: 18 | J92: 457.03 | K92: 0.20335138 | L92: 549.96768 | M92: 9899.4183 | T92: 18 | AD92: 0 | AE92: 9899.4183 | AF92: 0 | AG92: 0 | AH92: 0 | AI92: 1.8189894e-12
A93: BANHEIRO QUÍMICO | D93: 01.02.02.03 | G93: BANHEIRO QUÍMICO
A94: Locação de banheiro químico para canteiro de apoio | B94: un.mês | D94: 01.02.02.03.01 | E94: PROJETO | F94: CP9071 | G94: ALUGUEL MENSAL DE BANHEIRO QUIMICO PADRAO STANDARD COM 3 LIMPEZAS SEMANAIS | H94: UN.MÊS | I94: 36 | J94: 560 | K94: 0.20335138 | L94: 673.87678 | M94: 24259.564 | T94: 36 | AD94: 0 | AE94: 0 | AF94: 0 | AG94: 24259.564 | AH94: 0 | AI94: 0
A95: IDENTIFICAÇÃO DA OBRA | D95: 01.01.03 | G95: IDENTIFICAÇÃO DA OBRA | M95: 10427.895
A96: Placa de identificação da obra | B96: m² | D96: 01.01.03.01 | E96: PROJETO | F96: CP9231 | G96: PLACA DE OBRA EM CHAPA DE ACO GALVANIZADO | H96: M2 | I96: 22.5 | J96: 385.1427 | K96: 0.20335138 | L96: 463.462 | M96: 10427.895 | T96: 22.5 | AD96: 1117.4507 | AE96: 6778.5175 | AF96: 2531.6263 | AG96: 0 | AH96: 0.30053701 | AI96: -1.8189894e-12
A97: SERVIÇOS GERAIS DE CANTEIRO | D97: 01.03 | G97: SERVIÇOS GERAIS DE CANTEIRO | I97: =IF($F97="","",IF('TRECHO(S) A IMPRIMIR'!$B$1= 1, SUM(Q97, T97, W97, Z97), IF('TRECHO(S) A IMPRIMIR'!$B$1= 2, T97, IF('TRECHO(S) A IMPRIMIR'!$B$1= 3, W97, 0)))) | K97: =IF(AND(F97<>"",J97<>""), IF(OR(F97= "CP9001", F97= "CP9091", F97= "CP9092"), 0, IF($M$1 = "ENCARGOS SOCIAIS SEM DESONERAÇÃO",'BDI obras SD'!$H$23,'BDI obras CD'!$H$23)), "") | L97: =IF(J97="","", IF(AND(J97<>"",K97=""),J97,J97 * (1 + K97))) | M97: 86927.216
A98: Mobilização e desmobilização de equipamentos para e do o canteiro, considerando-se carreta, motorista e 2 serventes disponíveis. | B98: h | D98: 01.03.01 | E98: PROJETO | F98: CP9002 | G98: MOBILIZAÇÃO E DESMOBILIZAÇÃO DE EQUIPAMENTOS PARA E DO CANTEIRO, CONSIDERANDO-SE CARRETA, MOTORISTA E 2 SERVENTES DISPONÍVEIS. | H98: H | I98: 88 | J98: 290.7 | K98: 0.20335138 | L98: 349.81425 | M98: 30783.654 | T98: 44 | W98: 44 | AD98: 2456.7622 | AE98: 1272.857 | AF98: 27054.035 | AG98: 0 | AH98: 0 | AI98: 3.6379788e-12
A99: Mobilização e desmobilização de utensílios para e do canteiro, considerando-se caminhão com carroceria de madeira, motorista e 4 serventes disponíveis. | B99: h | D99: 01.03.02 | E99: PROJETO | F99: CP9003 | G99: MOBILIZAÇÃO E DESMOBILIZAÇÃO DE UTENSÍLIOS PARA E DO CANTEIRO, CONSIDERANDO-SE CAMINHÃO COM CARROCERIA DE MADEIRA, MOTORISTA E 4 SERVENTES DISPONÍVEIS. | H99: H | I99: 88 | J99: 427.68 | K99: 0.20335138 | L99: 514.64932 | M99: 45289.14 | T99: 44 | W99: 44 | AD99: 4913.5244 | AE99: 2545.7139 | AF99: 37829.902 | AG99: 0 | AH99: 0 | AI99: 0
A100: Horas in itinere - Trecho 1 | B100: h | D100: 01.03.03 | E100: PROJETO | F100: CP9004 | G100: HORAS IN ITINERE (DESLOCAMENTO DO CANTEIRO ATÉ À OBRA) - TRECHO 1 | H100: H | I100: =IF($F100="","",IF('TRECHO(S) A IMPRIMIR'!$B$1= 1, SUM(Q100, T100, W100, Z100), IF('TRECHO(S) A IMPRIMIR'!$B$1= 2, T100, IF('TRECHO(S) A IMPRIMIR'!$B$1= 3, W100, 0)))) -> 0 | J100: 0 | K100: =IF(AND(F100<>"",J100<>""), IF(OR(F100= "CP9001", F100= "CP9091", F100= "CP9092"), 0, IF($M$1 = "ENCARGOS SOCIAIS SEM DESONERAÇÃO",'BDI obras SD'!$H$23,'BDI obras CD'!$H$23)), "") -> 0.20335138 | L100: =IF(J100="","", IF(AND(J100<>"",K100=""),J100,J100 * (1 + K100))) -> 0 | M100: =IF(F100="", "", IF(AND(F100<> "", OR(I100= "", J100= "")), 0, I100*L100)) -> 0 | T100: 0 | AI100: =IF(SUM(AD100:AH100)=0,"",M100 - SUM(AD100:AH100))
...

Sheet 02-AL
D1: PLANILHA DE SERVIÇOS, QUANTIDADES, CUSTOS E PREÇOS | M1: ='PSP-RESUMO'!$C$3 -> ENCARGOS SOCIAIS SEM DESONERAÇÃO
D2: OBRA: | E2: =IF('TRECHO(S) A IMPRIMIR'!$B$1= 1, 'PSP-RESUMO'!$B$2, IF('TRECHO(S) A IMPRIMIR'!$B$1= 2,#REF!,#REF!)) -> URBANIZAÇÃO DO SETOR SOL NASCENTE - TRECHOS 1 e 3 | L2: Data do orçamento: | M2: ='PSP-RESUMO'!$D$4 -> 28/JAN/2022
D3: ENDEREÇO: | E3: ='PSP-RESUMO'!B3 -> SETOR SOL NASCENTE, CEILÂNDIA/DF | L3: Data base dos preços: | M3: ='PSP-RESUMO'!$D$18 -> JUNHO/2021
D4: CLIENTE: | E4: ='PSP-RESUMO'!B4 -> ARIA | L4: B.D.I. para Serviços: | M4: =IF('PSP-RESUMO'!$C$3 = "ENCARGOS SOCIAIS SEM DESONERAÇÃO", 'BDI obras SD'!$H$23, 'BDI obras CD'!$H$23) -> 0.20335138
D5: TRECHO: | E5: =$G$9 -> ADMINISTRAÇÃO LOCAL - TRECHOS 1 e 3 | L5: B.D.I. para Simples Fornecimento: | M5: =IF('PSP-RESUMO'!$C$3 = "ENCARGOS SOCIAIS SEM DESONERAÇÃO", 'BDI-Difer SD'!$H$23, 'BDI-Difer CD'!$H$23) -> 0.11096636
L6: DURAÇÃO DA OBRA: | M6: ='01-CO'!M6 -> 18 | U6: DURAÇÃO DA OBRA: | V6: ='01-CO'!V6 -> 18 | X6: DURAÇÃO DA OBRA: | Y6: ='01-CO'!Y6 -> 18
A7: DESCRIÇÃO DO SERVIÇO NO PROJETO | B7: UNID PROJ | D7: ITEM | E7: FONTE | F7: CPU CÓDIGO | G7: DESCRIÇÃO NA FONTE | H7: UNID | I7: QTDE | J7: CUSTO UNITÁRIO (R$) | K7: B.D.I | L7: PREÇO UNITÁRIO C/B.D.I. (R$) | M7: PREÇO TOTAL C/B.D.I. (R$) | O7: OBSERVAÇÕES | Q7: GERAIS | T7: TRECHO 1 | W7: TRECHO 3
I8: SERVIÇO | Q8: QTD | R8: DENSID | S8: DMT | T8: QTD | U8: DENSID | V8: DMT | W8: QTD | X8: DENSID | Y8: DMT | Z8: QTD | AA8: DENSID | AB8: DMT | AD8: M.O. | AE8: MAT. | AF8: EQUIP | AG8: SERV TERC | AH8: OUTROS | AI8: CONFER
A9: =IF('TRECHO(S) A IMPRIMIR'!$B$1= 1, "ADMINISTRAÇÃO LOCAL - TRECHOS 1 e 3", IF('TRECHO(S) A IMPRIMIR'!$B$1= 2, "ADMINISTRAÇÃO LOCAL - TRECHO 1", "ADMINISTRAÇÃO LOCAL - TRECHO 3")) -> ADMINISTRAÇÃO LOCAL - TRECHOS 1 e 3 | D9: 02. | G9: ADMINISTRAÇÃO LOCAL - TRECHOS 1 e 3 | M9: 3571835.8 | AI9: =IF(SUM(AD9:AH9)=0,"",M9 - SUM(AD9:AH9))
A10: SERVIÇOS TÉCNICOS PROFISSIONAIS | D10: 02.01 | G10: SERVIÇOS TÉCNICOS PROFISSIONAIS | M10: 62630.108 | AI10: =IF(SUM(AD10:AH10)=0,"",M10 - SUM(AD10:AH10))
A11: ESTUDOS E PROJETO | D11: 02.01.01 | G11: ESTUDOS E PROJETO | M11: 62630.108 | AI11: =IF(SUM(AD11:AH11)=0,"",M11 - SUM(AD11:AH11))
A12: Estudo de capacidade de suporte de solo - Trecho 1 | B12: un | D12: 02.01.01.01 | E12: PROJETO | F12: CP9101 | G12: ESTUDO DE CAPACIDADE DE SUPORTE DE SOLO - TRECHO 1 | H12: UN | I12: 1 | J12: 34649.93 | K12: 0.20335138 | L12: 41696.041 | M12: 41696.041 | T12: 1 | AD12: 40867.149 | AE12: 828.8925 | AF12: 0 | AG12: 0 | AH12: 6.5666503e-12 | AI12: 0
A13: Estudo de capacidade de suporte de solo - Trecho 3 | B13: un | D13: 02.01.01.02 | E13: PROJETO | F13: CP9102 | G13: ESTUDO DE CAPACIDADE DE SUPORTE DE SOLO - TRECHO 3 | H13: UN | I13: 1 | J13: 17396.47 | K13: 0.20335138 | L13: 20934.066 | M13: 20934.066 | W13: 1 | AD13: 20518.212 | AE13: 415.85417 | AF13: 0 | AG13: 0 | AH13: -1.6416626e-12 | AI13: 3.6379788e-12
A14: DESPESAS LEGAIS | D14: 02.02 | G14: DESPESAS LEGAIS | M14: 0 | AI14: =IF(SUM(AD14:AH14)=0,"",M14 - SUM(AD14:AH14))
D15: 02.02.01 | I15: =IF($F15="","",IF('TRECHO(S) A IMPRIMIR'!$B$1= 1, SUM(Q15, T15, W15, Z15), IF('TRECHO(S) A IMPRIMIR'!$B$1= 2, T15, IF('TRECHO(S) A IMPRIMIR'!$B$1= 3, W15, 0)))) -> 0 | K15: =IF(AND(F15<>"",J15<>""), IF(OR(F15= "CP9001", F15= "CP9091", F15= "CP9092"), 0, IF($M$1 = "ENCARGOS SOCIAIS SEM DESONERAÇÃO",'BDI obras SD'!$H$23,'BDI obras CD'!$H$23)),"") | L15: =IF(J15="","", IF(AND(J15<>"",K15=""),J15,J15 * (1 + K15))) | M15: =IF(F15="", "", IF(AND(F15<> "", OR(I15= "", J15= "")), 0, I15*L15)) -> 0 | AI15: =IF(SUM(AD15:AH15)=0,"",M15 - SUM(AD15:AH15))
A16: SERVIÇOS COMPLEMENTARES | D16: 02.03 | G16: SERVIÇOS COMPLEMENTARES | I16: =IF($F16="","",IF('TRECHO(S) A IMPRIMIR'!$B$1= 1, SUM(Q16, T16, W16, Z16), IF('TRECHO(S) A IMPRIMIR'!$B$1= 2, T16, IF('TRECHO(S) A IMPRIMIR'!$B$1= 3, W16, 0)))) | K16: =IF(AND(F16<>"",J16<>""), IF(OR(F16= "CP9001", F16= "CP9091", F16= "CP9092"), 0, IF($M$1 = "ENCARGOS SOCIAIS SEM DESONERAÇÃO",'BDI obras SD'!$H$23,'BDI obras CD'!$H$23)),"") | L16: =IF(J16="","", IF(AND(J16<>"",K16=""),J16,J16 * (1 + K16))) | M16: 0 | AI16: =IF(SUM(AD16:AH16)=0,"",M16 - SUM(AD16:AH16))
A17: ENSAIOS E TESTES | D17: 02.03.01 | G17: ENSAIOS E TESTES | I17: =IF($F17="","",IF('TRECHO(S) A IMPRIMIR'!$B$1= 1, SUM(Q17, T17, W17, Z17), IF('TRECHO(S) A IMPRIMIR'!$B$1= 2, T17, IF('TRECHO(S) A IMPRIMIR'!$B$1= 3, W17, 0)))) | K17: =IF(AND(F17<>"",J17<>""), IF(OR(F17= "CP9001", F17= "CP9091", F17= "CP9092"), 0, IF($M$1 = "ENCARGOS SOCIAIS SEM DESONERAÇÃO",'BDI obras SD'!$H$23,'BDI obras CD'!$H$23)),"") | L17: =IF(J17="","", IF(AND(J17<>"",K17=""),J17,J17 * (1 + K17))) | M17: 0 | AI17: =IF(SUM(AD17:AH17)=0,"",M17 - SUM(AD17:AH17))
I18: =IF($F18="","",IF('TRECHO(S) A IMPRIMIR'!$B$1= 1, SUM(Q18, T18, W18, Z18), IF('TRECHO(S) A IMPRIMIR'!$B$1= 2, T18, IF('TRECHO(S) A IMPRIMIR'!$B$1= 3, W18, 0)))) -> 0 | K18: =IF(AND(F18<>"",J18<>""), IF(OR(F18= "CP9001", F18= "CP9091", F18= "CP9092"), 0, IF($M$1 = "ENCARGOS SOCIAIS SEM DESONERAÇÃO",'BDI obras SD'!$H$23,'BDI obras CD'!$H$23)),"") | L18: =IF(J18="","", IF(AND(J18<>"",K18=""),J18,J18 * (1 + K18))) | M18: =IF(F18="", "", IF(AND(F18<> "", OR(I18= "", J18= "")), 0, I18*L18)) -> 0 | AI18: =IF(SUM(AD18:AH18)=0,"",M18 - SUM(AD18:AH18))
A19: LIMPEZAS DE OBRAS | D19: 02.03.02 | G19: LIMPEZAS DE OBRAS | I19: =IF($F19="","",IF('TRECHO(S) A IMPRIMIR'!$B$1= 1, SUM(Q19, T19, W19, Z19), IF('TRECHO(S) A IMPRIMIR'!$B$1= 2, T19, IF('TRECHO(S) A IMPRIMIR'!$B$1= 3, W19, 0)))) | K19: =IF(AND(F19<>"",J19<>""), IF(OR(F19= "CP9001", F19= "CP9091", F19= "CP9092"), 0, IF($M$1 = "ENCARGOS SOCIAIS SEM DESONERAÇÃO",'BDI obras SD'!$H$23,'BDI obras CD'!$H$23)),"") | L19: =IF(J19="","", IF(AND(J19<>"",K19=""),J19,J19 * (1 + K19))) | M19: 0 | AI19: =IF(SUM(AD19:AH19)=0,"",M19 - SUM(AD19:AH19))
A20: LIMPEZA PERMANENTE | D20: 02.03.02.01 | G20: LIMPEZA PERMANENTE | I20: =IF($F20="","",IF('TRECHO(S) A IMPRIMIR'!$B$1= 1, SUM(Q20, T20, W20, Z20), IF('TRECHO(S) A IMPRIMIR'!$B$1= 2, T20, IF('TRECHO(S) A IMPRIMIR'!$B$1= 3, W20, 0)))) | K20: =IF(AND(F20<>"",J20<>""), IF(OR(F20= "CP9001", F20= "CP9091", F20= "CP9092"), 0, IF($M$1 = "ENCARGOS SOCIAIS SEM DESONERAÇÃO",'BDI obras SD'!$H$23,'BDI obras CD'!$H$23)),"") | L20: =IF(J20="","", IF(AND(J20<>"",K20=""),J20,J20 * (1 + K20))) | M20: 0 | AI20: =IF(SUM(AD20:AH20)=0,"",M20 - SUM(AD20:AH20))
I21: =IF($F21="","",IF('TRECHO(S) A IMPRIMIR'!$B$1= 1, SUM(Q21, T21, W21, Z21), IF('TRECHO(S) A IMPRIMIR'!$B$1= 2, T21, IF('TRECHO(S) A IMPRIMIR'!$B$1= 3, W21, 0)))) -> 0 | K21: =IF(AND(F21<>"",J21<>""), IF(OR(F21= "CP9001", F21= "CP9091", F21= "CP9092"), 0, IF($M$1 = "ENCARGOS SOCIAIS SEM DESONERAÇÃO",'BDI obras SD'!$H$23,'BDI obras CD'!$H$23)),"") | L21: =IF(J21="","", IF(AND(J21<>"",K21=""),J21,J21 * (1 + K21))) | M21: =IF(F21="", "", IF(AND(F21<> "", OR(I21= "", J21= "")), 0, I21*L21)) -> 0 | AI21: =IF(SUM(AD21:AH21)=0,"",M21 - SUM(AD21:AH21))
A22: LIMPEZA FINAL | D22: 02.03.02.02 | G22: LIMPEZA FINAL | I22: =IF($F22="","",IF('TRECHO(S) A IMPRIMIR'!$B$1= 1, SUM(Q22, T22, W22, Z22), IF('TRECHO(S) A IMPRIMIR'!$B$1= 2, T22, IF('TRECHO(S) A IMPRIMIR'!$B$1= 3, W22, 0)))) | K22: =IF(AND(F22<>"",J22<>""), IF(OR(F22= "CP9001", F22= "CP9091", F22= "CP9092"), 0, IF($M$1 = "ENCARGOS SOCIAIS SEM DESONERAÇÃO",'BDI obras SD'!$H$23,'BDI obras CD'!$H$23)),"") | L22: =IF(J22="","", IF(AND(J22<>"",K22=""),J22,J22 * (1 + K22))) | M22: 0 | AI22: =IF(SUM(AD22:AH22)=0,"",M22 - SUM(AD22:AH22))
I23: =IF($F23="","",IF('TRECHO(S) A IMPRIMIR'!$B$1= 1, SUM(Q23, T23, W23, Z23), IF('TRECHO(S) A IMPRIMIR'!$B$1= 2, T23, IF('TRECHO(S) A IMPRIMIR'!$B$1= 3, W23, 0)))) -> 0 | K23: =IF(AND(F23<>"",J23<>""), IF(OR(F23= "CP9001", F23= "CP9091", F23= "CP9092"), 0, IF($M$1 = "ENCARGOS SOCIAIS SEM DESONERAÇÃO",'BDI obras SD'!$H$23,'BDI obras CD'!$H$23)),"") | L23: =IF(J23="","", IF(AND(J23<>"",K23=""),J23,J23 * (1 + K23))) | M23: =IF(F23="", "", IF(AND(F23<> "", OR(I23= "", J23= "")), 0, I23*L23)) -> 0 | AI23: =IF(SUM(AD23:AH23)=0,"",M23 - SUM(AD23:AH23))
A24: PROJETOS "AS BUILT" (COMO CONSTRUÍDO) | D24: 02.04 | G24: PROJETOS "AS BUILT" (COMO CONSTRUÍDO) | I24: =IF($F24="","",IF('TRECHO(S) A IMPRIMIR'!$B$1= 1, SUM(Q24, T24, W24, Z24), IF('TRECHO(S) A IMPRIMIR'!$B$1= 2, T24, IF('TRECHO(S) A IMPRIMIR'!$B$1= 3, W24, 0)))) | K24: =IF(AND(F24<>"",J24<>""), IF(OR(F24= "CP9001", F24= "CP9091", F24= "CP9092"), 0, IF($M$1 = "ENCARGOS SOCIAIS SEM DESONERAÇÃO",'BDI obras SD'!$H$23,'BDI obras CD'!$H$23)),"") | L24: =IF(J24="","", IF(AND(J24<>"",K24=""),J24,J24 * (1 + K24))) | M24: 0 | AI24: =IF(SUM(AD24:AH24)=0,"",M24 - SUM(AD24:AH24))
I25: =IF($F25="","",IF('TRECHO(S) A IMPRIMIR'!$B$1= 1, SUM(Q25, T25, W25, Z25), IF('TRECHO(S) A IMPRIMIR'!$B$1= 2, T25, IF('TRECHO(S) A IMPRIMIR'!$B$1= 3, W25, 0)))) -> 0 | K25: =IF(AND(F25<>"",J25<>""), IF(OR(F25= "CP9001", F25= "CP9091", F25= "CP9092"), 0, IF($M$1 = "ENCARGOS SOCIAIS SEM DESONERAÇÃO",'BDI obras SD'!$H$23,'BDI obras CD'!$H$23)),"") | L25: =IF(J25="","", IF(AND(J25<>"",K25=""),J25,J25 * (1 + K25))) | M25: =IF(F25="", "", IF(AND(F25<> "", OR(I25= "", J25= "")), 0, I25*L25)) -> 0 | AI25: =IF(SUM(AD25:AH25)=0,"",M25 - SUM(AD25:AH25))
A26: REPROGRAFIA | D26: 02.05 | G26: REPROGRAFIA | I26: =IF($F26="","",IF('TRECHO(S) A IMPRIMIR'!$B$1= 1, SUM(Q26, T26, W26, Z26), IF('TRECHO(S) A IMPRIMIR'!$B$1= 2, T26, IF('TRECHO(S) A IMPRIMIR'!$B$1= 3, W26, 0)))) | K26: =IF(AND(F26<>"",J26<>""), IF(OR(F26= "CP9001", F26= "CP9091", F26= "CP9092"), 0, IF($M$1 = "ENCARGOS SOCIAIS SEM DESONERAÇÃO",'BDI obras SD'!$H$23,'BDI obras CD'!$H$23)),"") | L26: =IF(J26="","", IF(AND(J26<>"",K26=""),J26,J26 * (1 + K26))) | M26: 0 | AI26: =IF(SUM(AD26:AH26)=0,"",M26 - SUM(AD26:AH26))
I27: =IF($F27="","",IF('TRECHO(S) A IMPRIMIR'!$B$1= 1, SUM(Q27, T27, W27, Z27), IF('TRECHO(S) A IMPRIMIR'!$B$1= 2, T27, IF('TRECHO(S) A IMPRIMIR'!$B$1= 3, W27, 0)))) -> 0 | K27: =IF(AND(F27<>"",J27<>""), IF(OR(F27= "CP9001", F27= "CP9091", F27= "CP9092"), 0, IF($M$1 = "ENCARGOS SOCIAIS SEM DESONERAÇÃO",'BDI obras SD'!$H$23,'BDI obras CD'!$H$23)),"") | L27: =IF(J27="","", IF(AND(J27<>"",K27=""),J27,J27 * (1 + K27))) | M27: =IF(F27="", "", IF(AND(F27<> "", OR(I27= "", J27= "")), 0, I27*L27)) -> 0 | AI27: =IF(SUM(AD27:AH27)=0,"",M27 - SUM(AD27:AH27))
A28: SERVIÇOS AUXILIARES E ADMINISTRATIVOS | D28: 02.06 | G28: SERVIÇOS AUXILIARES E ADMINISTRATIVOS | I28: =IF($F28="","",IF('TRECHO(S) A IMPRIMIR'!$B$1= 1, SUM(Q28, T28, W28, Z28), IF('TRECHO(S) A IMPRIMIR'!$B$1= 2, T28, IF('TRECHO(S) A IMPRIMIR'!$B$1= 3, W28, 0)))) | K28: =IF(AND(F28<>"",J28<>""), IF(OR(F28= "CP9001", F28= "CP9091", F28= "CP9092"), 0, IF($M$1 = "ENCARGOS SOCIAIS SEM DESONERAÇÃO",'BDI obras SD'!$H$23,'BDI obras CD'!$H$23)),"") | L28: =IF(J28="","", IF(AND(J28<>"",K28=""),J28,J28 * (1 + K28))) | M28: 3509205.7 | AI28: =IF(SUM(AD28:AH28)=0,"",M28 - SUM(AD28:AH28))
A29: ADMINISTRAÇÃO LOCAL | D29: 02.06.01 | G29: ADMINISTRAÇÃO LOCAL | I29: =IF($F29="","",IF('TRECHO(S) A IMPRIMIR'!$B$1= 1, SUM(Q29, T29, W29, Z29), IF('TRECHO(S) A IMPRIMIR'!$B$1= 2, T29, IF('TRECHO(S) A IMPRIMIR'!$B$1= 3, W29, 0)))) | K29: =IF(AND(F29<>"",J29<>""), IF(OR(F29= "CP9001", F29= "CP9091", F29= "CP9092"), 0, IF($M$1 = "ENCARGOS SOCIAIS SEM DESONERAÇÃO",'BDI obras SD'!$H$23,'BDI obras CD'!$H$23)),"") | L29: =IF(J29="","", IF(AND(J29<>"",K29=""),J29,J29 * (1 + K29))) | M29: 3509205.7 | AI29: =IF(SUM(AD29:AH29)=0,"",M29 - SUM(AD29:AH29))
A30: Engenheiro Civil Sênior | B30: mês | D30: 02.06.01.01 | E30: PROJETO | F30: CP9028 | G30: ENGENHEIRO SÊNIOR | H30: MÊS | I30: 9 | J30: 25761.91 | K30: 0.20335138 | L30: 31000.63 | M30: 279005.67 | T30: 4.5 | W30: 4.5 | AD30: 276626.83 | AE30: 2378.8452 | AF30: 0 | AG30: 0 | AH30: 0 | AI30: 0
A31: Engenheiro Civil Pleno | B31: mês | D31: 02.06.01.02 | E31: PROJETO | F31: CP9029 | G31: ENGENHEIRO RESIDENTE | H31: MÊS | I31: 36 | J31: 18858.12 | K31: 0.20335138 | L31: 22692.945 | M31: 816946.01 | T31: 18 | W31: 18 | AD31: 807430.63 | AE31: 9515.3807 | AF31: 0 | AG31: 0 | AH31: -1.5759961e-10 | AI31: 1.1641532e-10
A32: Engenheiro de Projetos Pleno | B32: mês | D32: 02.06.01.03 | E32: PROJETO | F32: CP9030 | G32: ENGENHEIRO DE PROJETOS PLENO | H32: MÊS | I32: 36 | J32: 19331.11 | K32: 0.20335138 | L32: 23262.118 | M32: 837436.25 | T32: 18 | W32: 18 | AD32: 837436.25 | AE32: 0 | AF32: 0 | AG32: 0 | AH32: 0 | AI32: 0
A33: Encarregado Geral | B33: mês | D33: 02.06.01.04 | E33: PROJETO | F33: CP9034 | G33: ENCARREGADO GERAL | H33: MÊS | I33: 36 | J33: 3465.25 | K33: 0.20335138 | L33: 4169.9134 | M33: 150116.88 | T33: 18 | W33: 18 | AD33: 136815.71 | AE33: 13301.172 | AF33: 0 | AG33: 0 | AH33: 0 | AI33: 0
A34: Apontador | B34: mês | D34: 02.06.01.05 | E34: PROJETO | F34: CP9035 | G34: APONTADOR | H34: MÊS | I34: 36 | J34: 5886.22 | K34: 0.20335138 | L34: 7083.191 | M34: 254994.88 | T34: 18 | W34: 18 | AD34: 244964.85 | AE34: 10030.03 | AF34: 0 | AG34: 0 | AH34: 3.9399902e-11 | AI34: 0
A35: Técnico de Engenharia | B35: mês | D35: 02.06.01.06 | E35: PROJETO | F35: CP9025 | G35: AUXILIAR TÉCNICO DE ENGENHARIA | H35: MÊS | I35: 36 | J35: 3238.81 | K35: 0.20335138 | L35: 3897.4265 | M35: 140307.35 | T35: 18 | W35: 18 | AD35: 130277.32 | AE35: 10030.03 | AF35: 0 | AG35: 0 | AH35: -1.9699951e-11 | AI35: 2.910383e-11
A36: Vigia Noturno | B36: mês | D36: 02.06.01.07 | E36: PROJETO | F36: CP9026 | G36: VIGIA | H36: MÊS | I36: 108 | J36: 3264.4 | K36: 0.20335138 | L36: 3928.2203 | M36: 424247.79 | T36: 54 | W36: 54 | AD36: 276756.57 | AE36: 147491.22 | AF36: 0 | AG36: 0 | AH36: 0 | AI36: 0
A37: Auxiliar de Serviços Gerais | B37: mês | D37: 02.06.01.08 | E37: PROJETO | F37: CP9027 | G37: AUXILIAR DE SERVIÇOS GERAIS | H37: MÊS | I37: 36 | J37: 3195.41 | K37: 0.20335138 | L37: 3845.201 | M37: 138427.24 | T37: 18 | W37: 18 | AD37: 89263.499 | AE37: 49163.739 | AF37: 0 | AG37: 0 | AH37: -1.9699951e-11 | AI37: 2.910383e-11
A38: Técnico em Segurança do Trabalho | B38: mês | D38: 02.06.01.09 | E38: PROJETO | F38: CP9019 | G38: TÉCNICO EM SEGURANÇA DO TRABALHO | H38: MÊS | I38: 36 | J38: 7084.73 | K38: 0.20335138 | L38: 8525.4197 | M38: 306915.11 | T38: 36 | W38: 0 | AD38: 296885.08 | AE38: 10030.03 | AF38: 0 | AG38: 0 | AH38: 0 | AI38: 0
A39: Equipe para laboratório de solos para terraplenagem | B39: mês | D39: 02.06.01.10 | E39: PROJETO | F39: CP9036 | G39: EQUIPE PARA LABORATÓRIO DE SOLOS PARA TERRAPLENAGEM | H39: MÊS | I39: 3 | J39: 19090.55 | K39: 0.20335138 | L39: 22972.64 | M39: 68917.919 | T39: 2 | W39: 1 | AD39: 66410.412 | AE39: 2507.5075 | AF39: 0 | AG39: 0 | AH39: 0 | AI39: 0
A40: Equipe para laboratório de asfalto | B40: mês | D40: 02.06.01.11 | E40: PROJETO | F40: CP9037 | G40: EQUIPE PARA LABORATÓRIO DE ASFALTO | H40: MÊS | I40: 2 | J40: 19090.55 | K40: 0.20335138 | L40: 22972.64 | M40: 45945.28 | T40: 1 | W40: 1 | AD40: 44273.608 | AE40: 1671.6717 | AF40: 0 | AG40: 0 | AH40: 0 | AI40: -7.2759576e-12
A41: Equipe para laboratório de concretos | B41: mês | D41: 02.06.01.12 | E41: PROJETO | F41: CP9038 | G41: EQUIPE PARA LABORATÓRIO DE CONCRETOS | H41: MÊS | I41: 2 | J41: 19090.55 | K41: 0.20335138 | L41: 22972.64 | M41: 45945.28 | T41: 1 | W41: 1 | AD41: 44273.608 | AE41: 1671.6717 | AF41: 0 | AG41: 0 | AH41: 0 | AI41: -7.2759576e-12
I42: =IF($F42="","",IF('TRECHO(S) A IMPRIMIR'!$B$1= 1, SUM(Q42, T42, W42, Z42), IF('TRECHO(S) A IMPRIMIR'!$B$1= 2, T42, IF('TRECHO(S) A IMPRIMIR'!$B$1= 3, W42, 0)))) -> 0 | K42: =IF(AND(F42<>"",J42<>""), IF(OR(F42= "CP9001", F42= "CP9091", F42= "CP9092"), 0, IF($M$1 = "ENCARGOS SOCIAIS SEM DESONERAÇÃO",'BDI obras SD'!$H$23,'BDI obras CD'!$H$23)),"") | L42: =IF(J42="","", IF(AND(J42<>"",K42=""),J42,J42 * (1 + K42))) | M42: =IF(F42="", "", IF(AND(F42<> "", OR(I42= "", J42= "")), 0, I42*L42)) -> 0 | AI42: =IF(SUM(AD42:AH42)=0,"",M42 - SUM(AD42:AH42))
D43: Encargos Sociais | E43: Para elaboração deste orçamento, foram utilizados os encargos sociais do SINAPI para a Unidade da Federação indicada. | AD43: 3312799.7 | AE43: 259036.04 | AF43: 0 | AG43: 0 | AH43: -1.5267462e-10 | AI43: 1.6370905e-10
D44: Observações:
D45: 01- OS SERVIÇOS DE ADMINISTRAÇÃO LOCAL, INCLUSIVE VIGILÂNCIA, SERÃO REMUNERADOS DE ACORDO COM O AVANÇO FÍSICO DA OBRA
D46: 02- NÃO FOI CONSIDERADO ARREDONDAMENTO DAS CASAS DECIMAIS. OPERAÇÕES DE MULTIPLICAÇÃO COM PONTO FLUTUANTE.
D49: ='PSP-RESUMO'!$A$16 -> RRT DO ORÇAMENTO: 0
K51: ANDRÉ LUIZ ZANI
K52: Arquiteto & Urbanista - CAU A74536-7
J54: CUSTO TOTAL PARA CONFERÊNCIA | M54: 14287343
J55: TOTAL PARA CONFERÊNCIA: | M55: 3571835.8
J56: DIFERENÇA PARA PLANILHA: | M56: -10715507

Sheet 03-SP
D1: PLANILHA DE SERVIÇOS, QUANTIDADES, CUSTOS E PREÇOS | M1: ='PSP-RESUMO'!$C$3 -> ENCARGOS SOCIAIS SEM DESONERAÇÃO
D2: OBRA: | E2: =IF('TRECHO(S) A IMPRIMIR'!$B$1= 1, 'PSP-RESUMO'!$B$2, IF('TRECHO(S) A IMPRIMIR'!$B$1= 2,#REF!,#REF!)) -> URBANIZAÇÃO DO SETOR SOL NASCENTE - TRECHOS 1 e 3 | L2: Data do orçamento: | M2: ='PSP-RESUMO'!$D$4 -> 28/JAN/2022
D3: ENDEREÇO: | E3: ='PSP-RESUMO'!B3 -> SETOR SOL NASCENTE, CEILÂNDIA/DF | L3: Data base dos preços: | M3: ='PSP-RESUMO'!$D$18 -> JUNHO/2021
D4: CLIENTE: | E4: ='PSP-RESUMO'!B4 -> ARIA | L4: B.D.I. para Serviços: | M4: =IF('PSP-RESUMO'!$C$3 = "ENCARGOS SOCIAIS SEM DESONERAÇÃO", 'BDI obras SD'!$H$23, 'BDI obras CD'!$H$23) -> 0.20335138
D5: TRECHO: | E5: =$G$9 -> SERVIÇOS PRELIMINARES DE OBRAS - TRECHOS 1 e 3 | L5: B.D.I. para Simples Fornecimento: | M5: =IF('PSP-RESUMO'!$C$3 = "ENCARGOS SOCIAIS SEM DESONERAÇÃO", 'BDI-Difer SD'!$H$23, 'BDI-Difer CD'!$H$23) -> 0.11096636
L6: DURAÇÃO DA OBRA: | M6: ='01-CO'!M6 -> 18
A7: DESCRIÇÃO DO SERVIÇO NO PROJETO | B7: UNID PROJ | D7: ITEM | E7: FONTE | F7: CPU CÓDIGO | G7: DESCRIÇÃO NA FONTE | H7: UNID | I7: QTDE | J7: CUSTO UNITÁRIO (R$) | K7: B.D.I | L7: PREÇO UNITÁRIO C/B.D.I. (R$) | M7: PREÇO TOTAL C/B.D.I. (R$) | O7: OBSERVAÇÕES | Q7: GERAIS | T7: TRECHO 1 | W7: TRECHO 3
I8: SERVIÇO | Q8: QTD | R8: DENSID | S8: DMT | T8: QTD | U8: DENSID | V8: DMT | W8: QTD | X8: DENSID | Y8: DMT | Z8: QTD | AA8: DENSID | AB8: DMT | AD8: M.O. | AE8: MAT. | AF8: EQUIP | AG8: SERV TERC | AH8: OUTROS | AI8: CONFER
A9: =IF('TRECHO(S) A IMPRIMIR'!$B$1= 1, "SERVIÇOS PRELIMINARES DE OBRAS - TRECHOS 1 e 3", IF('TRECHO(S) A IMPRIMIR'!$B$1= 2, "SERVIÇOS PRELIMINARES DE OBRAS - TRECHO 1", "SERVIÇOS PRELIMINARES DE OBRAS - TRECHO 3")) -> SERVIÇOS PRELIMINARES DE OBRAS - TRECHOS 1 e 3 | D9: 03. | G9: SERVIÇOS PRELIMINARES DE OBRAS - TRECHOS 1 e 3 | M9: 703821.76 | AI9: =IF(SUM(AD9:AH9)=0,"",M9 - SUM(AD9:AH9))
A10: REMOÇÃO DE ENTULHO EM RUAS E COMPLEMENTAÇÃO COM RACHÃO (AGULHAMENTO) | D10: 03.01 | G10: REMOÇÃO DE ENTULHO EM RUAS E COMPLEMENTAÇÃO COM RACHÃO (AGULHAMENTO) | M10: 545698.35 | AI10: =IF(SUM(AD10:AH10)=0,"",M10 - SUM(AD10:AH10))
A11: Remoção de entulho | B11: m³ | D11: 03.01.01 | E11: SINAPI | F11: 102306 | G11: ESCAVAÇÃO MECANIZADA DE VALA COM PROF. ATÉ 1,5 M (MÉDIA ENTRE MONTANTE E JUSANTE/UMA COMPOSIÇÃO POR TRECHO), COM ESCAVADEIRA HIDRÁULICA (0,8 M3/111 HP),LARG. ATÉ 1,5 M, EM SOLO DE 2A CATEGORIA, EM LOCAIS COM ALTO NÍVEL DE INTERFERÊNCIA. AF_02/2021 | H11: M3 | I11: 3842.76 | J11: 11.32 | K11: 0.20335138 | L11: 13.621938 | M11: 52345.837 | O11: 0.6 | R11: 1.5 | T11: 2557.96 | U11: 1.5 | W11: 1284.8 | X11: 1.5 | AA11: 1.5 | AD11: 12809.008 | AE11: 14889.894 | AF11: 24646.936 | AG11: 0 | AH11: 0 | AI11: 0
A12: Carga de entulho | B12: t | D12: 03.01.02 | E12: SINAPI | F12: 100999 | G12: CARGA, MANOBRA E DESCARGA DE ENTULHO EM CAMINHÃO BASCULANTE 14 M³ - CARGA COM ESCAVADEIRA HIDRÁULICA (CAÇAMBA DE 0,80 M³ / 111 HP) E DESCARGA LIVRE (UNIDADE: T). AF_07/2020 | H12: T | I12: 5764.14 | J12: 4.24 | K12: 0.20335138 | L12: 5.1022099 | M12: 29409.852 | Q12: 0 | T12: 3836.94 | W12: 1927.2 | Z12: 0 | AD12: 3121.3286 | AE12: 13456.395 | AF12: 12832.129 | AG12: 0 | AH12: 0 | AI12: 3.6379788e-12
A13: Transporte comercial até 30 km | B13: t.km | D13: 03.01.03 | E13: SINAPI | F13: 95879 | G13: TRANSPORTE COM CAMINHÃO BASCULANTE DE 14 M³, EM VIA URBANA PAVIMENTADA, DMT ATÉ 30 KM (UNIDADE: TXKM). AF_07/2020 | H13: TXKM | I13: 126811.08 | J13: 1.04 | K13: 0.20335138 | L13: 1.2514854 | M13: 158702.22 | Q13: 0 | S13: 22 | T13: 84412.68 | V13: 22 | W13: 42398.4 | Y13: 22 | Z13: 0 | AB13: 22 | AD13: 10681.88 | AE13: 91558.973 | AF13: 56461.367 | AG13: 0 | AH13: 0 | AI13: 2.910383e-11
A14: Transporte comercial acima de 30 km | B14: t.km | D14: 03.01.04 | E14: SINAPI | F14: 93599 | G14: TRANSPORTE COM CAMINHÃO BASCULANTE DE 14 M³, EM VIA URBANA PAVIMENTADA, ADICIONAL PARA DMT EXCEDENTE A 30 KM (UNIDADE: TXKM). AF_07/2020 | H14: TXKM | I14: =IF($F14="","",IF('TRECHO(S) A IMPRIMIR'!$B$1= 1, SUM(Q14, T14, W14, Z14), IF('TRECHO(S) A IMPRIMIR'!$B$1= 2, T14, IF('TRECHO(S) A IMPRIMIR'!$B$1= 3, W14, 0)))) -> 0 | J14: 0.41 | K14: =IF(AND(F14<>"",J14<>""), IF(OR(F14= "CP9001", F14= "CP9091", F14= "CP9092"), 0, IF($M$1 = "ENCARGOS SOCIAIS SEM DESONERAÇÃO",'BDI obras SD'!$H$23,'BDI obras CD'!$H$23)),"") -> 0.20335138 | L14: =IF(J14="","", IF(AND(J14<>"",K14=""),J14,J14 * (1 + K14))) -> 0.49337407 | M14: =IF(OR(I14="",L14=""),"",I14*L14) -> 0 | Q14: =Q12 * S14 -> 0 | S14: =IF('MLQ-DMT-TR1'!$E$7 > 30, 'MLQ-DMT-TR1'!$E$7 - 30, 0) -> 0 | T14: =T12 * V14 -> 0 | V14: =IF('MLQ-DMT-TR1'!$E$7 > 30, 'MLQ-DMT-TR1'!$E$7 - 30, 0) -> 0 | W14: =W12 * Y14 -> 0 | Y14: =IF('MLQ-DMT-TR1'!$E$7 > 30, 'MLQ-DMT-TR1'!$E$7 - 30, 0) -> 0 | Z14: =Z12 * AB14 -> 0 | AB14: =IF('MLQ-DMT-TR1'!$E$7 > 30, 'MLQ-DMT-TR1'!$E$7 - 30, 0) -> 0 | AI14: =IF(SUM(AD14:AH14)=0,"",M14 - SUM(AD14:AH14))
A15: Taxa de descarte de RCC | B15: t | D15: 03.01.05 | E15: PROJETO | F15: CP9091 | G15: TAXA DE DESCARTE DE RESÍDUOS DA CONSTRUÇÃO CIVIL NÃO SEGREGADOS - RCCNS | H15: T | I15: 5764.14 | J15: 21.44 | K15: 0 | L15: 21.44 | M15: 123583.16 | Q15: 0 | T15: 3836.94 | W15: 1927.2 | Z15: 0 | AD15: 0 | AE15: 0 | AF15: 0 | AG15: 123583.16 | AH15: 0 | AI15: 0
A16: Camada de rachão | B16: m³ | D16: 03.01.06 | E16: SINAPI | F16: 96399 | G16: EXECUÇÃO E COMPACTAÇÃO DE BASE E OU SUB BASE PARA PAVIMENTAÇÃO DE PEDRA RACHÃO - EXCLUSIVE CARGA E TRANSPORTE. AF_11/2019 | H16: M3 | I16: 695.6 | J16: 142.16 | K16: 0.20335138 | L16: 171.06843 | M16: 118995.2 | T16: 695.6 | U16: 1.65 | AD16: 2452.5601 | AE16: 112415.98 | AF16: 4126.6625 | AG16: 0 | AH16: 0 | AI16: -1.4551915e-11
A17: Transporte até 30 km | B17: t.km | D17: 03.01.07 | E17: SINAPI | F17: 95879 | G17: TRANSPORTE COM CAMINHÃO BASCULANTE DE 14 M³, EM VIA URBANA PAVIMENTADA, DMT ATÉ 30 KM (UNIDADE: TXKM). AF_07/2020 | H17: TXKM | I17: 34432.2 | J17: 1.04 | K17: 0.20335138 | L17: 1.2514854 | M17: 43091.397 | T17: 34432.2 | V17: 30 | AD17: 2900.3825 | AE17: 24860.421 | AF17: 15330.593 | AG17: 0 | AH17: 0 | AI17: 7.2759576e-12
A18: Transporte além de 30 km | B18: t.km | D18: 03.01.08 | E18: SINAPI | F18: 93599 | G18: TRANSPORTE COM CAMINHÃO BASCULANTE DE 14 M³, EM VIA URBANA PAVIMENTADA, ADICIONAL PARA DMT EXCEDENTE A 30 KM (UNIDADE: TXKM). AF_07/2020 | H18: TXKM | I18: 30988.98 | J18: 0.41 | K18: 0.20335138 | L18: 0.49337407 | M18: 15289.159 | T18: 30988.98 | V18: 27 | AD18: 745.81264 | AE18: 9322.658 | AF18: 5220.6885 | AG18: 0 | AH18: 0 | AI18: 1.8189894e-12
A19: Transporte interno | B19: t.km | D19: 03.01.09 | E19: SINAPI | F19: 100943 | G19: TRANSPORTE COM CAMINHÃO BASCULANTE DE 14 M³, EM VIA INTERNA (DENTRO DO CANTEIRO - UNIDADE: TXKM). AF_07/2020 | H19: TXKM | I19: 1147.74 | J19: 3.1 | K19: 0.20335138 | L19: 3.7303893 | M19: 4281.517 | T19: 1147.74 | V19: 1 | AD19: 303.84959 | AE19: 2389.3627 | AF19: 1588.3047 | AG19: 0 | AH19: 0 | AI19: 0
AI20: =IF(SUM(AD20:AH20)=0,"",M20 - SUM(AD20:AH20))
A21: DEMOLIÇÕES | D21: 03.02 | G21: DEMOLIÇÕES | M21: 158123.41 | AI21: =IF(SUM(AD21:AH21)=0,"",M21 - SUM(AD21:AH21))
A22: DEMOLIÇÕES DE PAVIMENTO ASFÁLTICO | D22: 03.02.02 | G22: DEMOLIÇÕES DE PAVIMENTO ASFÁLTICO | M22: 0 | AI22: =IF(SUM(AD22:AH22)=0,"",M22 - SUM(AD22:AH22))
A23: Demolição de asfalto no estacionamento. | B23: m² | D23: 03.02.02.01 | E23: SINAPI | F23: 97636 | G23: DEMOLIÇÃO PARCIAL DE PAVIMENTO ASFÁLTICO, DE FORMA MECANIZADA, SEM REAPROVEITAMENTO. AF_12/2017 | H23: M2 | I23: =IF($F23="","",IF('TRECHO(S) A IMPRIMIR'!$B$1= 1, SUM(Q23, T23, W23, Z23), IF('TRECHO(S) A IMPRIMIR'!$B$1= 2, T23, IF('TRECHO(S) A IMPRIMIR'!$B$1= 3, W23, 0)))) -> 0 | J23: 13.86 | K23: =IF(AND(F23<>"",J23<>""), IF(OR(F23= "CP9001", F23= "CP9091", F23= "CP9092"), 0, IF($M$1 = "ENCARGOS SOCIAIS SEM DESONERAÇÃO",'BDI obras SD'!$H$23,'BDI obras CD'!$H$23)),"") -> 0.20335138 | L23: =IF(J23="","", IF(AND(J23<>"",K23=""),J23,J23 * (1 + K23))) -> 16.67845 | M23: =IF(OR(I23="",L23=""),"",I23*L23) -> 0 | O23: 0.05 | R23: ='MLQ-PESP'!$C$12 -> 2.4 | U23: ='MLQ-PESP'!$C$12 -> 2.4 | X23: ='MLQ-PESP'!$C$12 -> 2.4 | AA23: ='MLQ-PESP'!$C$12 -> 2.4 | AI23: =IF(SUM(AD23:AH23)=0,"",M23 - SUM(AD23:AH23))
A24: Carga de entulho | B24: t | D24: 03.02.02.02 | E24: SINAPI | F24: 100999 | G24: CARGA, MANOBRA E DESCARGA DE ENTULHO EM CAMINHÃO BASCULANTE 14 M³ - CARGA COM ESCAVADEIRA HIDRÁULICA (CAÇAMBA DE 0,80 M³ / 111 HP) E DESCARGA LIVRE (UNIDADE: T). AF_07/2020 | H24: T | I24: =IF($F24="","",IF('TRECHO(S) A IMPRIMIR'!$B$1= 1, SUM(Q24, T24, W24, Z24), IF('TRECHO(S) A IMPRIMIR'!$B$1= 2, T24, IF('TRECHO(S) A IMPRIMIR'!$B$1= 3, W24, 0)))) -> 0 | J24: 4.24 | K24: =IF(AND(F24<>"",J24<>""), IF(OR(F24= "CP9001", F24= "CP9091", F24= "CP9092"), 0, IF($M$1 = "ENCARGOS SOCIAIS SEM DESONERAÇÃO",'BDI obras SD'!$H$23,'BDI obras CD'!$H$23)),"") -> 0.20335138 | L24: =IF(J24="","", IF(AND(J24<>"",K24=""),J24,J24 * (1 + K24))) -> 5.1022099 | M24: =IF(OR(I24="",L24=""),"",I24*L24) -> 0 | Q24: =Q23 * R23 * $O23 -> 0 | T24: =T23 * U23 * $O23 -> 0 | W24: =W23 * X23 * $O23 -> 0 | Z24: =Z23 * AA23 * $O23 -> 0 | AI24: =IF(SUM(AD24:AH24)=0,"",M24 - SUM(AD24:AH24))
A25: Transporte comercial até 30 km | B25: t.km | D25: 03.02.02.03 | E25: SINAPI | F25: 95879 | G25: TRANSPORTE COM CAMINHÃO BASCULANTE DE 14 M³, EM VIA URBANA PAVIMENTADA, DMT ATÉ 30 KM (UNIDADE: TXKM). AF_07/2020 | H25: TXKM | I25: =IF($F25="","",IF('TRECHO(S) A IMPRIMIR'!$B$1= 1, SUM(Q25, T25, W25, Z25), IF('TRECHO(S) A IMPRIMIR'!$B$1= 2, T25, IF('TRECHO(S) A IMPRIMIR'!$B$1= 3, W25, 0)))) -> 0 | J25: 1.04 | K25: =IF(AND(F25<>"",J25<>""), IF(OR(F25= "CP9001", F25= "CP9091", F25= "CP9092"), 0, IF($M$1 = "ENCARGOS SOCIAIS SEM DESONERAÇÃO",'BDI obras SD'!$H$23,'BDI obras CD'!$H$23)),"") -> 0.20335138 | L25: =IF(J25="","", IF(AND(J25<>"",K25=""),J25,J25 * (1 + K25))) -> 1.2514854 | M25: =IF(OR(I25="",L25=""),"",I25*L25) -> 0 | Q25: =Q24 *S25 -> 0 | S25: =IF('MLQ-DMT-TR1'!$E$7 > 30, 30, 'MLQ-DMT-TR1'!$E$7) -> 22 | T25: =T24 *V25 -> 0 | V25: =IF('MLQ-DMT-TR1'!$E$7 > 30, 30, 'MLQ-DMT-TR1'!$E$7) -> 22 | W25: =W24 *Y25 -> 0 | Y25: =IF('MLQ-DMT-TR1'!$E$7 > 30, 30, 'MLQ-DMT-TR1'!$E$7) -> 22 | Z25: =Z24 *AB25 -> 0 | AB25: =IF('MLQ-DMT-TR1'!$E$7 > 30, 30, 'MLQ-DMT-TR1'!$E$7) -> 22 | AI25: =IF(SUM(AD25:AH25)=0,"",M25 - SUM(AD25:AH25))
A26: Transporte comercial acima de 30 km | B26: t.km | D26: 03.02.02.04 | E26: SINAPI | F26: 93599 | G26: TRANSPORTE COM CAMINHÃO BASCULANTE DE 14 M³, EM VIA URBANA PAVIMENTADA, ADICIONAL PARA DMT EXCEDENTE A 30 KM (UNIDADE: TXKM). AF_07/2020 | H26: TXKM | I26: =IF($F26="","",IF('TRECHO(S) A IMPRIMIR'!$B$1= 1, SUM(Q26, T26, W26, Z26), IF('TRECHO(S) A IMPRIMIR'!$B$1= 2, T26, IF('TRECHO(S) A IMPRIMIR'!$B$1= 3, W26, 0)))) -> 0 | J26: 0.41 | K26: =IF(AND(F26<>"",J26<>""), IF(OR(F26= "CP9001", F26= "CP9091", F26= "CP9092"), 0, IF($M$1 = "ENCARGOS SOCIAIS SEM DESONERAÇÃO",'BDI obras SD'!$H$23,'BDI obras CD'!$H$23)),"") -> 0.20335138 | L26: =IF(J26="","", IF(AND(J26<>"",K26=""),J26,J26 * (1 + K26))) -> 0.49337407 | M26: =IF(OR(I26="",L26=""),"",I26*L26) -> 0 | Q26: =Q24 *S26 -> 0 | S26: =IF('MLQ-DMT-TR1'!$E$7 > 30, 'MLQ-DMT-TR1'!$E$7 - S25, 0) -> 0 | T26: =T24 *V26 -> 0 | V26: =IF('MLQ-DMT-TR1'!$E$7 > 30, 'MLQ-DMT-TR1'!$E$7 - V25, 0) -> 0 | W26: =W24 *Y26 -> 0 | Y26: =IF('MLQ-DMT-TR1'!$E$7 > 30, 'MLQ-DMT-TR1'!$E$7 - Y25, 0) -> 0 | Z26: =Z24 *AB26 -> 0 | AB26: =IF('MLQ-DMT-TR1'!$E$7 > 30, 'MLQ-DMT-TR1'!$E$7 - AB25, 0) -> 0 | AI26: =IF(SUM(AD26:AH26)=0,"",M26 - SUM(AD26:AH26))
A27: Taxa de descarte de RCC | B27: t | D27: 03.02.02.05 | E27: PROJETO | F27: CP9001 | G27: TAXA DE DESCARTE DE RESÍDUOS DA CONSTRUÇÃO CIVIL SEGREGADOS - RCCS | H27: T | I27: =IF($F27="","",IF('TRECHO(S) A IMPRIMIR'!$B$1= 1, SUM(Q27, T27, W27, Z27), IF('TRECHO(S) A IMPRIMIR'!$B$1= 2, T27, IF('TRECHO(S) A IMPRIMIR'!$B$1= 3, W27, 0)))) -> 0 | J27: 12.23 | K27: =IF(AND(F27<>"",J27<>""), IF(OR(F27= "CP9001", F27= "CP9091", F27= "CP9092"), 0, IF($M$1 = "ENCARGOS SOCIAIS SEM DESONERAÇÃO",'BDI obras SD'!$H$23,'BDI obras CD'!$H$23)),"") -> 0 | L27: =IF(J27="","", IF(AND(J27<>"",K27=""),J27,J27 * (1 + K27))) -> 12.23 | M27: =IF(OR(I27="",L27=""),"",I27*L27) -> 0 | Q27: =Q24 -> 0 | T27: =T24 -> 0 | W27: =W24 -> 0 | Z27: =Z24 -> 0 | AI27: =IF(SUM(AD27:AH27)=0,"",M27 - SUM(AD27:AH27))
I28: =IF($F28="","",IF('TRECHO(S) A IMPRIMIR'!$B$1= 1, SUM(Q28, T28, W28, Z28), IF('TRECHO(S) A IMPRIMIR'!$B$1= 2, T28, IF('TRECHO(S) A IMPRIMIR'!$B$1= 3, W28, 0)))) | K28: =IF(AND(F28<>"",J28<>""), IF(OR(F28= "CP9001", F28= "CP9091", F28= "CP9092"), 0, IF($M$1 = "ENCARGOS SOCIAIS SEM DESONERAÇÃO",'BDI obras SD'!$H$23,'BDI obras CD'!$H$23)),"") | L28: =IF(J28="","", IF(AND(J28<>"",K28=""),J28,J28 * (1 + K28))) | M28: =IF(OR(I28="",L28=""),"",I28*L28) | AI28: =IF(SUM(AD28:AH28)=0,"",M28 - SUM(AD28:AH28))
A29: REMOÇÃO DE BASE E SUBBASE, COM DEPOSIÇÃO LATERAL DE PARTE DO VOLUME REMOVIDO PARA POSTERIOR REUTILIZAÇÃO NA SUBBASE DA RECUPERAÇÃO DO PAVIMENTO E BOTA-FORA DO EXCEDENTE. | D29: 03.02.03 | G29: REMOÇÃO DE BASE E SUBBASE, COM DEPOSIÇÃO LATERAL DE PARTE DO VOLUME REMOVIDO PARA POSTERIOR REUTILIZAÇÃO NA SUBBASE DA RECUPERAÇÃO DO PAVIMENTO E BOTA-FORA DO EXCEDENTE. | M29: 0 | AI29: =IF(SUM(AD29:AH29)=0,"",M29 - SUM(AD29:AH29))
A30: Escavação mecanizada | B30: m³ | D30: 03.02.03.01 | E30: SINAPI | F30: 101125 | G30: ESCAVAÇÃO HORIZONTAL, INCLUINDO CARGA E DESCARGA EM SOLO DE 1A CATEGORIA COM TRATOR DE ESTEIRAS (150HP/LÂMINA: 3,18M3). AF_07/2020 | H30: M3 | I30: =IF($F30="","",IF('TRECHO(S) A IMPRIMIR'!$B$1= 1, SUM(Q30, T30, W30, Z30), IF('TRECHO(S) A IMPRIMIR'!$B$1= 2, T30, IF('TRECHO(S) A IMPRIMIR'!$B$1= 3, W30, 0)))) -> 0 | J30: 9.99 | K30: =IF(AND(F30<>"",J30<>""), IF(OR(F30= "CP9001", F30= "CP9091", F30= "CP9092"), 0, IF($M$1 = "ENCARGOS SOCIAIS SEM DESONERAÇÃO",'BDI obras SD'!$H$23,'BDI obras CD'!$H$23)),"") -> 0.20335138 | L30: =IF(J30="","", IF(AND(J30<>"",K30=""),J30,J30 * (1 + K30))) -> 12.02148 | M30: =IF(OR(I30="",L30=""),"",I30*L30) -> 0 | O30: 0.3 | R30: ='MLQ-PESP'!$C$4 -> 1.0923072 | U30: ='MLQ-PESP'!$C$4 -> 1.0923072 | X30: ='MLQ-PESP'!$C$4 -> 1.0923072 | AA30: ='MLQ-PESP'!$C$4 -> 1.0923072 | AI30: =IF(SUM(AD30:AH30)=0,"",M30 - SUM(AD30:AH30))
A31: Transporte comercial até 30 km | B31: t.km | D31: 03.02.03.02 | E31: SINAPI | F31: 95879 | G31: TRANSPORTE COM CAMINHÃO BASCULANTE DE 14 M³, EM VIA URBANA PAVIMENTADA, DMT ATÉ 30 KM (UNIDADE: TXKM). AF_07/2020 | H31: TXKM | I31: =IF($F31="","",IF('TRECHO(S) A IMPRIMIR'!$B$1= 1, SUM(Q31, T31, W31, Z31), IF('TRECHO(S) A IMPRIMIR'!$B$1= 2, T31, IF('TRECHO(S) A IMPRIMIR'!$B$1= 3, W31, 0)))) -> 0 | J31: 1.04 | K31: =IF(AND(F31<>"",J31<>""), IF(OR(F31= "CP9001", F31= "CP9091", F31= "CP9092"), 0, IF($M$1 = "ENCARGOS SOCIAIS SEM DESONERAÇÃO",'BDI obras SD'!$H$23,'BDI obras CD'!$H$23)),"") -> 0.20335138 | L31: =IF(J31="","", IF(AND(J31<>"",K31=""),J31,J31 * (1 + K31))) -> 1.2514854 | M31: =IF(OR(I31="",L31=""),"",I31*L31) -> 0 | Q31: =Q33 * S31 -> 0 | S31: =IF('MLQ-DMT-TR1'!$E$7 > 30, 30, 'MLQ-DMT-TR1'!$E$7) -> 22 | T31: =T33 * V31 -> 0 | V31: =IF('MLQ-DMT-TR1'!$E$7 > 30, 30, 'MLQ-DMT-TR1'!$E$7) -> 22 | W31: =W33 * Y31 -> 0 | Y31: =IF('MLQ-DMT-TR1'!$E$7 > 30, 30, 'MLQ-DMT-TR1'!$E$7) -> 22 | Z31: =Z33 * AB31 -> 0 | AB31: =IF('MLQ-DMT-TR1'!$E$7 > 30, 30, 'MLQ-DMT-TR1'!$E$7) -> 22 | AI31: =IF(SUM(AD31:AH31)=0,"",M31 - SUM(AD31:AH31))
A32: Transporte comercial acima de 30 km | B32: t.km | D32: 03.02.03.03 | E32: SINAPI | F32: 93599 | G32: TRANSPORTE COM CAMINHÃO BASCULANTE DE 14 M³, EM VIA URBANA PAVIMENTADA, ADICIONAL PARA DMT EXCEDENTE A 30 KM (UNIDADE: TXKM). AF_07/2020 | H32: TXKM | I32: =IF($F32="","",IF('TRECHO(S) A IMPRIMIR'!$B$1= 1, SUM(Q32, T32, W32, Z32), IF('TRECHO(S) A IMPRIMIR'!$B$1= 2, T32, IF('TRECHO(S) A IMPRIMIR'!$B$1= 3, W32, 0)))) -> 0 | J32: 0.41 | K32: =IF(AND(F32<>"",J32<>""), IF(OR(F32= "CP9001", F32= "CP9091", F32= "CP9092"), 0, IF($M$1 = "ENCARGOS SOCIAIS SEM DESONERAÇÃO",'BDI obras SD'!$H$23,'BDI obras CD'!$H$23)),"") -> 0.20335138 | L32: =IF(J32="","", IF(AND(J32<>"",K32=""),J32,J32 * (1 + K32))) -> 0.49337407 | M32: =IF(OR(I32="",L32=""),"",I32*L32) -> 0 | Q32: =Q33 * S32 -> 0 | S32: =IF('MLQ-DMT-TR1'!$E$7 > 30, 'MLQ-DMT-TR1'!$E$7 - S31, 0) -> 0 | T32: =T33 * V32 -> 0 | V32: =IF('MLQ-DMT-TR1'!$E$7 > 30, 'MLQ-DMT-TR1'!$E$7 - V31, 0) -> 0 | W32: =W33 * Y32 -> 0 | Y32: =IF('MLQ-DMT-TR1'!$E$7 > 30, 'MLQ-DMT-TR1'!$E$7 - Y31, 0) -> 0 | Z32: =Z33 * AB32 -> 0 | AB32: =IF('MLQ-DMT-TR1'!$E$7 > 30, 'MLQ-DMT-TR1'!$E$7 - AB31, 0) -> 0 | AI32: =IF(SUM(AD32:AH32)=0,"",M32 - SUM(AD32:AH32))
A33: Taxa de descarte de RCC | B33: t | D33: 03.02.03.04 | E33: PROJETO | F33: CP9001 | G33: TAXA DE DESCARTE DE RESÍDUOS DA CONSTRUÇÃO CIVIL SEGREGADOS - RCCS | H33: T | I33: =IF($F33="","",IF('TRECHO(S) A IMPRIMIR'!$B$1= 1, SUM(Q33, T33, W33, Z33), IF('TRECHO(S) A IMPRIMIR'!$B$1= 2, T33, IF('TRECHO(S) A IMPRIMIR'!$B$1= 3, W33, 0)))) -> 0 | J33: 12.23 | K33: =IF(AND(F33<>"",J33<>""), IF(OR(F33= "CP9001", F33= "CP9091", F33= "CP9092"), 0, IF($M$1 = "ENCARGOS SOCIAIS SEM DESONERAÇÃO",'BDI obras SD'!$H$23,'BDI obras CD'!$H$23)),"") -> 0 | L33: =IF(J33="","", IF(AND(J33<>"",K33=""),J33,J33 * (1 + K33))) -> 12.23 | M33: =IF(OR(I33="",L33=""),"",I33*L33) -> 0 | Q33: =Q30 * R30 -> 0 | T33: =T30 * U30 -> 0 | W33: =W30 * X30 -> 0 | Z33: =Z30 * AA30 -> 0 | AI33: =IF(SUM(AD33:AH33)=0,"",M33 - SUM(AD33:AH33))
AI34: =IF(SUM(AD34:AH34)=0,"",M34 - SUM(AD34:AH34))
A35: DEMOLIÇÃO DE CALÇADAS E CICLOVIAS | D35: 03.02.04 | G35: DEMOLIÇÃO DE CALÇADAS E CICLOVIAS | M35: 97251.732 | AI35: =IF(SUM(AD35:AH35)=0,"",M35 - SUM(AD35:AH35))
A36: Demolição de calçadas de concreto | B36: m³ | D36: 03.02.04.01 | E36: SINAPI | F36: 97629 | G36: DEMOLIÇÃO DE LAJES, DE FORMA MECANIZADA COM MARTELETE, SEM REAPROVEITAMENTO. AF_12/2017 | H36: M3 | I36: 413.09268 | J36: 106.16 | K36: 0.20335138 | L36: 127.74778 | M36: 52771.674 | O36: 0.07 | Q36: 0 | R36: 2.4 | T36: 259.7658 | U36: 2.4 | W36: 153.32688 | X36: 2.4 | AA36: 2.4 | AD36: 34573.002 | AE36: 15499.442 | AF36: 2699.2294 | AG36: 0 | AH36: 0 | AI36: 0
A37: Carga de entulho | B37: t | D37: 03.02.04.02 | E37: SINAPI | F37: 100999 | G37: CARGA, MANOBRA E DESCARGA DE ENTULHO EM CAMINHÃO BASCULANTE 14 M³ - CARGA COM ESCAVADEIRA HIDRÁULICA (CAÇAMBA DE 0,80 M³ / 111 HP) E DESCARGA LIVRE (UNIDADE: T). AF_07/2020 | H37: T | I37: 991.42243 | J37: 4.24 | K37: 0.20335138 | L37: 5.1022099 | M37: 5058.4453 | Q37: 0 | T37: 623.43792 | W37: 367.98451 | Z37: 0 | AD37: 536.8633 | AE37: 2314.4773 | AF37: 2207.1047 | AG37: 0 | AH37: 0 | AI37: 9.094947e-13
A38: Transporte comercial até 30 km | B38: t.km | D38: 03.02.04.03 | E38: SINAPI | F38: 95879 | G38: TRANSPORTE COM CAMINHÃO BASCULANTE DE 14 M³, EM VIA URBANA PAVIMENTADA, DMT ATÉ 30 KM (UNIDADE: TXKM). AF_07/2020 | H38: TXKM | I38: 21811.294 | J38: 1.04 | K38: 0.20335138 | L38: 1.2514854 | M38: 27296.516 | Q38: 0 | S38: 22 | T38: 13715.634 | V38: 22 | W38: 8095.6593 | Y38: 22 | Z38: 0 | AB38: 22 | AD38: 1837.2655 | AE38: 15747.99 | AF38: 9711.2606 | AG38: 0 | AH38: 0 | AI38: 3.6379788e-12
A39: Transporte comercial acima de 30 km | B39: t.km | D39: 03.02.04.04 | E39: SINAPI | F39: 93599 | G39: TRANSPORTE COM CAMINHÃO BASCULANTE DE 14 M³, EM VIA URBANA PAVIMENTADA, ADICIONAL PARA DMT EXCEDENTE A 30 KM (UNIDADE: TXKM). AF_07/2020 | H39: TXKM | I39: =IF($F39="","",IF('TRECHO(S) A IMPRIMIR'!$B$1= 1, SUM(Q39, T39, W39, Z39), IF('TRECHO(S) A IMPRIMIR'!$B$1= 2, T39, IF('TRECHO(S) A IMPRIMIR'!$B$1= 3, W39, 0)))) -> 0 | J39: 0.41 | K39: =IF(AND(F39<>"",J39<>""), IF(OR(F39= "CP9001", F39= "CP9091", F39= "CP9092"), 0, IF($M$1 = "ENCARGOS SOCIAIS SEM DESONERAÇÃO",'BDI obras SD'!$H$23,'BDI obras CD'!$H$23)),"") -> 0.20335138 | L39: =IF(J39="","", IF(AND(J39<>"",K39=""),J39,J39 * (1 + K39))) -> 0.49337407 | M39: =IF(OR(I39="",L39=""),"",I39*L39) -> 0 | Q39: =Q37 *S39 -> 0 | S39: =IF('MLQ-DMT-TR1'!$E$7 > 30, 'MLQ-DMT-TR1'!$E$7 - S38, 0) -> 0 | T39: =T37 *V39 -> 0 | V39: =IF('MLQ-DMT-TR1'!$E$7 > 30, 'MLQ-DMT-TR1'!$E$7 - V38, 0) -> 0 | W39: =W37 *Y39 -> 0 | Y39: =IF('MLQ-DMT-TR1'!$E$7 > 30, 'MLQ-DMT-TR1'!$E$7 - Y38, 0) -> 0 | Z39: =Z37 *AB39 -> 0 | AB39: =IF('MLQ-DMT-TR1'!$E$7 > 30, 'MLQ-DMT-TR1'!$E$7 - AB38, 0) -> 0 | AI39: =IF(SUM(AD39:AH39)=0,"",M39 - SUM(AD39:AH39))
A40: Taxa de descarte de RCC | B40: t | D40: 03.02.04.05 | E40: PROJETO | F40: CP9001 | G40: TAXA DE DESCARTE DE RESÍDUOS DA CONSTRUÇÃO CIVIL SEGREGADOS - RCCS | H40: T | I40: 991.42243 | J40: 12.23 | K40: 0 | L40: 12.23 | M40: 12125.096 | Q40: 0 | T40: 623.43792 | W40: 367.98451 | Z40: 0 | AD40: 0 | AE40: 0 | AF40: 0 | AG40: 12125.096 | AH40: 0 | AI40: 0
AI41: =IF(SUM(AD41:AH41)=0,"",M41 - SUM(AD41:AH41))
A42: DEMOLIÇÃO DE MEIOS-FIOS, CONSIDERANDO-SE O REAPROVEITAMENTO DE 80% COM DEPOSIÇÃO EM LOCAL PRÓXIMO (DMT MÁX.: 1,0 km) | D42: 03.02.05 | G42: DEMOLIÇÃO DE MEIOS-FIOS, CONSIDERANDO-SE O REAPROVEITAMENTO DE 80% COM DEPOSIÇÃO EM LOCAL PRÓXIMO (DMT MÁX.: 1,0 km) | M42: 60871.679 | AI42: =IF(SUM(AD42:AH42)=0,"",M42 - SUM(AD42:AH42))
A43: Remoção de meios-fios | B43: m | D43: 03.02.05.01 | E43: PROJETO | F43: CP0102 | G43: DEMOLIÇÃO MANUAL DE MEIO FIO DE CONCRETO | H43: M3 | I43: 220.99441 | J43: 222.18489 | K43: 0.20335138 | L43: 267.3665 | M43: 59086.503 | O43: =(0.15^2) + ((0.15 + 0.12) * (0.15 / 2)) -> 0.04275 | T43: 138.03547 | W43: 82.95894 | AD43: 39060.872 | AE43: 19334.81 | AF43: 690.82092 | AG43: 0 | AH43: -1.8895743e-12 | AI43: -7.2759576e-12
A44: Carga | B44: t | D44: 03.02.05.02 | E44: SINAPI | F44: 72850 | G44: CARGA, MANOBRAS E DESCARGA DE MATERIAIS DIVERSOS, COM CAMINHAO CARROCERIA 9T (CARGA E DESCARGA MANUAIS) | H44: T | I44: 22.674027 | J44: 11.84415 | K44: 0.20335138 | L44: 14.252674 | M44: 323.16552 | Q44: 0 | R44: 2.4 | T44: 14.16244 | U44: 2.4 | W44: 8.5115872 | X44: 2.4 | Z44: 0 | AA44: 2.4 | AD44: 33.236596 | AE44: 216.23339 | AF44: 73.69554 | AG44: 0 | AH44: 0 | AI44: 0
A45: Transporte até 1,0 km para depósito na obra | B45: t.km | D45: 03.02.05.03 | E45: SINAPI | F45: 100954 | G45: TRANSPORTE COM CAMINHÃO CARROCERIA COM GUINDAUTO (MUNCK), MOMENTO MÁXIMO DE CARGA 11,7 TM, EM VIA INTERNA (DENTRO DO CANTEIRO - UNIDADE: TXKM). AF_07/2020 | H45: TXKM | I45: 22.674027 | J45: 5.41 | K45: 0.20335138 | L45: 6.510131 | M45: 147.61089 | Q45: 0 | S45: 1 | T45: 14.16244 | V45: 1 | W45: 8.5115872 | Y45: 1 | Z45: 0 | AB45: 1 | AD45: 14.188107 | AE45: 98.225358 | AF45: 35.19742 | AG45: 0 | AH45: 0 | AI45: 0
A46: Transporte comercial até 30 km | B46: t.km | D46: 03.02.05.04 | E46: SINAPI | F46: 100952 | G46: TRANSPORTE COM CAMINHÃO CARROCERIA COM GUINDAUTO (MUNCK), MOMENTO MÁXIMO DE CARGA 11,7 TM, EM VIA URBANA PAVIMENTADA, DMT ATÉ 30KM (UNIDADE: TXKM). AF_07/2020 | H46: TXKM | I46: 476.15457 | J46: 1.81 | K46: 0.20335138 | L46: 2.178066 | M46: 1037.0961 | Q46: 0 | S46: 21 | T46: 297.41123 | V46: 21 | W46: 178.74333 | Y46: 21 | Z46: 0 | AB46: 21 | AD46: 97.406814 | AE46: 710.49676 | AF46: 229.1925 | AG46: 0 | AH46: 0 | AI46: 0
A47: Transporte comercial acima de 30 km | B47: t.km | D47: 03.02.05.05 | E47: SINAPI | F47: 100953 | G47: TRANSPORTE COM CAMINHÃO CARROCERIA COM GUINDAUTO (MUNCK), MOMENTO MÁXIMO DE CARGA 11,7 TM, EM VIA URBANA PAVIMENTADA, ADICIONAL PARA DMT EXCEDENTE A 30 KM (UNIDADE: TXKM). AF_07/2020 | H47: TXKM | I47: =IF($F47="","",IF('TRECHO(S) A IMPRIMIR'!$B$1= 1, SUM(Q47, T47, W47, Z47), IF('TRECHO(S) A IMPRIMIR'!$B$1= 2, T47, IF('TRECHO(S) A IMPRIMIR'!$B$1= 3, W47, 0)))) -> 0 | J47: 0.71 | K47: =IF(AND(F47<>"",J47<>""), IF(OR(F47= "CP9001", F47= "CP9091", F47= "CP9092"), 0, IF($M$1 = "ENCARGOS SOCIAIS SEM DESONERAÇÃO",'BDI obras SD'!$H$23,'BDI obras CD'!$H$23)),"") -> 0.20335138 | L47: =IF(J47="","", IF(AND(J47<>"",K47=""),J47,J47 * (1 + K47))) -> 0.85437948 | M47: =IF(OR(I47="",L47=""),"",I47*L47) -> 0 | Q47: =Q44 *S47 -> 0 | S47: =IF('MLQ-DMT-TR1'!$E$7 > 30, 'MLQ-DMT-TR1'!$E$7 - SUM(S45:S46), 0) -> 0 | T47: =T44 *V47 -> 0 | V47: =IF('MLQ-DMT-TR1'!$E$7 > 30, 'MLQ-DMT-TR1'!$E$7 - SUM(V45:V46), 0) -> 0 | W47: =W44 *Y47 -> 0 | Y47: =IF('MLQ-DMT-TR1'!$E$7 > 30, 'MLQ-DMT-TR1'!$E$7 - SUM(Y45:Y46), 0) -> 0 | Z47: =Z44 *AB47 -> 0 | AB47: =IF('MLQ-DMT-TR1'!$E$7 > 30, 'MLQ-DMT-TR1'!$E$7 - SUM(AB45:AB46), 0) -> 0 | AI47: =IF(SUM(AD47:AH47)=0,"",M47 - SUM(AD47:AH47))
A48: Taxa de descarte de RCC | B48: t | D48: 03.02.04.05 | E48: PROJETO | F48: CP9001 | G48: TAXA DE DESCARTE DE RESÍDUOS DA CONSTRUÇÃO CIVIL SEGREGADOS - RCCS | H48: T | I48: 22.674027 | J48: 12.23 | K48: 0 | L48: 12.23 | M48: 277.30335 | Q48: 0 | T48: 14.16244 | W48: 8.5115872 | Z48: 0 | AD48: 0 | AE48: 0 | AF48: 0 | AG48: 277.30335 | AH48: 0 | AI48: 0
I49: =IF($F49="","",IF('TRECHO(S) A IMPRIMIR'!$B$1= 1, SUM(Q49, T49, W49, Z49), IF('TRECHO(S) A IMPRIMIR'!$B$1= 2, T49, IF('TRECHO(S) A IMPRIMIR'!$B$1= 3, W49, 0)))) | K49: =IF(AND(F49<>"",J49<>""), IF(OR(F49= "CP9001", F49= "CP9091", F49= "CP9092"), 0, IF($M$1 = "ENCARGOS SOCIAIS SEM DESONERAÇÃO",'BDI obras SD'!$H$23,'BDI obras CD'!$H$23)),"") | L49: =IF(J49="","", IF(AND(J49<>"",K49=""),J49,J49 * (1 + K49))) | M49: =IF(OR(I49="",L49=""),"",I49*L49)
I50: =IF($F50="","",IF('TRECHO(S) A IMPRIMIR'!$B$1= 1, SUM(Q50, T50, W50, Z50), IF('TRECHO(S) A IMPRIMIR'!$B$1= 2, T50, IF('TRECHO(S) A IMPRIMIR'!$B$1= 3, W50, 0)))) | K50: =IF(AND(F50<>"",J50<>""), IF(OR(F50= "CP9001", F50= "CP9091", F50= "CP9092"), 0, IF($M$1 = "ENCARGOS SOCIAIS SEM DESONERAÇÃO",'BDI obras SD'!$H$23,'BDI obras CD'!$H$23)),"") | L50: =IF(J50="","", IF(AND(J50<>"",K50=""),J50,J50 * (1 + K50))) | M50: =IF(OR(I50="",L50=""),"",I50*L50)
D51: Encargos Sociais | E51: Para elaboração deste orçamento, foram utilizados os encargos sociais do SINAPI para a Unidade da Federação indicada. | AD51: 109167.66 | AE51: 322815.36 | AF51: 135853.18 | AG51: 135985.56 | AH51: -1.8895743e-12 | AI51: 2.4556357e-11
D52: Observações:
D53: 01- OS SERVIÇOS DE ADMINISTRAÇÃO LOCAL, INCLUSIVE VIGILÂNCIA, SERÃO REMUNERADOS DE ACORDO COM O AVANÇO FÍSICO DA OBRA
D54: 02- NÃO FOI CONSIDERADO ARREDONDAMENTO DAS CASAS DECIMAIS. OPERAÇÕES DE MULTIPLICAÇÃO COM PONTO FLUTUANTE.
D57: ='PSP-RESUMO'!$A$16 -> RRT DO ORÇAMENTO: 0
K59: ANDRÉ LUIZ ZANI
K60: Arquiteto & Urbanista - CAU A74536-7
J62: CUSTO TOTAL PARA CONFERÊNCIA | M62: 2269588.7
J63: TOTAL PARA CONFERÊNCIA: | M63: 703821.76
J64: DIFERENÇA PARA PLANILHA: | M64: -1565766.9

Sheet 04-DR
D1: PLANILHA DE SERVIÇOS, QUANTIDADES, CUSTOS E PREÇOS | M1: ='PSP-RESUMO'!$C$3 -> ENCARGOS SOCIAIS SEM DESONERAÇÃO
D2: OBRA: | E2: =IF('TRECHO(S) A IMPRIMIR'!$B$1= 1, 'PSP-RESUMO'!$B$2, IF('TRECHO(S) A IMPRIMIR'!$B$1= 2,#REF!,#REF!)) -> URBANIZAÇÃO DO SETOR SOL NASCENTE - TRECHOS 1 e 3 | L2: Data do orçamento: | M2: ='PSP-RESUMO'!$D$4 -> 28/JAN/2022 | Q2: Extensão de ruas: | T2: Extensão de ruas: | V2: =#REF! -> #REF! | W2: Extensão de ruas: | Y2: =#REF! -> #REF! | Z2: Extensão de ruas:
D3: ENDEREÇO: | E3: ='PSP-RESUMO'!B3 -> SETOR SOL NASCENTE, CEILÂNDIA/DF | L3: Data base dos preços: | M3: ='PSP-RESUMO'!$D$18 -> JUNHO/2021
D4: CLIENTE: | E4: ='PSP-RESUMO'!B4 -> ARIA | L4: B.D.I. para Serviços: | M4: =IF('PSP-RESUMO'!$C$3 = "ENCARGOS SOCIAIS SEM DESONERAÇÃO", 'BDI obras SD'!$H$23, 'BDI obras CD'!$H$23) -> 0.20335138
D5: TRECHO: | E5: =$G$9 -> DRENAGEM URBANA DE ÁGUAS PLUVIAIS E CONSTRUÇÃO DE BACIAS DE DETENÇÃO - TRECHOS 1 e 3 | L5: B.D.I. para Simples Fornecimento: | M5: =IF('PSP-RESUMO'!$C$3 = "ENCARGOS SOCIAIS SEM DESONERAÇÃO", 'BDI-Difer SD'!$H$23, 'BDI-Difer CD'!$H$23) -> 0.11096636
L6: DURAÇÃO DA OBRA: | M6: ='01-CO'!M6 -> 18
A7: DESCRIÇÃO DO SERVIÇO NO PROJETO | B7: UNID PROJ | D7: ITEM | E7: FONTE | F7: CPU CÓDIGO | G7: DESCRIÇÃO NA FONTE | H7: UNID | I7: QTDE | J7: CUSTO UNITÁRIO (R$) | K7: B.D.I | L7: PREÇO UNITÁRIO C/B.D.I. (R$) | M7: PREÇO TOTAL C/B.D.I. (R$) | O7: OBSERVAÇÕES | Q7: GERAIS | T7: TRECHO 1 | W7: TRECHO 3
I8: SERVIÇO | Q8: QTD | R8: DENSID | S8: DMT | T8: QTD | U8: DENSID | V8: DMT | W8: QTD | X8: DENSID | Y8: DMT | Z8: QTD | AA8: DENSID | AB8: DMT | AD8: M.O. | AE8: MAT. | AF8: EQUIP | AG8: SERV TERC | AH8: OUTROS | AI8: CONFER
A9: =IF('TRECHO(S) A IMPRIMIR'!$B$1= 1, "DRENAGEM URBANA DE ÁGUAS PLUVIAIS E CONSTRUÇÃO DE BACIAS DE DETENÇÃO - TRECHOS 1 e 3", IF('TRECHO(S) A IMPRIMIR'!$B$1= 2, "DRENAGEM URBANA DE ÁGUAS PLUVIAIS E CONSTRUÇÃO DE BACIAS DE DETENÇÃO - TRECHO 1", "DRENAGEM URBANA DE ÁGUAS PLUVIAIS E CONSTRUÇÃO DE BACIAS DE DETENÇÃO - TRECHO 3")) -> DRENAGEM URBANA DE ÁGUAS PLUVIAIS E CONSTRUÇÃO DE BACIAS DE DETENÇÃO - TRECHOS 1 e 3 | D9: 04. | G9: DRENAGEM URBANA DE ÁGUAS PLUVIAIS E CONSTRUÇÃO DE BACIAS DE DETENÇÃO - TRECHOS 1 e 3 | M9: 20385875 | AI9: =IF(SUM(AD9:AH9)=0,"",M9 - SUM(AD9:AH9)) | AK9: =IF(F9="", " ", VLOOKUP(F9,#REF!, 1, FALSE))
A10: LAGOAS DE DENTENÇÃO | D10: 04.01 | G10: LAGOAS DE DENTENÇÃO | M10: 5039276.8 | AI10: =IF(SUM(AD10:AH10)=0,"",M10 - SUM(AD10:AH10)) | AK10: =IF(F10="", " ", VLOOKUP(F10,#REF!, 1, FALSE))
A11: LIMPEZA SUPERFICIAL E BOTA-FORA | D11: 04.01.01 | G11: LIMPEZA SUPERFICIAL E BOTA-FORA | M11: 141654.83 | AI11: =IF(SUM(AD11:AH11)=0,"",M11 - SUM(AD11:AH11)) | AK11: =IF(F11="", " ", VLOOKUP(F11,#REF!, 1, FALSE))
A12: Raspagem mecanizada de terreno | B12: m² | D12: 04.01.01.01 | E12: SINAPI | F12: 98525 | G12: LIMPEZA MECANIZADA DE CAMADA VEGETAL, VEGETAÇÃO E PEQUENAS ÁRVORES (DIÂMETRO DE TRONCO MENOR QUE 0,20 M), COM TRATOR DE ESTEIRAS.AF_05/2018 | H12: M2 | I12: 15843 | J12: 0.3 | K12: 0.20335138 | L12: 0.36100542 | M12: 5719.4088 | O12: 0.1 | R12: 1.5 | T12: 9674 | U12: 1.5 | W12: 6169 | X12: 1.5 | AA12: 1.5 | AD12: 3050.3514 | AE12: 381.29392 | AF12: 2287.7635 | AG12: 0 | AH12: 0 | AI12: 0 | AK12: =IF(F12="", " ", VLOOKUP(F12,#REF!, 1, FALSE)) -> #REF!
A13: Carga de entulho | B13: t | D13: 04.01.01.02 | E13: SINAPI | F13: 100999 | G13: CARGA, MANOBRA E DESCARGA DE ENTULHO EM CAMINHÃO BASCULANTE 14 M³ - CARGA COM ESCAVADEIRA HIDRÁULICA (CAÇAMBA DE 0,80 M³ / 111 HP) E DESCARGA LIVRE (UNIDADE: T). AF_07/2020 | H13: T | I13: 2376.45 | J13: 4.24 | K13: 0.20335138 | L13: 5.1022099 | M13: 12125.147 | Q13: 0 | T13: 1451.1 | W13: 925.35 | Z13: 0 | AD13: 1286.867 | AE13: 5547.8265 | AF13: 5290.4531 | AG13: 0 | AH13: 0 | AI13: 1.8189894e-12 | AK13: =IF(F13="", " ", VLOOKUP(F13,#REF!, 1, FALSE)) -> #REF!
A14: Transporte local | B14: t.km | D14: 04.01.01.03 | E14: SINAPI | F14: 100954 | G14: TRANSPORTE COM CAMINHÃO CARROCERIA COM GUINDAUTO (MUNCK), MOMENTO MÁXIMO DE CARGA 11,7 TM, EM VIA INTERNA (DENTRO DO CANTEIRO - UNIDADE: TXKM). AF_07/2020 | H14: TXKM | I14: 2006.31 | J14: 5.41 | K14: 0.20335138 | L14: 6.510131 | M14: 13061.341 | Q14: 0 | S14: 0 | T14: 1451.1 | V14: 1 | W14: 555.21 | Y14: 0.6 | Z14: 0 | AB14: 0 | AD14: 1255.4339 | AE14: 8691.4653 | AF14: 3114.4417 | AG14: 0 | AH14: 0 | AI14: 1.8189894e-12 | AK14: =IF(F14="", " ", VLOOKUP(F14,#REF!, 1, FALSE)) -> #REF!
A15: Transporte de entulho até 30 km | B15: t.km | D15: 04.01.01.04 | E15: SINAPI | F15: 95879 | G15: TRANSPORTE COM CAMINHÃO BASCULANTE DE 14 M³, EM VIA URBANA PAVIMENTADA, DMT ATÉ 30 KM (UNIDADE: TXKM). AF_07/2020 | H15: TXKM | I15: 52281.9 | J15: 1.04 | K15: 0.20335138 | L15: 1.2514854 | M15: 65430.037 | Q15: 0 | S15: 0 | T15: 31924.2 | V15: 22 | W15: 20357.7 | Y15: 22 | Z15: 0 | AB15: 0 | AD15: 4403.9448 | AE15: 37748.098 | AF15: 23277.994 | AG15: 0 | AH15: 0 | AI15: 0 | AK15: =IF(F15="", " ", VLOOKUP(F15,#REF!, 1, FALSE)) -> #REF!
A16: Transporte de entulho acima de 30 km | B16: t.km | D16: 04.01.01.05 | E16: SINAPI | F16: 93599 | G16: TRANSPORTE COM CAMINHÃO BASCULANTE DE 14 M³, EM VIA URBANA PAVIMENTADA, ADICIONAL PARA DMT EXCEDENTE A 30 KM (UNIDADE: TXKM). AF_07/2020 | H16: TXKM | I16: =IF($F16="","",IF('TRECHO(S) A IMPRIMIR'!$B$1= 1, SUM(Q16, T16, W16, Z16), IF('TRECHO(S) A IMPRIMIR'!$B$1= 2, T16, IF('TRECHO(S) A IMPRIMIR'!$B$1= 3, W16, 0)))) -> 0 | J16: 0.41 | K16: =IF(AND(F16<>"", J16<>""), IF(OR(F16= "CP9001", F16= "CP9091", F16= "CP9092"), 0, IF(ISNA(VLOOKUP(F16, $M$626:$M$646, 1, FALSE)), $M$4, $M$5)), "") -> 0.20335138 | L16: =IF(J16="","", IF(AND(J16<>"",K16=""),J16,J16 * (1 + K16))) -> 0.49337407 | M16: =IF(OR(I16="",L16=""),"",I16*L16) -> 0 | Q16: =Q13 * S16 -> 0 | S16: 0 | T16: =T13 * V16 -> 0 | V16: =IF('MLQ-DMT-TR1'!$E$7 > 30, 'MLQ-DMT-TR1'!$E$7 - 30, 0) -> 0 | W16: =W13 * Y16 -> 0 | Y16: =IF('MLQ-DMT-TR3'!$E$7 > 30, 'MLQ-DMT-TR3'!$E$7 - 30, 0) -> 0 | Z16: =Z13 * AB16 -> 0 | AB16: 0 | AI16: =IF(SUM(AD16:AH16)=0,"",M16 - SUM(AD16:AH16)) | AK16: =IF(F16="", " ", VLOOKUP(F16,#REF!, 1, FALSE)) -> #REF!
A17: Taxa de descarte de rcc | B17: t | D17: 04.01.01.06 | E17: PROJETO | F17: CP9092 | G17: TAXA DE DESCARTE DE RESÍDUOS DE PODAS E GALHADAS | H17: T | I17: 2376.45 | J17: 19.07 | K17: 0 | L17: 19.07 | M17: 45318.902 | Q17: 0 | T17: 1451.1 | W17: 925.35 | Z17: 0 | AD17: 0 | AE17: 0 | AF17: 0 | AG17: 45318.902 | AH17: 0 | AI17: 0 | AK17: =IF(F17="", " ", VLOOKUP(F17,#REF!, 1, FALSE)) -> #REF!
A18: ESCAVAÇÃO DAS LAGOAS, CONSIDERANDO-SE PARTE DO VOUME ESCAVADO PARA O BOTA-ESPERA (PROJETO DO TRECHO 3 - LOTES 1 E 2) E PARTE REUTILIZADA NAS BASES E SUB-BASES DESTE PROJETO. | D18: 04.01.02 | G18: ESCAVAÇÃO DAS LAGOAS, CONSIDERANDO-SE PARTE DO VOUME ESCAVADO PARA O BOTA-ESPERA (PROJETO DO TRECHO 3 - LOTES 1 E 2) E PARTE REUTILIZADA NAS BASES E SUB-BASES DESTE PROJETO. | M18: 1812650.6 | AI18: =IF(SUM(AD18:AH18)=0,"",M18 - SUM(AD18:AH18)) | AK18: =IF(F18="", " ", VLOOKUP(F18,#REF!, 1, FALSE))
A19: ESCAVAÇÕES DAS LAGOAS | D19: 04.01.02.01 | G19: ESCAVAÇÕES DAS LAGOAS | I19: =IF($F19="","",IF('TRECHO(S) A IMPRIMIR'!$B$1= 1, SUM(Q19, T19, W19, Z19), IF('TRECHO(S) A IMPRIMIR'!$B$1= 2, T19, IF('TRECHO(S) A IMPRIMIR'!$B$1= 3, W19, 0)))) | K19: =IF(AND(F19<>"", J19<>""), IF(OR(F19= "CP9001", F19= "CP9091", F19= "CP9092"), 0, IF(ISNA(VLOOKUP(F19, $M$626:$M$646, 1, FALSE)), $M$4, $M$5)), "") | L19: =IF(J19="","", IF(AND(J19<>"",K19=""),J19,J19 * (1 + K19))) | M19: =IF(OR(I19="",L19=""),"",I19*L19) | AI19: =IF(SUM(AD19:AH19)=0,"",M19 - SUM(AD19:AH19)) | AK19: =IF(F19="", " ", VLOOKUP(F19,#REF!, 1, FALSE))
A20: Escavação mecanizada com trator de esteiras, em material de 1ª catetoria | B20: m³ | D20: 04.01.02.01.01 | E20: SINAPI | F20: 101145 | G20: ESCAVAÇÃO HORIZONTAL, INCLUINDO CARGA, DESCARGA E TRANSPORTE EM SOLO DE 1A CATEGORIA COM TRATOR DE ESTEIRAS (150HP/LÂMINA: 3,18M3) E CAMINHÃO BASCULANTE DE 14M3, DMT ATÉ 200M. AF_07/2020 | H20: M3 | I20: 58647.05 | J20: 10.75 | K20: 0.20335138 | L20: 12.936027 | M20: 758659.84 | T20: 10945.87 | U20: 1.0923072 | W20: 47701.18 | X20: 1.0923072 | AD20: 93862.102 | AE20: 339456.17 | AF20: 325341.57 | AG20: 0 | AH20: 0 | AI20: 1.1641532e-10 | AK20: =IF(F20="", " ", VLOOKUP(F20,#REF!, 1, FALSE)) -> #REF!
A21: Escavação mecanizada com trator de esteiras, em material de 2ª catetoria | B21: m³ | D21: 04.01.02.02 | E21: SINAPI | F21: 101150 | G21: ESCAVAÇÃO HORIZONTAL, INCLUINDO ESCARIFICAÇÃO, CARGA, DESCARGA E TRANSPORTE EM SOLO DE 2A CATEGORIA COM TRATOR DE ESTEIRAS (150HP/LÂMINA: 3,18M3) E CAMINHÃO BASCULANTE DE 14M3, DMT ATÉ 200M. AF_07/2020 | H21: M3 | I21: 497.33 | J21: 13.44 | K21: 0.20335138 | L21: 16.173043 | M21: 8043.3393 | T21: 497.33 | U21: 1.0923072 | W21: 0 | X21: 1.0923072 | AD21: 1113.1407 | AE21: 3405.253 | AF21: 3524.9456 | AG21: 0 | AH21: 0 | AI21: -9.094947e-13 | AK21: =IF(F21="", " ", VLOOKUP(F21,#REF!, 1, FALSE)) -> #REF!
A22: TRANSPORTE PARA USO LOCAL EM SUB-BASES E BASES | D22: 04.01.02.02 | G22: TRANSPORTE PARA USO LOCAL EM SUB-BASES E BASES | I22: =IF($F22="","",IF('TRECHO(S) A IMPRIMIR'!$B$1= 1, SUM(Q22, T22, W22, Z22), IF('TRECHO(S) A IMPRIMIR'!$B$1= 2, T22, IF('TRECHO(S) A IMPRIMIR'!$B$1= 3, W22, 0)))) | K22: =IF(AND(F22<>"", J22<>""), IF(OR(F22= "CP9001", F22= "CP9091", F22= "CP9092"), 0, IF(ISNA(VLOOKUP(F22, $M$626:$M$646, 1, FALSE)), $M$4, $M$5)), "") | L22: =IF(J22="","", IF(AND(J22<>"",K22=""),J22,J22 * (1 + K22))) | M22: =IF(OR(I22="",L22=""),"",I22*L22) | AK22: =IF(F22="", " ", VLOOKUP(F22,#REF!, 1, FALSE))
A23: Carga, manobra e descarga de solo reaproveitado da escavação | B23: m³ | D23: 04.01.02.02.01 | E23: SINAPI | F23: 100995 | G23: CARGA, MANOBRA E DESCARGA DE SOLOS E MATERIAIS GRANULARES EM CAMINHÃO BASCULANTE 14 M³ - CARGA COM ESCAVADEIRA HIDRÁULICA (CAÇAMBA DE 1,20 M³ / 155 HP) E DESCARGA LIVRE (UNIDADE: T). AF_07/2020 | H23: T | I23: 30744.166 | J23: 3.11 | K23: 0.20335138 | L23: 3.7424228 | M23: 115057.67 | Q23: 0 | T23: 17085.943 | W23: 13658.223 | Z23: 0 | AD23: 11468.771 | AE23: 54014.211 | AF23: 49574.687 | AG23: 0 | AH23: 0 | AI23: 0 | AK23: =IF(F23="", " ", VLOOKUP(F23,#REF!, 1, FALSE)) -> #REF!
A24: Transporte comercial até 30 km | B24: m³ | D24: 05.03.02 | E24: SINAPI | F24: 95879 | G24: TRANSPORTE COM CAMINHÃO BASCULANTE DE 14 M³, EM VIA URBANA PAVIMENTADA, DMT ATÉ 30 KM (UNIDADE: TXKM). AF_07/2020 | H24: TXKM | I24: 25280.877 | J24: 1.04 | K24: 0.20335138 | L24: 1.2514854 | M24: 31638.649 | Q24: 0 | S24: 0 | T24: 17085.943 | V24: 1 | W24: 8194.9341 | Y24: 0.6 | Z24: 0 | AB24: 0 | AD24: 2129.5245 | AE24: 18253.067 | AF24: 11256.058 | AG24: 0 | AH24: 0 | AI24: 0 | AK24: =IF(F24="", " ", VLOOKUP(F24,#REF!, 1, FALSE)) -> #REF!
A25: TRANSPORTE PARA O BOTA-ESPERA NO PROJETO DO TRECHO 3 LOTES 1 E 2 | D25: 04.01.02.03 | G25: TRANSPORTE PARA O BOTA-ESPERA NO PROJETO DO TRECHO 3 LOTES 1 E 2 | I25: =IF($F25="","",IF('TRECHO(S) A IMPRIMIR'!$B$1= 1, SUM(Q25, T25, W25, Z25), IF('TRECHO(S) A IMPRIMIR'!$B$1= 2, T25, IF('TRECHO(S) A IMPRIMIR'!$B$1= 3, W25, 0)))) | K25: =IF(AND(F25<>"", J25<>""), IF(OR(F25= "CP9001", F25= "CP9091", F25= "CP9092"), 0, IF(ISNA(VLOOKUP(F25, $M$626:$M$646, 1, FALSE)), $M$4, $M$5)), "") | L25: =IF(J25="","", IF(AND(J25<>"",K25=""),J25,J25 * (1 + K25))) | M25: =IF(OR(I25="",L25=""),"",I25*L25) | AK25: =IF(F25="", " ", VLOOKUP(F25,#REF!, 1, FALSE))
A26: Carga, manobra e descarga de solo reaproveitado da escavação | B26: m³ | D26: 04.01.02.03.01 | E26: SINAPI | F26: 100995 | G26: CARGA, MANOBRA E DESCARGA DE SOLOS E MATERIAIS GRANULARES EM CAMINHÃO BASCULANTE 14 M³ - CARGA COM ESCAVADEIRA HIDRÁULICA (CAÇAMBA DE 1,20 M³ / 155 HP) E DESCARGA LIVRE (UNIDADE: T). AF_07/2020 | H26: T | I26: 33859.669 | J26: 3.11 | K26: 0.20335138 | L26: 3.7424228 | M26: 126717.2 | Q26: 0 | T26: -4586.4524 | W26: 38446.121 | Z26: 0 | AD26: 12630.975 | AE26: 59487.816 | AF26: 54598.406 | AG26: 0 | AH26: 0 | AI26: 0 | AK26: =IF(F26="", " ", VLOOKUP(F26,#REF!, 1, FALSE)) -> #REF!
A27: Transporte comercial até 30 km | B27: m³ | D27: 04.01.02.03.02 | E27: SINAPI | F27: 95879 | G27: TRANSPORTE COM CAMINHÃO BASCULANTE DE 14 M³, EM VIA URBANA PAVIMENTADA, DMT ATÉ 30 KM (UNIDADE: TXKM). AF_07/2020 | H27: TXKM | I27: 617293.57 | J27: 1.04 | K27: 0.20335138 | L27: 1.2514854 | M27: 772533.92 | Q27: 0 | S27: 0 | T27: -78581.217 | V27: 17.133333 | W27: 695874.79 | Y27: 18.1 | Z27: 0 | AB27: 0 | AD27: 51997.475 | AE27: 445692.65 | AF27: 274843.8 | AG27: 0 | AH27: 0 | AI27: 0 | AK27: =IF(F27="", " ", VLOOKUP(F27,#REF!, 1, FALSE)) -> #REF!
A28: Transporte comercial acima de 30 km | B28: m³ | D28: 04.01.02.03.03 | E28: SINAPI | F28: 93599 | G28: TRANSPORTE COM CAMINHÃO BASCULANTE DE 14 M³, EM VIA URBANA PAVIMENTADA, ADICIONAL PARA DMT EXCEDENTE A 30 KM (UNIDADE: TXKM). AF_07/2020 | H28: TXKM | I28: =IF($F28="","",IF('TRECHO(S) A IMPRIMIR'!$B$1= 1, SUM(Q28, T28, W28, Z28), IF('TRECHO(S) A IMPRIMIR'!$B$1= 2, T28, IF('TRECHO(S) A IMPRIMIR'!$B$1= 3, W28, 0)))) -> 0 | J28: 0.41 | K28: =IF(AND(F28<>"",J28<>""), IF(OR(F28= "CP9001", F28= "CP9091", F28= "CP9092"), 0, IF($M$1 = "ENCARGOS SOCIAIS SEM DESONERAÇÃO",'BDI obras SD'!$H$23,'BDI obras CD'!$H$23)),"") -> 0.20335138 | L28: =IF(J28="","", IF(AND(J28<>"",K28=""),J28,J28 * (1 + K28))) -> 0.49337407 | M28: =IF(OR(I28="",L28=""),"",I28*L28) -> 0 | Q28: =Q26 * S28 -> 0 | S28: 0 | T28: =T26 * V28 -> 0 | V28: =IF('MLQ-DMT-TR1'!$E$15 > 30, 'MLQ-DMT-TR1'!$E$15 - 30, 0) -> 0 | W28: =W26 * Y28 -> 0 | Y28: =IF('MLQ-DMT-TR3'!$E$7 > 30, 'MLQ-DMT-TR3'!$E$7 - 30, 0) -> 0 | Z28: =Z26 * AB28 -> 0 | AB28: 0 | AI28: =IF(SUM(AD28:AH28)=0,"",M28 - SUM(AD28:AH28)) | AK28: =IF(F28="", " ", VLOOKUP(F28,#REF!, 1, FALSE)) -> #REF!
A29: REGULARIZAÇÃO DO FUNDO DAS LAGOAS | D29: 04.01.03 | G29: REGULARIZAÇÃO DO FUNDO DAS LAGOAS | M29: 301.79571 | AI29: =IF(SUM(AD29:AH29)=0,"",M29 - SUM(AD29:AH29)) | AK29: =IF(F29="", " ", VLOOKUP(F29,#REF!, 1, FALSE))
A30: Regularização do fundo da lagoa. | B30: m² | D30: 04.01.03.01 | E30: SINAPI | F30: 100575 | G30: REGULARIZAÇÃO DE SUPERFÍCIES COM MOTONIVELADORA. AF_11/2019 | H30: M2 | I30: 3582.8 | J30: 0.07 | K30: 0.20335138 | L30: 0.084234597 | M30: 301.79571 | T30: 1955.39 | W30: 1627.41 | AD30: 129.34102 | AE30: 0 | AF30: 172.45469 | AG30: 0 | AH30: 0 | AI30: 5.6843419e-14 | AK30: =IF(F30="", " ", VLOOKUP(F30,#REF!, 1, FALSE)) -> #REF!
A31: CONTENÇÕES DAS LAGOAS | D31: 04.01.04 | G31: CONTENÇÕES DAS LAGOAS | M31: 186176.23 | AK31: =IF(F31="", " ", VLOOKUP(F31,#REF!, 1, FALSE))
A32: CONTENÇÕES DE LAGOAS COM ATERROS COM REAPROVEITAMENTO DO MATERIAL DE 1ª CATEGORIA ESCAVADO DA LAGOA | D32: 04.01.04.01 | G32: CONTENÇÕES DE LAGOAS COM ATERROS COM REAPROVEITAMENTO DO MATERIAL DE 1ª CATEGORIA ESCAVADO DA LAGOA | I32: =IF($F32="","",IF('TRECHO(S) A IMPRIMIR'!$B$1= 1, SUM(Q32, T32, W32, Z32), IF('TRECHO(S) A IMPRIMIR'!$B$1= 2, T32, IF('TRECHO(S) A IMPRIMIR'!$B$1= 3, W32, 0)))) | K32: =IF(AND(F32<>"", J32<>""), IF(OR(F32= "CP9001", F32= "CP9091", F32= "CP9092"), 0, IF(ISNA(VLOOKUP(F32, $M$626:$M$646, 1, FALSE)), $M$4, $M$5)), "") | L32: =IF(J32="","", IF(AND(J32<>"",K32=""),J32,J32 * (1 + K32))) | M32: =IF(OR(I32="",L32=""),"",I32*L32) | AK32: =IF(F32="", " ", VLOOKUP(F32,#REF!, 1, FALSE))
A33: Regularização da base do talude de contenção | B33: m² | D33: 04.01.04.01.01 | E33: SINAPI | F33: 100577 | G33: REGULARIZAÇÃO E COMPACTAÇÃO DE SUBLEITO DE SOLO PREDOMINANTEMENTE ARENOSO. AF_11/2019 | H33: M2 | I33: 2434.2553 | J33: 0.77 | K33: 0.20335138 | L33: 0.92658057 | M33: 2255.5337 | T33: 2434.2553 | W33: 0 | AD33: 527.26761 | AE33: 673.73083 | AF33: 1054.5352 | AG33: 0 | AH33: 0 | AI33: 0 | AK33: =IF(F33="", " ", VLOOKUP(F33,#REF!, 1, FALSE)) -> #REF!
A34: Aterro dos taludes | B34: m² | D34: 04.01.04.01.02 | E34: SINAPI | F34: 96386 | G34: EXECUÇÃO E COMPACTAÇÃO DE ATERRO COM SOLO PREDOMINANTEMENTE ARENOSO - EXCLUSIVE SOLO, ESCAVAÇÃO, CARGA E TRANSPORTE. AF_11/2019 | H34: M3 | I34: 2726.8 | J34: 5.51 | K34: 0.20335138 | L34: 6.6304661 | M34: 18079.955 | T34: 2726.8 | W34: 0 | AD34: 4298.5011 | AE34: 4954.7608 | AF34: 8826.6931 | AG34: 0 | AH34: 0 | AI34: -3.6379788e-12 | AK34: =IF(F34="", " ", VLOOKUP(F34,#REF!, 1, FALSE)) -> #REF!
A35: Proteção de taludes e aterros com geotêxtil | B35: m² | D35: 04.01.04.01.03 | E35: SINAPI | F35: 73881/1 | G35: EXECUCAO DE DRENO COM MANTA GEOTEXTIL 200 G/M2 | H35: M2 | I35: 5553.7102 | J35: 6.44 | K35: 0.20335138 | L35: 7.7495829 | M35: 43038.938 | T35: 3233.3854 | W35: 2320.3248 | AD35: 1470.2743 | AE35: 41568.663 | AF35: 0 | AG35: 0 | AH35: 0 | AI35: 0 | AK35: =IF(F35="", " ", VLOOKUP(F35,#REF!, 1, FALSE)) -> #REF!
A36: Plantio de grama | B36: m² | D36: 04.01.04.01.04 | E36: SINAPI | F36: 98504 | G36: PLANTIO DE GRAMA EM PLACAS. AF_05/2018 | H36: M2 | I36: 8628.6948 | J36: 11.36 | K36: 0.20335138 | L36: 13.670072 | M36: 117954.88 | T36: 4546.85 | W36: 4081.8448 | AD36: 25646.879 | AE36: 92307.998 | AF36: 0 | AG36: 0 | AH36: 0 | AI36: -1.4551915e-11 | AK36: =IF(F36="", " ", VLOOKUP(F36,#REF!, 1, FALSE)) -> #REF!
A37: Fixação da grama e do geotêxtil | B37: kg | D37: 04.01.04.01.05 | E37: SINAPI | F37: 92792 | G37: CORTE E DOBRA DE AÇO CA-50, DIÂMETRO DE 6,3 MM, UTILIZADO EM ESTRUTURAS DIVERSAS, EXCETO LAJES. AF_12/2015 | H37: KG | I37: 332.60553 | J37: 12.11 | K37: 0.20335138 | L37: 14.572585 | M37: 4846.9225 | O37: Considerados grampos em "U" c/0,5 m cada e 1 grampo a cada 2,25 m² | T37: 193.64386 | W37: 138.96168 | AD37: 320.19306 | AE37: 4526.7294 | AF37: 0 | AG37: 0 | AH37: 0 | AI37: 9.094947e-13 | AK37: =IF(F37="", " ", VLOOKUP(F37,#REF!, 1, FALSE)) -> #REF!
A38: CONTENÇÕES DE LAGOAS COM GABIÃO CAIXA | D38: 04.01.04.02 | G38: CONTENÇÕES DE LAGOAS COM GABIÃO CAIXA | AI38: =IF(SUM(AD38:AH38)=0,"",M38 - SUM(AD38:AH38)) | AK38: =IF(F38="", " ", VLOOKUP(F38,#REF!, 1, FALSE))
A39: Geotêxtil | B39: m² | D39: 04.01.04.02.01 | E39: SINAPI | F39: 73881/1 | G39: EXECUCAO DE DRENO COM MANTA GEOTEXTIL 200 G/M2 | H39: M2 | I39: =IF($F39="","",IF('TRECHO(S) A IMPRIMIR'!$B$1= 1, SUM(Q39, T39, W39, Z39), IF('TRECHO(S) A IMPRIMIR'!$B$1= 2, T39, IF('TRECHO(S) A IMPRIMIR'!$B$1= 3, W39, 0)))) -> 0 | J39: 6.44 | K39: =IF(AND(F39<>"", J39<>""), IF(OR(F39= "CP9001", F39= "CP9091", F39= "CP9092"), 0, IF(ISNA(VLOOKUP(F39, $M$626:$M$646, 1, FALSE)), $M$4, $M$5)), "") -> 0.20335138 | L39: =IF(J39="","", IF(AND(J39<>"",K39=""),J39,J39 * (1 + K39))) -> 7.7495829 | M39: =IF(OR(I39="",L39=""),"",I39*L39) -> 0 | T39: ='04-MLQ-CR-LAGOAS'!F30 -> 0 | W39: ='04-MLQ-CR-LAGOAS'!M30 -> 0 | AI39: =IF(SUM(AD39:AH39)=0,"",M39 - SUM(AD39:AH39)) | AK39: =IF(F39="", " ", VLOOKUP(F39,#REF!, 1, FALSE)) -> #REF!
A40: Transporte de britas e rochas até 30 km | B40: t.km | D40: 04.01.04.02.02 | E40: SINAPI | F40: 95879 | G40: TRANSPORTE COM CAMINHÃO BASCULANTE DE 14 M³, EM VIA URBANA PAVIMENTADA, DMT ATÉ 30 KM (UNIDADE: TXKM). AF_07/2020 | H40: TXKM | I40: =IF($F40="","",IF('TRECHO(S) A IMPRIMIR'!$B$1= 1, SUM(Q40, T40, W40, Z40), IF('TRECHO(S) A IMPRIMIR'!$B$1= 2, T40, IF('TRECHO(S) A IMPRIMIR'!$B$1= 3, W40, 0)))) -> 0 | J40: 1.04 | K40: =IF(AND(F40<>"", J40<>""), IF(OR(F40= "CP9001", F40= "CP9091", F40= "CP9092"), 0, IF(ISNA(VLOOKUP(F40, $M$626:$M$646, 1, FALSE)), $M$4, $M$5)), "") -> 0.20335138 | L40: =IF(J40="","", IF(AND(J40<>"",K40=""),J40,J40 * (1 + K40))) -> 1.2514854 | M40: =IF(OR(I40="",L40=""),"",I40*L40) -> 0 | Q40: =Q43 * R43 * S40 -> 0 | S40: =IF('MLQ-DMT-TR1'!$E$9 <= 30, 'MLQ-DMT-TR1'!$E$9, 30) -> 30 | T40: =T43 * U43 * V40 -> 0 | V40: =IF('MLQ-DMT-TR1'!$E$9 <= 30, 'MLQ-DMT-TR1'!$E$9, 30) -> 30 | W40: =W43 * X43 * Y40 -> 0 | Y40: =IF('MLQ-DMT-TR3'!$E$9 <= 30, 'MLQ-DMT-TR3'!$E$9, 30) -> 30 | Z40: =Z43 * AA43 * AB40 -> 0 | AI40: =IF(SUM(AD40:AH40)=0,"",M40 - SUM(AD40:AH40)) | AK40: =IF(F40="", " ", VLOOKUP(F40,#REF!, 1, FALSE)) -> #REF!
A41: Transporte de britas e rochas além de 30 km | B41: t.km | D41: 04.01.04.02.03 | E41: SINAPI | F41: 93599 | G41: TRANSPORTE COM CAMINHÃO BASCULANTE DE 14 M³, EM VIA URBANA PAVIMENTADA, ADICIONAL PARA DMT EXCEDENTE A 30 KM (UNIDADE: TXKM). AF_07/2020 | H41: TXKM | I41: =IF($F41="","",IF('TRECHO(S) A IMPRIMIR'!$B$1= 1, SUM(Q41, T41, W41, Z41), IF('TRECHO(S) A IMPRIMIR'!$B$1= 2, T41, IF('TRECHO(S) A IMPRIMIR'!$B$1= 3, W41, 0)))) -> 0 | J41: 0.41 | K41: =IF(AND(F41<>"", J41<>""), IF(OR(F41= "CP9001", F41= "CP9091", F41= "CP9092"), 0, IF(ISNA(VLOOKUP(F41, $M$626:$M$646, 1, FALSE)), $M$4, $M$5)), "") -> 0.20335138 | L41: =IF(J41="","", IF(AND(J41<>"",K41=""),J41,J41 * (1 + K41))) -> 0.49337407 | M41: =IF(OR(I41="",L41=""),"",I41*L41) -> 0 | Q41: =Q43 * R43 * S41 -> 0 | S41: =IF('MLQ-DMT-TR1'!$E$9 > 30, 'MLQ-DMT-TR1'!$E$9 - 30, 0) -> 27 | T41: =T43 * U43 * V41 -> 0 | V41: =IF('MLQ-DMT-TR1'!$E$9 > 30, 'MLQ-DMT-TR1'!$E$9 - 30, 0) -> 27 | W41: =W43 * X43 * Y41 -> 0 | Y41: =IF('MLQ-DMT-TR3'!$E$9 > 30, 'MLQ-DMT-TR3'!$E$9 - 30, 0) -> 27 | Z41: =Z43 * AA43 * AB41 -> 0 | AI41: =IF(SUM(AD41:AH41)=0,"",M41 - SUM(AD41:AH41)) | AK41: =IF(F41="", " ", VLOOKUP(F41,#REF!, 1, FALSE)) -> #REF!
A42: Transporte de britas e rochas dentro da obra | B42: t.km | D42: 04.01.04.02.04 | E42: SINAPI | F42: 100943 | G42: TRANSPORTE COM CAMINHÃO BASCULANTE DE 14 M³, EM VIA INTERNA (DENTRO DO CANTEIRO - UNIDADE: TXKM). AF_07/2020 | H42: TXKM | I42: =IF($F42="","",IF('TRECHO(S) A IMPRIMIR'!$B$1= 1, SUM(Q42, T42, W42, Z42), IF('TRECHO(S) A IMPRIMIR'!$B$1= 2, T42, IF('TRECHO(S) A IMPRIMIR'!$B$1= 3, W42, 0)))) -> 0 | J42: 3.1 | K42: =IF(AND(F42<>"", J42<>""), IF(OR(F42= "CP9001", F42= "CP9091", F42= "CP9092"), 0, IF(ISNA(VLOOKUP(F42, $M$626:$M$646, 1, FALSE)), $M$4, $M$5)), "") -> 0.20335138 | L42: =IF(J42="","", IF(AND(J42<>"",K42=""),J42,J42 * (1 + K42))) -> 3.7303893 | M42: =IF(OR(I42="",L42=""),"",I42*L42) -> 0 | Q42: =Q43 * R43 * S42 -> 0 | S42: ='MLQ-DMT-TR1'!$E$16 -> 1 | T42: =T43 * U43 * V42 -> 0 | V42: ='MLQ-DMT-TR1'!$E$16 -> 1 | W42: =W43 * X43 * Y42 -> 0 | Y42: ='MLQ-DMT-TR3'!$E$16 -> 0.6 | Z42: =Z43 * AA43 * AB42 -> 0 | AI42: =IF(SUM(AD42:AH42)=0,"",M42 - SUM(AD42:AH42)) | AK42: =IF(F42="", " ", VLOOKUP(F42,#REF!, 1, FALSE)) -> #REF!
A43: Gabião caixa | B43: m³ | D43: 04.01.04.02.05 | E43: SINAPI | F43: 92743 | G43: MURO DE GABIÃO, ENCHIMENTO COM PEDRA DE MÃO TIPO RACHÃO, DE GRAVIDADE, COM GAIOLAS DE COMPRIMENTO IGUAL A 2 M, PARA MUROS COM ALTURA MENOR OU IGUAL A 4 M  FORNECIMENTO E EXECUÇÃO. AF_12/2015 | H43: M3 | I43: =IF($F43="","",IF('TRECHO(S) A IMPRIMIR'!$B$1= 1, SUM(Q43, T43, W43, Z43), IF('TRECHO(S) A IMPRIMIR'!$B$1= 2, T43, IF('TRECHO(S) A IMPRIMIR'!$B$1= 3, W43, 0)))) -> 0 | J43: 587.59 | K43: =IF(AND(F43<>"", J43<>""), IF(OR(F43= "CP9001", F43= "CP9091", F43= "CP9092"), 0, IF(ISNA(VLOOKUP(F43, $M$626:$M$646, 1, FALSE)), $M$4, $M$5)), "") -> 0.20335138 | L43: =IF(J43="","", IF(AND(J43<>"",K43=""),J43,J43 * (1 + K43))) -> 707.07724 | M43: =IF(OR(I43="",L43=""),"",I43*L43) -> 0 | R43: ='MLQ-PESP'!$C$8 -> 1.65 | T43: ='04-MLQ-CR-LAGOAS'!F34 -> 0 | U43: ='MLQ-PESP'!$C$8 -> 1.65 | W43: ='04-MLQ-CR-LAGOAS'!M30 -> 0 | X43: ='MLQ-PESP'!$C$8 -> 1.65 | AA43: ='MLQ-PESP'!$C$8 -> 1.65 | AI43: =IF(SUM(AD43:AH43)=0,"",M43 - SUM(AD43:AH43)) | AK43: =IF(F43="", " ", VLOOKUP(F43,#REF!, 1, FALSE)) -> #REF!
A44: ESTRUTURAS DE ENTRADA | D44: 04.01.05 | G44: ESTRUTURAS DE ENTRADA | I44: =IF($F44="","",IF('TRECHO(S) A IMPRIMIR'!$B$1= 1, SUM(Q44, T44, W44, Z44), IF('TRECHO(S) A IMPRIMIR'!$B$1= 2, T44, IF('TRECHO(S) A IMPRIMIR'!$B$1= 3, W44, 0)))) | K44: =IF(AND(F44<>"", J44<>""), IF(OR(F44= "CP9001", F44= "CP9091", F44= "CP9092"), 0, IF(ISNA(VLOOKUP(F44, $M$626:$M$646, 1, FALSE)), $M$4, $M$5)), "") | L44: =IF(J44="","", IF(AND(J44<>"",K44=""),J44,J44 * (1 + K44))) | M44: 359259.96 | AI44: =IF(SUM(AD44:AH44)=0,"",M44 - SUM(AD44:AH44)) | AK44: =IF(F44="", " ", VLOOKUP(F44,#REF!, 1, FALSE))
A45: FUNDAÇÕES PROFUNDAS | D45: 04.01.05.01 | G45: FUNDAÇÕES PROFUNDAS | I45: =IF($F45="","",IF('TRECHO(S) A IMPRIMIR'!$B$1= 1, SUM(Q45, T45, W45, Z45), IF('TRECHO(S) A IMPRIMIR'!$B$1= 2, T45, IF('TRECHO(S) A IMPRIMIR'!$B$1= 3, W45, 0)))) | K45: =IF(AND(F45<>"", J45<>""), IF(OR(F45= "CP9001", F45= "CP9091", F45= "CP9092"), 0, IF(ISNA(VLOOKUP(F45, $M$626:$M$646, 1, FALSE)), $M$4, $M$5)), "") | L45: =IF(J45="","", IF(AND(J45<>"",K45=""),J45,J45 * (1 + K45))) | M45: =IF(OR(I45="",L45=""),"",I45*L45) | AI45: =IF(SUM(AD45:AH45)=0,"",M45 - SUM(AD45:AH45)) | AK45: =IF(F45="", " ", VLOOKUP(F45,#REF!, 1, FALSE))
A46: Carga de aço para estruturas | B46: t | D46: 04.01.05.01.01 | E46: SINAPI | F46: 101010 | G46: CARGA, MANOBRA E DESCARGA DE PERFIL METÁLICO EM CAMINHÃO CARROCERIA COM GUINDAUTO (MUNCK) 11,7 TM. AF_07/2020 | H46: T | I46: =IF($F46="","",IF('TRECHO(S) A IMPRIMIR'!$B$1= 1, SUM(Q46, T46, W46, Z46), IF('TRECHO(S) A IMPRIMIR'!$B$1= 2, T46, IF('TRECHO(S) A IMPRIMIR'!$B$1= 3, W46, 0)))) -> 0 | J46: 17.26 | K46: =IF(AND(F46<>"", J46<>""), IF(OR(F46= "CP9001", F46= "CP9091", F46= "CP9092"), 0, IF(ISNA(VLOOKUP(F46, $M$626:$M$646, 1, FALSE)), $M$4, $M$5)), "") -> 0.20335138 | L46: =IF(J46="","", IF(AND(J46<>"",K46=""),J46,J46 * (1 + K46))) -> 20.769845 | M46: =IF(OR(I46="",L46=""),"",I46*L46) -> 0 | T46: ='04-MLQ-CR-LAGOAS'!F37 -> 0 | W46: ='04-MLQ-CR-LAGOAS'!L37 -> 0 | AI46: =IF(SUM(AD46:AH46)=0,"",M46 - SUM(AD46:AH46)) | AK46: =IF(F46="", " ", VLOOKUP(F46,#REF!, 1, FALSE)) -> #REF!
A47: Transporte de aço para estruturas | B47: t.km | D47: 04.01.05.01.02 | E47: SINAPI | F47: 100954 | G47: TRANSPORTE COM CAMINHÃO CARROCERIA COM GUINDAUTO (MUNCK), MOMENTO MÁXIMO DE CARGA 11,7 TM, EM VIA INTERNA (DENTRO DO CANTEIRO - UNIDADE: TXKM). AF_07/2020 | H47: TXKM | I47: =IF($F47="","",IF('TRECHO(S) A IMPRIMIR'!$B$1= 1, SUM(Q47, T47, W47, Z47), IF('TRECHO(S) A IMPRIMIR'!$B$1= 2, T47, IF('TRECHO(S) A IMPRIMIR'!$B$1= 3, W47, 0)))) -> 0 | J47: 5.41 | K47: =IF(AND(F47<>"", J47<>""), IF(OR(F47= "CP9001", F47= "CP9091", F47= "CP9092"), 0, IF(ISNA(VLOOKUP(F47, $M$626:$M$646, 1, FALSE)), $M$4, $M$5)), "") -> 0.20335138 | L47: =IF(J47="","", IF(AND(J47<>"",K47=""),J47,J47 * (1 + K47))) -> 6.510131 | M47: =IF(OR(I47="",L47=""),"",I47*L47) -> 0 | Q47: =Q46 * S47 -> 0 | S47: 0 | T47: =T46 * V47 -> 0 | V47: ='MLQ-DMT-TR1'!$E$16 -> 1 | W47: =W46 * Y47 -> 0 | Y47: ='MLQ-DMT-TR3'!$E$16 -> 0.6 | Z47: =Z46 * AB47 -> 0 | AB47: 0 | AI47: =IF(SUM(AD47:AH47)=0,"",M47 - SUM(AD47:AH47)) | AK47: =IF(F47="", " ", VLOOKUP(F47,#REF!, 1, FALSE)) -> #REF!
A48: Estaca | B48: m | D48: 04.01.05.01.03 | E48: SINAPI | F48: 101176 | G48: ESTACA BROCA DE CONCRETO, DIÂMETRO DE 30CM, ESCAVAÇÃO MANUAL COM TRADO CONCHA, INTEIRAMENTE ARMADA. AF_05/2020 | H48: M | I48: =IF($F48="","",IF('TRECHO(S) A IMPRIMIR'!$B$1= 1, SUM(Q48, T48, W48, Z48), IF('TRECHO(S) A IMPRIMIR'!$B$1= 2, T48, IF('TRECHO(S) A IMPRIMIR'!$B$1= 3, W48, 0)))) -> 0 | J48: 137.46 | K48: =IF(AND(F48<>"", J48<>""), IF(OR(F48= "CP9001", F48= "CP9091", F48= "CP9092"), 0, IF(ISNA(VLOOKUP(F48, $M$626:$M$646, 1, FALSE)), $M$4, $M$5)), "") -> 0.20335138 | L48: =IF(J48="","", IF(AND(J48<>"",K48=""),J48,J48 * (1 + K48))) -> 165.41268 | M48: =IF(OR(I48="",L48=""),"",I48*L48) -> 0 | T48: ='04-MLQ-CR-LAGOAS'!F39 -> 0 | W48: ='04-MLQ-CR-LAGOAS'!L39 -> 0 | AI48: =IF(SUM(AD48:AH48)=0,"",M48 - SUM(AD48:AH48)) | AK48: =IF(F48="", " ", VLOOKUP(F48,#REF!, 1, FALSE)) -> #REF!
A49: FUNDAÇÕES SUBSUPERFICIAIS (BLOCOS E BALDRAMES), CONSIDERADO O ESPALHAMENTO LATERAL DO EXCESSO DA ESCAVAÇÃO APÓS O REATERRO DAS ESTRUTURAS | D49: 04.01.05.02 | G49: FUNDAÇÕES SUBSUPERFICIAIS (BLOCOS E BALDRAMES), CONSIDERADO O ESPALHAMENTO LATERAL DO EXCESSO DA ESCAVAÇÃO APÓS O REATERRO DAS ESTRUTURAS | I49: =IF($F49="","",IF('TRECHO(S) A IMPRIMIR'!$B$1= 1, SUM(Q49, T49, W49, Z49), IF('TRECHO(S) A IMPRIMIR'!$B$1= 2, T49, IF('TRECHO(S) A IMPRIMIR'!$B$1= 3, W49, 0)))) | K49: =IF(AND(F49<>"", J49<>""), IF(OR(F49= "CP9001", F49= "CP9091", F49= "CP9092"), 0, IF(ISNA(VLOOKUP(F49, $M$626:$M$646, 1, FALSE)), $M$4, $M$5)), "") | L49: =IF(J49="","", IF(AND(J49<>"",K49=""),J49,J49 * (1 + K49))) | M49: =IF(OR(I49="",L49=""),"",I49*L49) | AI49: =IF(SUM(AD49:AH49)=0,"",M49 - SUM(AD49:AH49)) | AK49: =IF(F49="", " ", VLOOKUP(F49,#REF!, 1, FALSE))
A50: Escavação manual | B50: m³ | D50: 04.01.05.02.01 | E50: SINAPI | F50: 93358 | G50: ESCAVAÇÃO MANUAL DE VALA COM PROFUNDIDADE MENOR OU IGUAL A 1,30 M. AF_02/2021 | H50: M3 | I50: =IF($F50="","",IF('TRECHO(S) A IMPRIMIR'!$B$1= 1, SUM(Q50, T50, W50, Z50), IF('TRECHO(S) A IMPRIMIR'!$B$1= 2, T50, IF('TRECHO(S) A IMPRIMIR'!$B$1= 3, W50, 0)))) -> 0 | J50: 69.66 | K50: =IF(AND(F50<>"", J50<>""), IF(OR(F50= "CP9001", F50= "CP9091", F50= "CP9092"), 0, IF(ISNA(VLOOKUP(F50, $M$626:$M$646, 1, FALSE)), $M$4, $M$5)), "") -> 0.20335138 | L50: =IF(J50="","", IF(AND(J50<>"",K50=""),J50,J50 * (1 + K50))) -> 83.825457 | M50: =IF(OR(I50="",L50=""),"",I50*L50) -> 0 | T50: ='04-MLQ-CR-LAGOAS'!F41 -> 0 | W50: ='04-MLQ-CR-LAGOAS'!L41 -> 0 | AI50: =IF(SUM(AD50:AH50)=0,"",M50 - SUM(AD50:AH50)) | AK50: =IF(F50="", " ", VLOOKUP(F50,#REF!, 1, FALSE)) -> #REF!
A51: Regularização de fundo | B51: m² | D51: 04.01.05.02.02 | E51: SINAPI | F51: 101616 | G51: PREPARO DE FUNDO DE VALA COM LARGURA MENOR QUE 1,5 M (ACERTO DO SOLO NATURAL). AF_08/2020 | H51: M2 | I51: =IF($F51="","",IF('TRECHO(S) A IMPRIMIR'!$B$1= 1, SUM(Q51, T51, W51, Z51), IF('TRECHO(S) A IMPRIMIR'!$B$1= 2, T51, IF('TRECHO(S) A IMPRIMIR'!$B$1= 3, W51, 0)))) -> 0 | J51: 5.27 | K51: =IF(AND(F51<>"", J51<>""), IF(OR(F51= "CP9001", F51= "CP9091", F51= "CP9092"), 0, IF(ISNA(VLOOKUP(F51, $M$626:$M$646, 1, FALSE)), $M$4, $M$5)), "") -> 0.20335138 | L51: =IF(J51="","", IF(AND(J51<>"",K51=""),J51,J51 * (1 + K51))) -> 6.3416618 | M51: =IF(OR(I51="",L51=""),"",I51*L51) -> 0 | T51: ='04-MLQ-CR-LAGOAS'!F42 -> 0 | W51: ='04-MLQ-CR-LAGOAS'!L42 -> 0 | AI51: =IF(SUM(AD51:AH51)=0,"",M51 - SUM(AD51:AH51)) | AK51: =IF(F51="", " ", VLOOKUP(F51,#REF!, 1, FALSE)) -> #REF!
A52: Arrasamento de estacas | B52: un | D52: 04.01.05.02.03 | E52: SINAPI | F52: 95601 | G52: ARRASAMENTO MECANICO DE ESTACA DE CONCRETO ARMADO, DIAMETROS DE ATÉ 40 CM. AF_05/2021 | H52: UN | I52: =IF($F52="","",IF('TRECHO(S) A IMPRIMIR'!$B$1= 1, SUM(Q52, T52, W52, Z52), IF('TRECHO(S) A IMPRIMIR'!$B$1= 2, T52, IF('TRECHO(S) A IMPRIMIR'!$B$1= 3, W52, 0)))) -> 0 | J52: 13.84 | K52: =IF(AND(F52<>"", J52<>""), IF(OR(F52= "CP9001", F52= "CP9091", F52= "CP9092"), 0, IF(ISNA(VLOOKUP(F52, $M$626:$M$646, 1, FALSE)), $M$4, $M$5)), "") -> 0.20335138 | L52: =IF(J52="","", IF(AND(J52<>"",K52=""),J52,J52 * (1 + K52))) -> 16.654383 | M52: =IF(OR(I52="",L52=""),"",I52*L52) -> 0 | T52: ='04-MLQ-CR-LAGOAS'!F43 -> 0 | W52: ='04-MLQ-CR-LAGOAS'!L43 -> 0 | AI52: =IF(SUM(AD52:AH52)=0,"",M52 - SUM(AD52:AH52)) | AK52: =IF(F52="", " ", VLOOKUP(F52,#REF!, 1, FALSE)) -> #REF!
A53: Lastro de concreto magro | B53: m³ | D53: 04.01.05.02.04 | E53: SINAPI | F53: 94962 | G53: CONCRETO MAGRO PARA LASTRO, TRAÇO 1:4,5:4,5 (EM MASSA SECA DE CIMENTO/ AREIA MÉDIA/ BRITA 1) - PREPARO MECÂNICO COM BETONEIRA 400 L. AF_05/2021 | H53: M3 | I53: =IF($F53="","",IF('TRECHO(S) A IMPRIMIR'!$B$1= 1, SUM(Q53, T53, W53, Z53), IF('TRECHO(S) A IMPRIMIR'!$B$1= 2, T53, IF('TRECHO(S) A IMPRIMIR'!$B$1= 3, W53, 0)))) -> 0 | J53: 329.54 | K53: =IF(AND(F53<>"", J53<>""), IF(OR(F53= "CP9001", F53= "CP9091", F53= "CP9092"), 0, IF(ISNA(VLOOKUP(F53, $M$626:$M$646, 1, FALSE)), $M$4, $M$5)), "") -> 0.20335138 | L53: =IF(J53="","", IF(AND(J53<>"",K53=""),J53,J53 * (1 + K53))) -> 396.55242 | M53: =IF(OR(I53="",L53=""),"",I53*L53) -> 0 | T53: ='04-MLQ-CR-LAGOAS'!F44 -> 0 | W53: ='04-MLQ-CR-LAGOAS'!L44 -> 0 | AI53: =IF(SUM(AD53:AH53)=0,"",M53 - SUM(AD53:AH53)) | AK53: =IF(F53="", " ", VLOOKUP(F53,#REF!, 1, FALSE)) -> #REF!
A54: Fôrmas para blocos | B54: m² | D54: 04.01.05.02.05 | E54: SINAPI | F54: 96534 | G54: FABRICAÇÃO, MONTAGEM E DESMONTAGEM DE FÔRMA PARA BLOCO DE COROAMENTO, EM MADEIRA SERRADA, E=25 MM, 4 UTILIZAÇÕES. AF_06/2017 | H54: M2 | I54: =IF($F54="","",IF('TRECHO(S) A IMPRIMIR'!$B$1= 1, SUM(Q54, T54, W54, Z54), IF('TRECHO(S) A IMPRIMIR'!$B$1= 2, T54, IF('TRECHO(S) A IMPRIMIR'!$B$1= 3, W54, 0)))) -> 0 | J54: 79.49 | K54: =IF(AND(F54<>"", J54<>""), IF(OR(F54= "CP9001", F54= "CP9091", F54= "CP9092"), 0, IF(ISNA(VLOOKUP(F54, $M$626:$M$646, 1, FALSE)), $M$4, $M$5)), "") -> 0.20335138 | L54: =IF(J54="","", IF(AND(J54<>"",K54=""),J54,J54 * (1 + K54))) -> 95.654402 | M54: =IF(OR(I54="",L54=""),"",I54*L54) -> 0 | T54: ='04-MLQ-CR-LAGOAS'!F45 -> 0 | W54: ='04-MLQ-CR-LAGOAS'!L45 -> 0 | AI54: =IF(SUM(AD54:AH54)=0,"",M54 - SUM(AD54:AH54)) | AK54: =IF(F54="", " ", VLOOKUP(F54,#REF!, 1, FALSE)) -> #REF!
A55: Fôrmas para baldrames | B55: m² | D55: 04.01.05.02.06 | E55: SINAPI | F55: 96536 | G55: FABRICAÇÃO, MONTAGEM E DESMONTAGEM DE FÔRMA PARA VIGA BALDRAME, EM MADEIRA SERRADA, E=25 MM, 4 UTILIZAÇÕES. AF_06/2017 | H55: M2 | I55: =IF($F55="","",IF('TRECHO(S) A IMPRIMIR'!$B$1= 1, SUM(Q55, T55, W55, Z55), IF('TRECHO(S) A IMPRIMIR'!$B$1= 2, T55, IF('TRECHO(S) A IMPRIMIR'!$B$1= 3, W55, 0)))) -> 0 | J55: 68.62 | K55: =IF(AND(F55<>"", J55<>""), IF(OR(F55= "CP9001", F55= "CP9091", F55= "CP9092"), 0, IF(ISNA(VLOOKUP(F55, $M$626:$M$646, 1, FALSE)), $M$4, $M$5)), "") -> 0.20335138 | L55: =IF(J55="","", IF(AND(J55<>"",K55=""),J55,J55 * (1 + K55))) -> 82.573972 | M55: =IF(OR(I55="",L55=""),"",I55*L55) -> 0 | T55: ='04-MLQ-CR-LAGOAS'!F46 -> 0 | W55: ='04-MLQ-CR-LAGOAS'!L46 -> 0 | AI55: =IF(SUM(AD55:AH55)=0,"",M55 - SUM(AD55:AH55)) | AK55: =IF(F55="", " ", VLOOKUP(F55,#REF!, 1, FALSE)) -> #REF!
A56: Carga de aço para estruturas | B56: t | D56: 04.01.05.02.07 | E56: SINAPI | F56: 101010 | G56: CARGA, MANOBRA E DESCARGA DE PERFIL METÁLICO EM CAMINHÃO CARROCERIA COM GUINDAUTO (MUNCK) 11,7 TM. AF_07/2020 | H56: T | I56: =IF($F56="","",IF('TRECHO(S) A IMPRIMIR'!$B$1= 1, SUM(Q56, T56, W56, Z56), IF('TRECHO(S) A IMPRIMIR'!$B$1= 2, T56, IF('TRECHO(S) A IMPRIMIR'!$B$1= 3, W56, 0)))) -> 0 | J56: 17.26 | K56: =IF(AND(F56<>"", J56<>""), IF(OR(F56= "CP9001", F56= "CP9091", F56= "CP9092"), 0, IF(ISNA(VLOOKUP(F56, $M$626:$M$646, 1, FALSE)), $M$4, $M$5)), "") -> 0.20335138 | L56: =IF(J56="","", IF(AND(J56<>"",K56=""),J56,J56 * (1 + K56))) -> 20.769845 | M56: =IF(OR(I56="",L56=""),"",I56*L56) -> 0 | T56: ='04-MLQ-CR-LAGOAS'!F47 -> 0 | W56: ='04-MLQ-CR-LAGOAS'!L47 -> 0 | AI56: =IF(SUM(AD56:AH56)=0,"",M56 - SUM(AD56:AH56)) | AK56: =IF(F56="", " ", VLOOKUP(F56,#REF!, 1, FALSE)) -> #REF!
A57: Transporte de aço para estruturas | B57: t.km | D57: 04.01.05.02.08 | E57: SINAPI | F57: 100954 | G57: TRANSPORTE COM CAMINHÃO CARROCERIA COM GUINDAUTO (MUNCK), MOMENTO MÁXIMO DE CARGA 11,7 TM, EM VIA INTERNA (DENTRO DO CANTEIRO - UNIDADE: TXKM). AF_07/2020 | H57: TXKM | I57: =IF($F57="","",IF('TRECHO(S) A IMPRIMIR'!$B$1= 1, SUM(Q57, T57, W57, Z57), IF('TRECHO(S) A IMPRIMIR'!$B$1= 2, T57, IF('TRECHO(S) A IMPRIMIR'!$B$1= 3, W57, 0)))) -> 0 | J57: 5.41 | K57: =IF(AND(F57<>"", J57<>""), IF(OR(F57= "CP9001", F57= "CP9091", F57= "CP9092"), 0, IF(ISNA(VLOOKUP(F57, $M$626:$M$646, 1, FALSE)), $M$4, $M$5)), "") -> 0.20335138 | L57: =IF(J57="","", IF(AND(J57<>"",K57=""),J57,J57 * (1 + K57))) -> 6.510131 | M57: =IF(OR(I57="",L57=""),"",I57*L57) -> 0 | Q57: =Q56 * S57 -> 0 | S57: 0 | T57: =T56 * V57 -> 0 | V57: ='MLQ-DMT-TR1'!$E$16 -> 1 | W57: =W56 * Y57 -> 0 | Y57: ='MLQ-DMT-TR3'!$E$16 -> 0.6 | Z57: =Z56 * AB57 -> 0 | AB57: 0 | AI57: =IF(SUM(AD57:AH57)=0,"",M57 - SUM(AD57:AH57)) | AK57: =IF(F57="", " ", VLOOKUP(F57,#REF!, 1, FALSE)) -> #REF!
A58: Armação | B58: kg | D58: 04.01.05.02.09 | E58: SINAPI | F58: 96544 | G58: ARMAÇÃO DE BLOCO, VIGA BALDRAME OU SAPATA UTILIZANDO AÇO CA-50 DE 6,3 MM - MONTAGEM. AF_06/2017 | H58: KG | I58: =IF($F58="","",IF('TRECHO(S) A IMPRIMIR'!$B$1= 1, SUM(Q58, T58, W58, Z58), IF('TRECHO(S) A IMPRIMIR'!$B$1= 2, T58, IF('TRECHO(S) A IMPRIMIR'!$B$1= 3, W58, 0)))) -> 0 | J58: 17.35 | K58: =IF(AND(F58<>"", J58<>""), IF(OR(F58= "CP9001", F58= "CP9091", F58= "CP9092"), 0, IF(ISNA(VLOOKUP(F58, $M$626:$M$646, 1, FALSE)), $M$4, $M$5)), "") -> 0.20335138 | L58: =IF(J58="","", IF(AND(J58<>"",K58=""),J58,J58 * (1 + K58))) -> 20.878147 | M58: =IF(OR(I58="",L58=""),"",I58*L58) -> 0 | T58: ='04-MLQ-CR-LAGOAS'!F49 -> 0 | W58: ='04-MLQ-CR-LAGOAS'!L49 -> 0 | AI58: =IF(SUM(AD58:AH58)=0,"",M58 - SUM(AD58:AH58)) | AK58: =IF(F58="", " ", VLOOKUP(F58,#REF!, 1, FALSE)) -> #REF!
A59: Armação | B59: kg | D59: 04.01.05.02.10 | E59: SINAPI | F59: 96545 | G59: ARMAÇÃO DE BLOCO, VIGA BALDRAME OU SAPATA UTILIZANDO AÇO CA-50 DE 8 MM - MONTAGEM. AF_06/2017 | H59: KG | I59: =IF($F59="","",IF('TRECHO(S) A IMPRIMIR'!$B$1= 1, SUM(Q59, T59, W59, Z59), IF('TRECHO(S) A IMPRIMIR'!$B$1= 2, T59, IF('TRECHO(S) A IMPRIMIR'!$B$1= 3, W59, 0)))) -> 0 | J59: 16.16 | K59: =IF(AND(F59<>"", J59<>""), IF(OR(F59= "CP9001", F59= "CP9091", F59= "CP9092"), 0, IF(ISNA(VLOOKUP(F59, $M$626:$M$646, 1, FALSE)), $M$4, $M$5)), "") -> 0.20335138 | L59: =IF(J59="","", IF(AND(J59<>"",K59=""),J59,J59 * (1 + K59))) -> 19.446158 | M59: =IF(OR(I59="",L59=""),"",I59*L59) -> 0 | T59: ='04-MLQ-CR-LAGOAS'!F50 -> 0 | W59: ='04-MLQ-CR-LAGOAS'!L50 -> 0 | AI59: =IF(SUM(AD59:AH59)=0,"",M59 - SUM(AD59:AH59)) | AK59: =IF(F59="", " ", VLOOKUP(F59,#REF!, 1, FALSE)) -> #REF!
A60: Armação | B60: kg | D60: 04.01.05.02.11 | E60: SINAPI | F60: 96546 | G60: ARMAÇÃO DE BLOCO, VIGA BALDRAME OU SAPATA UTILIZANDO AÇO CA-50 DE 10 MM - MONTAGEM. AF_06/2017 | H60: KG | I60: =IF($F60="","",IF('TRECHO(S) A IMPRIMIR'!$B$1= 1, SUM(Q60, T60, W60, Z60), IF('TRECHO(S) A IMPRIMIR'!$B$1= 2, T60, IF('TRECHO(S) A IMPRIMIR'!$B$1= 3, W60, 0)))) -> 0 | J60: 14.4 | K60: =IF(AND(F60<>"", J60<>""), IF(OR(F60= "CP9001", F60= "CP9091", F60= "CP9092"), 0, IF(ISNA(VLOOKUP(F60, $M$626:$M$646, 1, FALSE)), $M$4, $M$5)), "") -> 0.20335138 | L60: =IF(J60="","", IF(AND(J60<>"",K60=""),J60,J60 * (1 + K60))) -> 17.32826 | M60: =IF(OR(I60="",L60=""),"",I60*L60) -> 0 | T60: ='04-MLQ-CR-LAGOAS'!F51 -> 0 | W60: ='04-MLQ-CR-LAGOAS'!L51 -> 0 | AI60: =IF(SUM(AD60:AH60)=0,"",M60 - SUM(AD60:AH60)) | AK60: =IF(F60="", " ", VLOOKUP(F60,#REF!, 1, FALSE)) -> #REF!
A61: Armação | B61: kg | D61: 04.01.05.02.12 | E61: SINAPI | F61: 96547 | G61: ARMAÇÃO DE BLOCO, VIGA BALDRAME OU SAPATA UTILIZANDO AÇO CA-50 DE 12,5 MM - MONTAGEM. AF_06/2017 | H61: KG | I61: =IF($F61="","",IF('TRECHO(S) A IMPRIMIR'!$B$1= 1, SUM(Q61, T61, W61, Z61), IF('TRECHO(S) A IMPRIMIR'!$B$1= 2, T61, IF('TRECHO(S) A IMPRIMIR'!$B$1= 3, W61, 0)))) -> 0 | J61: 12.14 | K61: =IF(AND(F61<>"", J61<>""), IF(OR(F61= "CP9001", F61= "CP9091", F61= "CP9092"), 0, IF(ISNA(VLOOKUP(F61, $M$626:$M$646, 1, FALSE)), $M$4, $M$5)), "") -> 0.20335138 | L61: =IF(J61="","", IF(AND(J61<>"",K61=""),J61,J61 * (1 + K61))) -> 14.608686 | M61: =IF(OR(I61="",L61=""),"",I61*L61) -> 0 | T61: ='04-MLQ-CR-LAGOAS'!F52 -> 0 | W61: ='04-MLQ-CR-LAGOAS'!L52 -> 0 | AI61: =IF(SUM(AD61:AH61)=0,"",M61 - SUM(AD61:AH61)) | AK61: =IF(F61="", " ", VLOOKUP(F61,#REF!, 1, FALSE)) -> #REF!
A62: Concreto | B62: m³ | D62: 04.01.05.02.13 | E62: SINAPI | F62: 94965 | G62: CONCRETO FCK = 25MPA, TRAÇO 1:2,3:2,7 (EM MASSA SECA DE CIMENTO/ AREIA MÉDIA/ BRITA 1) - PREPARO MECÂNICO COM BETONEIRA 400 L. AF_05/2021 | H62: M3 | I62: =IF($F62="","",IF('TRECHO(S) A IMPRIMIR'!$B$1= 1, SUM(Q62, T62, W62, Z62), IF('TRECHO(S) A IMPRIMIR'!$B$1= 2, T62, IF('TRECHO(S) A IMPRIMIR'!$B$1= 3, W62, 0)))) -> 0 | J62: 402.84 | K62: =IF(AND(F62<>"", J62<>""), IF(OR(F62= "CP9001", F62= "CP9091", F62= "CP9092"), 0, IF(ISNA(VLOOKUP(F62, $M$626:$M$646, 1, FALSE)), $M$4, $M$5)), "") -> 0.20335138 | L62: =IF(J62="","", IF(AND(J62<>"",K62=""),J62,J62 * (1 + K62))) -> 484.75807 | M62: =IF(OR(I62="",L62=""),"",I62*L62) -> 0 | T62: ='04-MLQ-CR-LAGOAS'!F53 -> 0 | W62: ='04-MLQ-CR-LAGOAS'!L53 -> 0 | AI62: =IF(SUM(AD62:AH62)=0,"",M62 - SUM(AD62:AH62)) | AK62: =IF(F62="", " ", VLOOKUP(F62,#REF!, 1, FALSE)) -> #REF!
A63: Lançamento de concreto | B63: m³ | D63: 04.01.05.02.14 | E63: SINAPI | F63: 92873 | G63: LANÇAMENTO COM USO DE BALDES, ADENSAMENTO E ACABAMENTO DE CONCRETO EM ESTRUTURAS. AF_12/2015 | H63: M3 | I63: =IF($F63="","",IF('TRECHO(S) A IMPRIMIR'!$B$1= 1, SUM(Q63, T63, W63, Z63), IF('TRECHO(S) A IMPRIMIR'!$B$1= 2, T63, IF('TRECHO(S) A IMPRIMIR'!$B$1= 3, W63, 0)))) -> 0 | J63: 186.89 | K63: =IF(AND(F63<>"", J63<>""), IF(OR(F63= "CP9001", F63= "CP9091", F63= "CP9092"), 0, IF(ISNA(VLOOKUP(F63, $M$626:$M$646, 1, FALSE)), $M$4, $M$5)), "") -> 0.20335138 | L63: =IF(J63="","", IF(AND(J63<>"",K63=""),J63,J63 * (1 + K63))) -> 224.89434 | M63: =IF(OR(I63="",L63=""),"",I63*L63) -> 0 | T63: ='04-MLQ-CR-LAGOAS'!F54 -> 0 | W63: ='04-MLQ-CR-LAGOAS'!L54 -> 0 | AI63: =IF(SUM(AD63:AH63)=0,"",M63 - SUM(AD63:AH63)) | AK63: =IF(F63="", " ", VLOOKUP(F63,#REF!, 1, FALSE)) -> #REF!
A64: Reaterro | B64: m³ | D64: 04.01.05.02.15 | E64: SINAPI | F64: 93382 | G64: REATERRO MANUAL DE VALAS COM COMPACTAÇÃO MECANIZADA. AF_04/2016 | H64: M3 | I64: =IF($F64="","",IF('TRECHO(S) A IMPRIMIR'!$B$1= 1, SUM(Q64, T64, W64, Z64), IF('TRECHO(S) A IMPRIMIR'!$B$1= 2, T64, IF('TRECHO(S) A IMPRIMIR'!$B$1= 3, W64, 0)))) -> 0 | J64: 25.09 | K64: =IF(AND(F64<>"", J64<>""), IF(OR(F64= "CP9001", F64= "CP9091", F64= "CP9092"), 0, IF(ISNA(VLOOKUP(F64, $M$626:$M$646, 1, FALSE)), $M$4, $M$5)), "") -> 0.20335138 | L64: =IF(J64="","", IF(AND(J64<>"",K64=""),J64,J64 * (1 + K64))) -> 30.192086 | M64: =IF(OR(I64="",L64=""),"",I64*L64) -> 0 | T64: ='04-MLQ-CR-LAGOAS'!F55 -> 0 | W64: ='04-MLQ-CR-LAGOAS'!L55 -> 0 | AI64: =IF(SUM(AD64:AH64)=0,"",M64 - SUM(AD64:AH64)) | AK64: =IF(F64="", " ", VLOOKUP(F64,#REF!, 1, FALSE)) -> #REF!
A65: CONSTRUÇÃO DO DISSIPADOR | D65: 04.01.05.03 | G65: CONSTRUÇÃO DO DISSIPADOR | I65: =IF($F65="","",IF('TRECHO(S) A IMPRIMIR'!$B$1= 1, SUM(Q65, T65, W65, Z65), IF('TRECHO(S) A IMPRIMIR'!$B$1= 2, T65, IF('TRECHO(S) A IMPRIMIR'!$B$1= 3, W65, 0)))) | K65: =IF(AND(F65<>"", J65<>""), IF(OR(F65= "CP9001", F65= "CP9091", F65= "CP9092"), 0, IF(ISNA(VLOOKUP(F65, $M$626:$M$646, 1, FALSE)), $M$4, $M$5)), "") | L65: =IF(J65="","", IF(AND(J65<>"",K65=""),J65,J65 * (1 + K65))) | M65: =IF(OR(I65="",L65=""),"",I65*L65) | AI65: =IF(SUM(AD65:AH65)=0,"",M65 - SUM(AD65:AH65)) | AK65: =IF(F65="", " ", VLOOKUP(F65,#REF!, 1, FALSE))
A66: Lastro de concreto magro | B66: m³ | D66: 04.01.05.03.01 | E66: SINAPI | F66: 94962 | G66: CONCRETO MAGRO PARA LASTRO, TRAÇO 1:4,5:4,5 (EM MASSA SECA DE CIMENTO/ AREIA MÉDIA/ BRITA 1) - PREPARO MECÂNICO COM BETONEIRA 400 L. AF_05/2021 | H66: M3 | I66: 9.99 | J66: 329.54 | K66: 0.20335138 | L66: 396.55242 | M66: 3961.5586 | T66: 7.14 | W66: 2.85 | AD66: 550.82423 | AE66: 3396.1884 | AF66: 7.2128882 | AG66: 0 | AH66: 7.333103 | AI66: 0 | AK66: =IF(F66="", " ", VLOOKUP(F66,#REF!, 1, FALSE)) -> #REF!
A67: Fôrmas | B67: m² | D67: 04.01.05.03.02 | E67: SINAPI | F67: 100341 | G67: FABRICAÇÃO, MONTAGEM E DESMONTAGEM DE FÔRMA PARA CORTINA DE CONTENÇÃO, EM CHAPA DE MADEIRA COMPENSADA PLASTIFICADA, E = 18 MM, 10 UTILIZAÇÕES. AF_07/2019 | H67: M2 | I67: 442.45 | J67: 29.98 | K67: 0.20335138 | L67: 36.076475 | M67: 15962.036 | T67: 320.99 | W67: 121.46 | AD67: 6421.0192 | AE67: 7523.1344 | AF67: 2017.8825 | AG67: 0 | AH67: 0 | AI67: 0 | AK67: =IF(F67="", " ", VLOOKUP(F67,#REF!, 1, FALSE)) -> #REF!
A68: Carga de aço para estruturas | B68: t | D68: 04.01.05.03.03 | E68: SINAPI | F68: 101010 | G68: CARGA, MANOBRA E DESCARGA DE PERFIL METÁLICO EM CAMINHÃO CARROCERIA COM GUINDAUTO (MUNCK) 11,7 TM. AF_07/2020 | H68: T | I68: 9.4008 | J68: 17.26 | K68: 0.20335138 | L68: 20.769845 | M68: 195.25316 | T68: 6.7488 | W68: 2.652 | AD68: 19.118067 | AE68: 128.73586 | AF68: 47.399231 | AG68: 0 | AH68: 0 | AI68: 2.8421709e-14 | AK68: =IF(F68="", " ", VLOOKUP(F68,#REF!, 1, FALSE)) -> #REF!
A69: Transporte de aço para estruturas | B69: t.km | D69: 04.01.05.03.04 | E69: SINAPI | F69: 100954 | G69: TRANSPORTE COM CAMINHÃO CARROCERIA COM GUINDAUTO (MUNCK), MOMENTO MÁXIMO DE CARGA 11,7 TM, EM VIA INTERNA (DENTRO DO CANTEIRO - UNIDADE: TXKM). AF_07/2020 | H69: TXKM | I69: 8.34 | J69: 5.41 | K69: 0.20335138 | L69: 6.510131 | M69: 54.294492 | Q69: 0 | S69: 0 | T69: 6.7488 | V69: 1 | W69: 1.5912 | Y69: 0.6 | Z69: 0 | AB69: 0 | AD69: 5.2186943 | AE69: 36.129422 | AF69: 12.946376 | AG69: 0 | AH69: 0 | AI69: 0 | AK69: =IF(F69="", " ", VLOOKUP(F69,#REF!, 1, FALSE)) -> #REF!
A70: Armação Ø 6.3 mm | B70: kg | D70: 04.01.05.03.05 | E70: SINAPI | F70: 92916 | G70: ARMAÇÃO DE ESTRUTURAS DE CONCRETO ARMADO, EXCETO VIGAS, PILARES, LAJES E FUNDAÇÕES, UTILIZANDO AÇO CA-50 DE 6,3 MM - MONTAGEM. AF_12/2015 | H70: KG | I70: 1566.8 | J70: 16.38 | K70: 0.20335138 | L70: 19.710896 | M70: 30883.031 | T70: 1124.8 | W70: 442 | AD70: 6448.1054 | AE70: 24434.926 | AF70: 0 | AG70: 0 | AH70: 0 | AI70: -3.6379788e-12 | AK70: =IF(F70="", " ", VLOOKUP(F70,#REF!, 1, FALSE)) -> #REF!
A71: Armação Ø 8.0 mm | B71: kg | D71: 04.01.05.03.06 | E71: SINAPI | F71: 92917 | G71: ARMAÇÃO DE ESTRUTURAS DE CONCRETO ARMADO, EXCETO VIGAS, PILARES, LAJES E FUNDAÇÕES, UTILIZANDO AÇO CA-50 DE 8,0 MM - MONTAGEM. AF_12/2015 | H71: KG | I71: 2350.2 | J71: 15.38 | K71: 0.20335138 | L71: 18.507544 | M71: 43496.431 | T71: 1687.2 | W71: 663 | AD71: 6674.3548 | AE71: 36822.076 | AF71: 0 | AG71: 0 | AH71: 0 | AI71: 7.2759576e-12 | AK71: =IF(F71="", " ", VLOOKUP(F71,#REF!, 1, FALSE)) -> #REF!
A72: Armação Ø 10.0 mm | B72: kg | D72: 04.01.05.03.07 | E72: SINAPI | F72: 92919 | G72: ARMAÇÃO DE ESTRUTURAS DE CONCRETO ARMADO, EXCETO VIGAS, PILARES, LAJES E FUNDAÇÕES, UTILIZANDO AÇO CA-50 DE 10,0 MM - MONTAGEM. AF_12/2015 | H72: KG | I72: 3917 | J72: 13.76 | K72: 0.20335138 | L72: 16.558115 | M72: 64858.137 | T72: 2812 | W72: 1105 | AD72: 7918.726 | AE72: 56939.411 | AF72: 0 | AG72: 0 | AH72: 0 | AI72: 0 | AK72: =IF(F72="", " ", VLOOKUP(F72,#REF!, 1, FALSE)) -> #REF!
A73: Armação Ø 12.5 mm | B73: kg | D73: 04.01.05.03.08 | E73: SINAPI | F73: 92921 | G73: ARMAÇÃO DE ESTRUTURAS DE CONCRETO ARMADO, EXCETO VIGAS, PILARES, LAJES E FUNDAÇÕES, UTILIZANDO AÇO CA-50 DE 12,5 MM - MONTAGEM. AF_12/2015 | H73: KG | I73: 1566.8 | J73: 11.58 | K73: 0.20335138 | L73: 13.934809 | M73: 21833.059 | T73: 1124.8 | W73: 442 | AD73: 2205.9308 | AE73: 19627.128 | AF73: 0 | AG73: 0 | AH73: 0 | AI73: 3.6379788e-12 | AK73: =IF(F73="", " ", VLOOKUP(F73,#REF!, 1, FALSE)) -> #REF!
A74: Concreto | B74: m³ | D74: 04.01.05.03.09 | E74: SINAPI | F74: 94965 | G74: CONCRETO FCK = 25MPA, TRAÇO 1:2,3:2,7 (EM MASSA SECA DE CIMENTO/ AREIA MÉDIA/ BRITA 1) - PREPARO MECÂNICO COM BETONEIRA 400 L. AF_05/2021 | H74: M3 | I74: 78.34 | J74: 402.84 | K74: 0.20335138 | L74: 484.75807 | M74: 37975.947 | T74: 56.24 | W74: 22.1 | AD74: 4263.8569 | AE74: 33598.966 | AF74: 55.619623 | AG74: 0 | AH74: 57.505034 | AI74: -7.2759576e-12 | AK74: =IF(F74="", " ", VLOOKUP(F74,#REF!, 1, FALSE)) -> #REF!
A75: Lançamento de concreto | B75: m³ | D75: 04.01.05.03.10 | E75: SINAPI | F75: 92873 | G75: LANÇAMENTO COM USO DE BALDES, ADENSAMENTO E ACABAMENTO DE CONCRETO EM ESTRUTURAS. AF_12/2015 | H75: M3 | I75: 78.34 | J75: 186.89 | K75: 0.20335138 | L75: 224.89434 | M75: 17618.223 | T75: 56.24 | W75: 22.1 | AD75: 12227.833 | AE75: 5247.0987 | AF75: 92.385137 | AG75: 0 | AH75: 50.906096 | AI75: 0 | AK75: =IF(F75="", " ", VLOOKUP(F75,#REF!, 1, FALSE)) -> #REF!
A76: Geotêxtil | B76: m² | D76: 04.01.05.03.11 | E76: SINAPI | F76: 73881/1 | G76: EXECUCAO DE DRENO COM MANTA GEOTEXTIL 200 G/M2 | H76: M2 | I76: 283.83 | J76: 6.44 | K76: 0.20335138 | L76: 7.7495829 | M76: 2199.5641 | T76: 203.13 | W76: 80.7 | AD76: 75.140389 | AE76: 2124.4237 | AF76: 0 | AG76: 0 | AH76: 0 | AI76: 0 | AK76: =IF(F76="", " ", VLOOKUP(F76,#REF!, 1, FALSE)) -> #REF!
A77: Transporte de britas e rochas até 30 km | B77: t.km | D77: 04.01.05.03.12 | E77: SINAPI | F77: 95879 | G77: TRANSPORTE COM CAMINHÃO BASCULANTE DE 14 M³, EM VIA URBANA PAVIMENTADA, DMT ATÉ 30 KM (UNIDADE: TXKM). AF_07/2020 | H77: TXKM | I77: 6697.4243 | J77: 1.04 | K77: 0.20335138 | L77: 1.2514854 | M77: 8381.7289 | Q77: 0 | S77: 0 | T77: 4822.983 | V77: 30 | W77: 1874.4413 | Y77: 30 | Z77: 0 | AB77: 0 | AD77: 564.15483 | AE77: 4835.6128 | AF77: 2981.9613 | AG77: 0 | AH77: 0 | AI77: 1.8189894e-12 | AK77: =IF(F77="", " ", VLOOKUP(F77,#REF!, 1, FALSE)) -> #REF!
A78: Transporte de britas e rochas além de 30 km | B78: t.km | D78: 04.01.05.03.13 | E78: SINAPI | F78: 93599 | G78: TRANSPORTE COM CAMINHÃO BASCULANTE DE 14 M³, EM VIA URBANA PAVIMENTADA, ADICIONAL PARA DMT EXCEDENTE A 30 KM (UNIDADE: TXKM). AF_07/2020 | H78: TXKM | I78: 6027.6818 | J78: 0.41 | K78: 0.20335138 | L78: 0.49337407 | M78: 2973.9019 | Q78: 0 | S78: 0 | T78: 4340.6847 | V78: 27 | W78: 1686.9971 | Y78: 27 | Z78: 0 | AB78: 0 | AD78: 145.06839 | AE78: 1813.3548 | AF78: 1015.4787 | AG78: 0 | AH78: 0 | AI78: -4.5474735e-13 | AK78: =IF(F78="", " ", VLOOKUP(F78,#REF!, 1, FALSE)) -> #REF!
A79: Transporte de britas e rochas dentro da obra | B79: t.km | D79: 04.01.05.03.14 | E79: SINAPI | F79: 100943 | G79: TRANSPORTE COM CAMINHÃO BASCULANTE DE 14 M³, EM VIA INTERNA (DENTRO DO CANTEIRO - UNIDADE: TXKM). AF_07/2020 | H79: TXKM | I79: 198.25492 | J79: 3.1 | K79: 0.20335138 | L79: 3.7303893 | M79: 739.56805 | Q79: 0 | S79: 0 | T79: 160.7661 | V79: 1 | W79: 37.488825 | Y79: 0.6 | Z79: 0 | AB79: 0 | AD79: 52.485474 | AE79: 412.72669 | AF79: 274.35589 | AG79: 0 | AH79: 0 | AI79: 1.1368684e-13 | AK79: =IF(F79="", " ", VLOOKUP(F79,#REF!, 1, FALSE)) -> #REF!
A80: Gabião caixa | B80: m³ | D80: 04.01.05.03.15 | E80: SINAPI | F80: 92743 | G80: MURO DE GABIÃO, ENCHIMENTO COM PEDRA DE MÃO TIPO RACHÃO, DE GRAVIDADE, COM GAIOLAS DE COMPRIMENTO IGUAL A 2 M, PARA MUROS COM ALTURA MENOR OU IGUAL A 4 M  FORNECIMENTO E EXECUÇÃO. AF_12/2015 | H80: M3 | I80: 110.68 | J80: 587.59 | K80: 0.20335138 | L80: 707.07724 | M80: 78259.309 | R80: 1.65 | T80: 79.54 | U80: 1.65 | W80: 31.14 | X80: 1.65 | AA80: 1.65 | AD80: 12179.945 | AE80: 61256.665 | AF80: 4822.6988 | AG80: 0 | AH80: 0 | AI80: 0 | AK80: =IF(F80="", " ", VLOOKUP(F80,#REF!, 1, FALSE)) -> #REF!
A81: Gabião colchão | B81: m² | D81: 04.01.05.03.16 | E81: SINAPI | F81: 92756 | G81: PROTEÇÃO SUPERFICIAL DE CANAL EM GABIÃO TIPO COLCHÃO, ALTURA DE 23 CENTÍMETROS, ENCHIMENTO COM PEDRA DE MÃO TIPO RACHÃO - FORNECIMENTO E EXECUÇÃO. AF_12/2015 | H81: M2 | I81: 107.05 | J81: 231.86 | K81: 0.20335138 | L81: 279.00905 | M81: 29867.919 | R81: 0.3795 | T81: 77.8 | U81: 0.3795 | W81: 29.25 | X81: 0.3795 | AA81: 0.3795 | AD81: 4607.8472 | AE81: 23371.589 | AF81: 1888.4831 | AG81: 0 | AH81: 0 | AI81: 3.6379788e-12 | AK81: =IF(F81="", " ", VLOOKUP(F81,#REF!, 1, FALSE)) -> #REF!
A82: ESTRUTURAS DE INTERLIGAÇÃO - MOVIMENTOS DE TERRA JÁ CONSIDERADOS NOS ITENS DE ESCAVAÇÃO DAS LAGOAS E ATERROS DAS CONTENÇÕES | D82: 04.01.06 | G82: ESTRUTURAS DE INTERLIGAÇÃO - MOVIMENTOS DE TERRA JÁ CONSIDERADOS NOS ITENS DE ESCAVAÇÃO DAS LAGOAS E ATERROS DAS CONTENÇÕES | M82: 655724.37 | AK82: =IF(F82="", " ", VLOOKUP(F82,#REF!, 1, FALSE))
A83: ESTRUTURAS DE LIGAÇÃO COM GABIÃO CAIXA | D83: 04.01.06.01 | G83: ESTRUTURAS DE LIGAÇÃO COM GABIÃO CAIXA | M83: 493692.32 | AK83: =IF(F83="", " ", VLOOKUP(F83,#REF!, 1, FALSE))
A84: Transporte de britas e rochas até 30 km | B84: t.km | D84: 04.01.06.01.01 | E84: SINAPI | F84: 95879 | G84: TRANSPORTE COM CAMINHÃO BASCULANTE DE 14 M³, EM VIA URBANA PAVIMENTADA, DMT ATÉ 30 KM (UNIDADE: TXKM). AF_07/2020 | H84: TXKM | I84: 30337.481 | J84: 1.04 | K84: 0.20335138 | L84: 1.2514854 | M84: 37966.916 | Q84: 0 | S84: 0 | T84: 8452.125 | V84: 30 | W84: 21885.356 | Y84: 30 | Z84: 0 | AB84: 0 | AD84: 2555.4655 | AE84: 21903.99 | AF84: 13507.46 | AG84: 0 | AH84: 0 | AI84: 7.2759576e-12 | AK84: =IF(F84="", " ", VLOOKUP(F84,#REF!, 1, FALSE)) -> #REF!
A85: Transporte de britas e rochas além de 30 km | B85: t.km | D85: 04.01.06.01.02 | E85: SINAPI | F85: 93599 | G85: TRANSPORTE COM CAMINHÃO BASCULANTE DE 14 M³, EM VIA URBANA PAVIMENTADA, ADICIONAL PARA DMT EXCEDENTE A 30 KM (UNIDADE: TXKM). AF_07/2020 | H85: TXKM | I85: 27303.733 | J85: 0.41 | K85: 0.20335138 | L85: 0.49337407 | M85: 13470.954 | Q85: 0 | S85: 0 | T85: 7606.9125 | V85: 27 | W85: 19696.82 | Y85: 27 | Z85: 0 | AB85: 0 | AD85: 657.11969 | AE85: 8213.9961 | AF85: 4599.8378 | AG85: 0 | AH85: 0 | AI85: -1.8189894e-12 | AK85: =IF(F85="", " ", VLOOKUP(F85,#REF!, 1, FALSE)) -> #REF!
A86: Transporte de britas e rochas dentro da obra | B86: t.km | D86: 04.01.06.01.03 | E86: SINAPI | F86: 100943 | G86: TRANSPORTE COM CAMINHÃO BASCULANTE DE 14 M³, EM VIA INTERNA (DENTRO DO CANTEIRO - UNIDADE: TXKM). AF_07/2020 | H86: TXKM | I86: 719.44462 | J86: 3.1 | K86: 0.20335138 | L86: 3.7303893 | M86: 2683.8085 | Q86: 0 | S86: 0 | T86: 281.7375 | V86: 1 | W86: 437.70712 | Y86: 0.6 | Z86: 0 | AB86: 0 | AD86: 190.46383 | AE86: 1497.7383 | AF86: 995.60638 | AG86: 0 | AH86: 0 | AI86: 0 | AK86: =IF(F86="", " ", VLOOKUP(F86,#REF!, 1, FALSE)) -> #REF!
A87: Fornecimento de tubo de concreto Ø 600 mm | B87: m | D87: 04.01.06.01.04 | E87: PROJETO | F87: CP0364 | G87: FORNECIMENTO DE TUBO DE CONCRETO Ø 600 MM - PA-3 | H87: M | I87: 3.5 | J87: 223.64475 | K87: 0.11096636 | L87: 248.46179 | M87: 869.61628 | T87: 3.5 | W87: 0 | AD87: 0 | AE87: 869.61628 | AF87: 0 | AG87: 0 | AH87: 0 | AI87: 0 | AK87: =IF(F87="", " ", VLOOKUP(F87,#REF!, 1, FALSE)) -> #REF!
A88: Carga de tubo | B88: t | D88: 04.01.06.01.05 | E88: SINAPI | F88: 101463 | G88: CARGA, MANOBRA E DESCARGA DE TUBOS DE CONCRETO, DN 600 MM, EM CAMINHÃO CARROCERIA COM GUINDAUTO (MUNCK) 11,7 TM. AF_07/2020 | H88: T | I88: 1.61 | J88: 30.23 | K88: 0.20335138 | L88: 36.377312 | M88: 58.567473 | T88: 1.61 | W88: 0 | AD88: 12.496202 | AE88: 34.737505 | AF88: 11.333765 | AG88: 0 | AH88: 0 | AI88: 7.1054274e-15 | AK88: =IF(F88="", " ", VLOOKUP(F88,#REF!, 1, FALSE)) -> #REF!
A89: Transporte de tubo até 30 km | B89: t.km | D89: 04.01.06.01.06 | E89: SINAPI | F89: 100952 | G89: TRANSPORTE COM CAMINHÃO CARROCERIA COM GUINDAUTO (MUNCK), MOMENTO MÁXIMO DE CARGA 11,7 TM, EM VIA URBANA PAVIMENTADA, DMT ATÉ 30KM (UNIDADE: TXKM). AF_07/2020 | H89: TXKM | I89: 12.88 | J89: 1.81 | K89: 0.20335138 | L89: 2.178066 | M89: 28.05349 | Q89: 0 | S89: 0 | T89: 12.88 | V89: 8 | W89: 0 | Y89: 3 | Z89: 0 | AB89: 0 | AD89: 2.6348582 | AE89: 19.218966 | AF89: 6.1996663 | AG89: 0 | AH89: 0 | AI89: 0 | AK89: =IF(F89="", " ", VLOOKUP(F89,#REF!, 1, FALSE)) -> #REF!
A90: Transporte de tubo além de 30 km | B90: t.km | D90: 04.01.06.01.07 | E90: SINAPI | F90: 100953 | G90: TRANSPORTE COM CAMINHÃO CARROCERIA COM GUINDAUTO (MUNCK), MOMENTO MÁXIMO DE CARGA 11,7 TM, EM VIA URBANA PAVIMENTADA, ADICIONAL PARA DMT EXCEDENTE A 30 KM (UNIDADE: TXKM). AF_07/2020 | H90: TXKM | I90: =IF($F90="","",IF('TRECHO(S) A IMPRIMIR'!$B$1= 1, SUM(Q90, T90, W90, Z90), IF('TRECHO(S) A IMPRIMIR'!$B$1= 2, T90, IF('TRECHO(S) A IMPRIMIR'!$B$1= 3, W90, 0)))) -> 0 | J90: 0.71 | K90: =IF(AND(F90<>"", J90<>""), IF(OR(F90= "CP9001", F90= "CP9091", F90= "CP9092"), 0, IF(ISNA(VLOOKUP(F90, $M$626:$M$646, 1, FALSE)), $M$4, $M$5)), "") -> 0.20335138 | L90: =IF(J90="","", IF(AND(J90<>"",K90=""),J90,J90 * (1 + K90))) -> 0.85437948 | M90: =IF(OR(I90="",L90=""),"",I90*L90) -> 0 | Q90: =Q88 * S90 -> 0 | S90: 0 | T90: =T88 * V90 -> 0 | V90: =IF('MLQ-DMT-TR1'!$E$11 > 30, 'MLQ-DMT-TR1'!$E$11 - 30, 0) -> 0 | W90: =W88 * Y90 -> 0 | Y90: =IF('MLQ-DMT-TR3'!$E$11 > 30, 'MLQ-DMT-TR3'!$E$11 - 30, 0) -> 0 | Z90: =Z88 * AB90 -> 0 | AB90: 0 | AI90: =IF(SUM(AD90:AH90)=0,"",M90 - SUM(AD90:AH90)) | AK90: =IF(F90="", " ", VLOOKUP(F90,#REF!, 1, FALSE)) -> #REF!
A91: Transporte de tubo dentro da obra | B91: t.km | D91: 04.01.06.01.08 | E91: SINAPI | F91: 100954 | G91: TRANSPORTE COM CAMINHÃO CARROCERIA COM GUINDAUTO (MUNCK), MOMENTO MÁXIMO DE CARGA 11,7 TM, EM VIA INTERNA (DENTRO DO CANTEIRO - UNIDADE: TXKM). AF_07/2020 | H91: TXKM | I91: 1.61 | J91: 5.41 | K91: 0.20335138 | L91: 6.510131 | M91: 10.481311 | Q91: 0 | S91: 0 | T91: 1.61 | V91: 1 | W91: 0 | Y91: 0.6 | Z91: 0 | AB91: 0 | AD91: 1.0074458 | AE91: 6.9746246 | AF91: 2.4992405 | AG91: 0 | AH91: 0 | AI91: 0 | AK91: =IF(F91="", " ", VLOOKUP(F91,#REF!, 1, FALSE)) -> #REF!
A92: Assentamento de tubo Ø 600 mm | B92: m | D92: 04.01.06.01.09 | E92: SINAPI | F92: 92811 | G92: ASSENTAMENTO DE TUBO DE CONCRETO PARA REDES COLETORAS DE ÁGUAS PLUVIAIS, DIÂMETRO DE 600 MM, JUNTA RÍGIDA, INSTALADO EM LOCAL COM BAIXO NÍVEL DE INTERFERÊNCIAS (NÃO INCLUI FORNECIMENTO). AF_12/2015 | H92: M | I92: 3.5 | J92: 57.83 | K92: 0.20335138 | L92: 69.589811 | M92: 243.56434 | T92: 3.5 | W92: 0 | AD92: 102.55562 | AE92: 72.905044 | AF92: 68.103672 | AG92: 0 | AH92: 0 | AI92: 0 | AK92: =IF(F92="", " ", VLOOKUP(F92,#REF!, 1, FALSE)) -> #REF!
A93: Geotêxtil | B93: m² | D93: 04.01.06.01.10 | E93: SINAPI | F93: 73881/1 | G93: EXECUCAO DE DRENO COM MANTA GEOTEXTIL 200 G/M2 | H93: M2 | I93: 272.37 | J93: 6.44 | K93: 0.20335138 | L93: 7.7495829 | M93: 2110.7539 | T93: 45 | W93: 227.37 | AD93: 72.1065 | AE93: 2038.6474 | AF93: 0 | AG93: 0 | AH93: 0 | AI93: 4.5474735e-13 | AK93: =IF(F93="", " ", VLOOKUP(F93,#REF!, 1, FALSE)) -> #REF!
A94: Gabião colchão | B94: m² | D94: 04.01.06.01.11 | E94: SINAPI | F94: 92756 | G94: PROTEÇÃO SUPERFICIAL DE CANAL EM GABIÃO TIPO COLCHÃO, ALTURA DE 23 CENTÍMETROS, ENCHIMENTO COM PEDRA DE MÃO TIPO RACHÃO - FORNECIMENTO E EXECUÇÃO. AF_12/2015 | H94: M2 | I94: 82.08 | J94: 231.86 | K94: 0.20335138 | L94: 279.00905 | M94: 22901.063 | R94: 0.3795 | T94: 25 | U94: 0.3795 | W94: 57.08 | X94: 0.3795 | AA94: 0.3795 | AD94: 3533.0416 | AE94: 17920.037 | AF94: 1447.9841 | AG94: 0 | AH94: 0 | AI94: 0 | AK94: =IF(F94="", " ", VLOOKUP(F94,#REF!, 1, FALSE)) -> #REF!
A95: Gabião caixa | B95: m³ | D95: 04.01.06.01.12 | E95: SINAPI | F95: 92744 | G95: MURO DE GABIÃO, ENCHIMENTO COM PEDRA DE MÃO TIPO RACHÃO, DE GRAVIDADE, COM GAIOLAS DE COMPRIMENTO IGUAL A 5 M, PARA MUROS COM ALTURA MENOR OU IGUAL A 4 M  FORNECIMENTO E EXECUÇÃO. AF_12/2015 | H95: M3 | I95: 594 | J95: 560.3 | K95: 0.20335138 | L95: 674.23778 | M95: 400497.24 | R95: 1.65 | T95: 165 | U95: 1.65 | W95: 429 | X95: 1.65 | AA95: 1.65 | AD95: 31558.01 | AE95: 356945.04 | AF95: 11994.188 | AG95: 0 | AH95: 0 | AI95: -1.1641532e-10 | AK95: =IF(F95="", " ", VLOOKUP(F95,#REF!, 1, FALSE)) -> #REF!
A96: Grade de proteção do tubo | B96: m² | D96: 04.01.06.01.13 | E96: PROJETO | F96: CP0806 | G96: GRADE PESADA, COM REQUADRO EM PERFIL, FORNECIDA E ASSENTADA COM ARGAMASSA 1:4 DE CIMENTO E AREIA | H96: M2 | I96: 6.2 | J96: 1722.5153 | K96: 0.20335138 | L96: 2072.7912 | M96: 12851.305 | T96: 5.2 | W96: 1 | AD96: 11989.394 | AE96: 861.42025 | AF96: 0.31832655 | AG96: 0 | AH96: 0.17309006 | AI96: 0 | AK96: =IF(F96="", " ", VLOOKUP(F96,#REF!, 1, FALSE)) -> #REF!
A97: ESTRUTURAS DE LIGAÇÃO EM CONCRETO ARMADO (MOVIMENTOS DE TERRA JÁ CONSIDERADOS NA CONFORMAÇÃO DAS LAGOAS) | D97: 04.01.06.02 | G97: ESTRUTURAS DE LIGAÇÃO EM CONCRETO ARMADO (MOVIMENTOS DE TERRA JÁ CONSIDERADOS NA CONFORMAÇÃO DAS LAGOAS) | M97: 162032.04 | AK97: =IF(F97="", " ", VLOOKUP(F97,#REF!, 1, FALSE))
A98: PREPARO DO TERRENO | D98: 04.01.06.02.01 | G98: PREPARO DO TERRENO | I98: =IF($F98="","",IF('TRECHO(S) A IMPRIMIR'!$B$1= 1, SUM(Q98, T98, W98, Z98), IF('TRECHO(S) A IMPRIMIR'!$B$1= 2, T98, IF('TRECHO(S) A IMPRIMIR'!$B$1= 3, W98, 0)))) | K98: =IF(AND(F98<>"", J98<>""), IF(OR(F98= "CP9001", F98= "CP9091", F98= "CP9092"), 0, IF(ISNA(VLOOKUP(F98, $M$626:$M$646, 1, FALSE)), $M$4, $M$5)), "") | L98: =IF(J98="","", IF(AND(J98<>"",K98=""),J98,J98 * (1 + K98))) | M98: =IF(OR(I98="",L98=""),"",I98*L98) | AK98: =IF(F98="", " ", VLOOKUP(F98,#REF!, 1, FALSE))
A99: Regularização | B99: m² | D99: 04.01.06.02.01.01 | E99: SINAPI | F99: 101616 | G99: PREPARO DE FUNDO DE VALA COM LARGURA MENOR QUE 1,5 M (ACERTO DO SOLO NATURAL). AF_08/2020 | H99: M2 | I99: 210 | J99: 5.27 | K99: 0.20335138 | L99: 6.3416618 | M99: 1331.749 | T99: 210 | W99: 0 | AD99: 945.11218 | AE99: 386.6368 | AF99: 0 | AG99: 0 | AH99: 0 | AI99: -2.2737368e-13 | AK99: =IF(F99="", " ", VLOOKUP(F99,#REF!, 1, FALSE)) -> #REF!
A100: Lastro de concreto magro | B100: m³ | D100: 04.01.06.02.01.02 | E100: SINAPI | F100: 94962 | G100: CONCRETO MAGRO PARA LASTRO, TRAÇO 1:4,5:4,5 (EM MASSA SECA DE CIMENTO/ AREIA MÉDIA/ BRITA 1) - PREPARO MECÂNICO COM BETONEIRA 400 L. AF_05/2021 | H100: M3 | I100: 10.6 | J100: 329.54 | K100: 0.20335138 | L100: 396.55242 | M100: 4203.4556 | T100: 10.6 | W100: 0 | AD100: 584.45814 | AE100: 3603.5633 | AF100: 7.6533148 | AG100: 0 | AH100: 7.7808701 | AI100: 0 | AK100: =IF(F100="", " ", VLOOKUP(F100,#REF!, 1, FALSE)) -> #REF!
...

Sheet 05-TR
D1: PLANILHA DE SERVIÇOS, QUANTIDADES, CUSTOS E PREÇOS | M1: ='PSP-RESUMO'!$C$3 -> ENCARGOS SOCIAIS SEM DESONERAÇÃO
D2: OBRA: | E2: =IF('TRECHO(S) A IMPRIMIR'!$B$1= 1, 'PSP-RESUMO'!$B$2, IF('TRECHO(S) A IMPRIMIR'!$B$1= 2,#REF!,#REF!)) -> URBANIZAÇÃO DO SETOR SOL NASCENTE - TRECHOS 1 e 3 | L2: Data do orçamento: | M2: ='PSP-RESUMO'!$D$4 -> 28/JAN/2022
D3: ENDEREÇO: | E3: ='PSP-RESUMO'!B3 -> SETOR SOL NASCENTE, CEILÂNDIA/DF | L3: Data base dos preços: | M3: ='PSP-RESUMO'!$D$18 -> JUNHO/2021
D4: CLIENTE: | E4: ='PSP-RESUMO'!B4 -> ARIA | L4: B.D.I. para Serviços: | M4: =IF('PSP-RESUMO'!$C$3 = "ENCARGOS SOCIAIS SEM DESONERAÇÃO", 'BDI obras SD'!$H$23, 'BDI obras CD'!$H$23) -> 0.20335138
D5: TRECHO: | E5: =$G$9 -> TERRAPLENAGEM - TRECHOS 1 e 3 | L5: B.D.I. para Simples Fornecimento: | M5: =IF('PSP-RESUMO'!$C$3 = "ENCARGOS SOCIAIS SEM DESONERAÇÃO", 'BDI-Difer SD'!$H$23, 'BDI-Difer CD'!$H$23) -> 0.11096636
L6: DURAÇÃO DA OBRA: | M6: ='01-CO'!M6 -> 18
A7: DESCRIÇÃO DO SERVIÇO NO PROJETO | B7: UNID PROJ | D7: ITEM | E7: FONTE | F7: CPU CÓDIGO | G7: DESCRIÇÃO NA FONTE | H7: UNID | I7: QTDE | J7: CUSTO UNITÁRIO (R$) | K7: B.D.I | L7: PREÇO UNITÁRIO C/B.D.I. (R$) | M7: PREÇO TOTAL C/B.D.I. (R$) | O7: OBSERVAÇÕES | Q7: GERAIS | T7: TRECHO 1 | W7: TRECHO 3
I8: SERVIÇO | Q8: QTD | R8: DENSID | S8: DMT | T8: QTD | U8: DENSID | V8: DMT | W8: QTD | X8: DENSID | Y8: DMT | Z8: QTD | AA8: DENSID | AB8: DMT | AD8: M.O. | AE8: MAT. | AF8: EQUIP | AG8: SERV TERC | AH8: OUTROS | AI8: CONFER
A9: =IF('TRECHO(S) A IMPRIMIR'!$B$1= 1, "TERRAPLENAGEM - TRECHOS 1 e 3", IF('TRECHO(S) A IMPRIMIR'!$B$1= 2, "TERRAPLENAGEM - TRECHO 1", "TERRAPLENAGEM - TRECHO 3")) -> TERRAPLENAGEM - TRECHOS 1 e 3 | D9: 05. | G9: TERRAPLENAGEM - TRECHOS 1 e 3 | M9: 2325856.9 | O9: Ver abas "MLQ-TR1-TRePAV" e "MLQ-TR3-TRePAV". | AI9: =IF(SUM(AD9:AH9)=0,"",M9 - SUM(AD9:AH9))
A10: LIMPEZA DE FAIXA PARA IMPLANTAÇÃO DE PISTA | D10: 05.01 | G10: LIMPEZA DE FAIXA PARA IMPLANTAÇÃO DE PISTA | M10: 1011016.3 | AI10: =IF(SUM(AD10:AH10)=0,"",M10 - SUM(AD10:AH10))
A11: Raspagem mecanizada de terreno | B11: m² | D11: 05.01.01 | E11: SINAPI | F11: 98525 | G11: LIMPEZA MECANIZADA DE CAMADA VEGETAL, VEGETAÇÃO E PEQUENAS ÁRVORES (DIÂMETRO DE TRONCO MENOR QUE 0,20 M), COM TRATOR DE ESTEIRAS.AF_05/2018 | H11: M2 | I11: 142582.64 | J11: 0.3 | K11: 0.20335138 | L11: 0.36100542 | M11: 51473.105 | O11: 0.1 | T11: 94578.264 | W11: 48004.374 | AD11: 27452.322 | AE11: 3431.5403 | AF11: 20589.242 | AG11: 0 | AH11: 0 | AI11: 7.2759576e-12
A12: Carga de entulho | B12: t | D12: 05.01.02 | E12: SINAPI | F12: 100999 | G12: CARGA, MANOBRA E DESCARGA DE ENTULHO EM CAMINHÃO BASCULANTE 14 M³ - CARGA COM ESCAVADEIRA HIDRÁULICA (CAÇAMBA DE 0,80 M³ / 111 HP) E DESCARGA LIVRE (UNIDADE: T). AF_07/2020 | H12: T | I12: 21387.396 | J12: 4.24 | K12: 0.20335138 | L12: 5.1022099 | M12: 109122.98 | Q12: 0 | R12: 1.5 | T12: 14186.74 | U12: 1.5 | W12: 7200.6561 | X12: 1.5 | Z12: 0 | AA12: 1.5 | AD12: 11581.449 | AE12: 49928.911 | AF12: 47612.622 | AG12: 0 | AH12: 0 | AI12: 1.4551915e-11
A13: Transporte de entulho até 30 km | B13: t.km | D13: 05.01.03 | E13: SINAPI | F13: 95879 | G13: TRANSPORTE COM CAMINHÃO BASCULANTE DE 14 M³, EM VIA URBANA PAVIMENTADA, DMT ATÉ 30 KM (UNIDADE: TXKM). AF_07/2020 | H13: TXKM | I13: 470522.71 | J13: 1.04 | K13: 0.20335138 | L13: 1.2514854 | M13: 588852.32 | Q13: 0 | S13: 0 | T13: 312108.27 | V13: 22 | W13: 158414.43 | Y13: 22 | Z13: 0 | AB13: 0 | AD13: 39634.29 | AE13: 339722.49 | AF13: 209495.54 | AG13: 0 | AH13: 0 | AI13: 0
A14: Transporte de entulho acima de 30 km | B14: t.km | D14: 05.01.04 | E14: SINAPI | F14: 93599 | G14: TRANSPORTE COM CAMINHÃO BASCULANTE DE 14 M³, EM VIA URBANA PAVIMENTADA, ADICIONAL PARA DMT EXCEDENTE A 30 KM (UNIDADE: TXKM). AF_07/2020 | H14: TXKM | I14: =IF($F14="","",IF('TRECHO(S) A IMPRIMIR'!$B$1= 1, SUM(Q14, T14, W14, Z14), IF('TRECHO(S) A IMPRIMIR'!$B$1= 2, T14, IF('TRECHO(S) A IMPRIMIR'!$B$1= 3, W14, 0)))) -> 0 | J14: 0.41 | K14: =IF(AND(F14<>"",J14<>""), IF(OR(F14= "CP9001", F14= "CP9091", F14= "CP9092"), 0, IF($M$1 = "ENCARGOS SOCIAIS SEM DESONERAÇÃO",'BDI obras SD'!$H$23,'BDI obras CD'!$H$23)),"") -> 0.20335138 | L14: =IF(J14="","", IF(AND(J14<>"",K14=""),J14,J14 * (1 + K14))) -> 0.49337407 | M14: =IF(OR(I14="",L14=""),"",I14*L14) -> 0 | Q14: =Q12 * S14 -> 0 | S14: 0 | T14: =T12 * V14 -> 0 | V14: =IF('MLQ-DMT-TR1'!$E$7 > 30, 'MLQ-DMT-TR1'!$E$7 - 30, 0) -> 0 | W14: =W12 * Y14 -> 0 | Y14: =IF('MLQ-DMT-TR3'!$E$7 > 30, 'MLQ-DMT-TR3'!$E$7 - 30, 0) -> 0 | Z14: =Z12 * AB14 -> 0 | AB14: 0 | AI14: =IF(SUM(AD14:AH14)=0,"",M14 - SUM(AD14:AH14))
A15: Taxa de descarte de rcc | B15: t | D15: 05.01.05 | E15: PROJETO | F15: CP9001 | G15: TAXA DE DESCARTE DE RESÍDUOS DA CONSTRUÇÃO CIVIL SEGREGADOS - RCCS | H15: T | I15: 21387.396 | J15: 12.23 | K15: 0 | L15: 12.23 | M15: 261567.85 | Q15: 0 | T15: 14186.74 | W15: 7200.6561 | Z15: 0 | AD15: 0 | AE15: 0 | AF15: 0 | AG15: 261567.85 | AH15: 0 | AI15: 0
A17: ESCAVAÇÃO POR COMPENSAÇÃO PARA REGULARIZAÇÃO DE GREIDE, CONFORME PROJETOS, COM DEPOSIÇÃO DO MATERIAL ESCAVADO PRÓXIMA DO LOCAL DE ORIGEM (PARA BOTA-FORA, VER ITEM DE BOTA-FORA DO EXCEDENTE) | D17: 05.02 | G17: ESCAVAÇÃO POR COMPENSAÇÃO PARA REGULARIZAÇÃO DE GREIDE, CONFORME PROJETOS, COM DEPOSIÇÃO DO MATERIAL ESCAVADO PRÓXIMA DO LOCAL DE ORIGEM (PARA BOTA-FORA, VER ITEM DE BOTA-FORA DO EXCEDENTE) | M17: 594201.48
A18: Escavação | B18: m³ | D18: 05.02.01 | E18: SINAPI | F18: 101125 | G18: ESCAVAÇÃO HORIZONTAL, INCLUINDO CARGA E DESCARGA EM SOLO DE 1A CATEGORIA COM TRATOR DE ESTEIRAS (150HP/LÂMINA: 3,18M3). AF_07/2020 | H18: M3 | I18: 43925.83 | J18: 9.99 | K18: 0.20335138 | L18: 12.02148 | M18: 528053.5 | R18: 1.0923072 | T18: 27824.72 | U18: 1.0923072 | W18: 16101.11 | X18: 1.0923072 | AA18: 1.0923072 | AD18: 76644.402 | AE18: 235219.03 | AF18: 216190.07 | AG18: 0 | AH18: 0 | AI18: 0
A19: Espalhamento de material escavado para aterro por compensação | B19: m³ | D19: 05.02.02 | E19: SINAPI | F19: 100574 | G19: ESPALHAMENTO DE MATERIAL COM TRATOR DE ESTEIRAS. AF_11/2019 | H19: M3 | I19: 4726.775 | J19: 1.04 | K19: 0.20335138 | L19: 1.2514854 | M19: 5915.4901 | T19: 2626.7 | W19: 2100.075 | AD19: 1251.3537 | AE19: 1535.7522 | AF19: 3128.3842 | AG19: 0 | AH19: 0 | AI19: 0
A20: Compactação de solo | B20: m³ | D20: 05.02.03 | E20: SINAPI | F20: 96386 | G20: EXECUÇÃO E COMPACTAÇÃO DE ATERRO COM SOLO PREDOMINANTEMENTE ARENOSO - EXCLUSIVE SOLO, ESCAVAÇÃO, CARGA E TRANSPORTE. AF_11/2019 | H20: M3 | I20: 3781.42 | J20: 5.51 | K20: 0.20335138 | L20: 6.6304661 | M20: 25072.577 | Q20: 0 | R20: 1.3653841 | T20: 2101.36 | U20: 1.3653841 | W20: 1680.06 | X20: 1.3653841 | Z20: 0 | AA20: 1.3653841 | AD20: 5960.9939 | AE20: 6871.0693 | AF20: 12240.514 | AG20: 0 | AH20: 0 | AI20: 0
A21: Carga, manobra e descarga de solo reaproveitado da escavação | B21: t | D21: 05.02.04 | E21: SINAPI | F21: 100995 | G21: CARGA, MANOBRA E DESCARGA DE SOLOS E MATERIAIS GRANULARES EM CAMINHÃO BASCULANTE 14 M³ - CARGA COM ESCAVADEIRA HIDRÁULICA (CAÇAMBA DE 1,20 M³ / 155 HP) E DESCARGA LIVRE (UNIDADE: T). AF_07/2020 | H21: T | I21: 5163.0906 | J21: 3.11 | K21: 0.20335138 | L21: 3.7424228 | M21: 19322.468 | Q21: 0 | T21: 2869.1634 | W21: 2293.9271 | Z21: 0 | AD21: 1926.0338 | AE21: 9070.9978 | AF21: 8325.4363 | AG21: 0 | AH21: 0 | AI21: 0
A22: Transporte de solo para reaproveitamento dentro da obra | B22: t.km | D22: 05.02.05 | E22: SINAPI | F22: 100943 | G22: TRANSPORTE COM CAMINHÃO BASCULANTE DE 14 M³, EM VIA INTERNA (DENTRO DO CANTEIRO - UNIDADE: TXKM). AF_07/2020 | H22: TXKM | I22: 4245.5197 | J22: 3.1 | K22: 0.20335138 | L22: 3.7303893 | M22: 15837.441 | Q22: 0 | S22: 0 | T22: 2869.1634 | V22: 1 | W22: 1376.3563 | Y22: 0.6 | Z22: 0 | AB22: 0 | AD22: 1123.9474 | AE22: 8838.314 | AF22: 5875.1798 | AG22: 0 | AH22: 0 | AI22: -1.8189894e-12
A24: BOTA-FORA DE EXCEDENTE DAS ESCAVAÇÕES PARA O 5º DISTRITO DO DER, APÓS REUTILIZAÇÃO DO EXCEDENTE ESCAVADO NO REFORÇO DO SUBLEITO NO TRECHO 1 | D24: 05.03 | G24: BOTA-FORA DE EXCEDENTE DAS ESCAVAÇÕES PARA O 5º DISTRITO DO DER, APÓS REUTILIZAÇÃO DO EXCEDENTE ESCAVADO NO REFORÇO DO SUBLEITO NO TRECHO 1 | M24: 720639.19
A25: Carga, manobra e descarga de solo reaproveitado da escavação | B25: m³ | D25: 05.03.01 | E25: SINAPI | F25: 100995 | G25: CARGA, MANOBRA E DESCARGA DE SOLOS E MATERIAIS GRANULARES EM CAMINHÃO BASCULANTE 14 M³ - CARGA COM ESCAVADEIRA HIDRÁULICA (CAÇAMBA DE 1,20 M³ / 155 HP) E DESCARGA LIVRE (UNIDADE: T). AF_07/2020 | H25: T | I25: 27907.258 | J25: 3.11 | K25: 0.20335138 | L25: 3.7424228 | M25: 104440.76 | Q25: 0 | T25: 13187.307 | W25: 14719.95 | Z25: 0 | AD25: 10410.493 | AE25: 49030.066 | AF25: 45000.198 | AG25: 0 | AH25: 0 | AI25: 0
A26: Transporte comercial até 30 km | B26: m³ | D26: 05.03.02 | E26: SINAPI | F26: 95879 | G26: TRANSPORTE COM CAMINHÃO BASCULANTE DE 14 M³, EM VIA URBANA PAVIMENTADA, DMT ATÉ 30 KM (UNIDADE: TXKM). AF_07/2020 | H26: TXKM | I26: 492373.63 | J26: 1.04 | K26: 0.20335138 | L26: 1.2514854 | M26: 616198.43 | Q26: 0 | S26: 0 | T26: 225942.53 | V26: 17.133333 | W26: 266431.1 | Y26: 18.1 | Z26: 0 | AB26: 0 | AD26: 41474.894 | AE26: 355499.09 | AF26: 219224.44 | AG26: 0 | AH26: 0 | AI26: 0
A27: Transporte comercial acima de 30 km | B27: m³ | D27: 05.03.03 | E27: SINAPI | F27: 93599 | G27: TRANSPORTE COM CAMINHÃO BASCULANTE DE 14 M³, EM VIA URBANA PAVIMENTADA, ADICIONAL PARA DMT EXCEDENTE A 30 KM (UNIDADE: TXKM). AF_07/2020 | H27: TXKM | I27: =IF($F27="","",IF('TRECHO(S) A IMPRIMIR'!$B$1= 1, SUM(Q27, T27, W27, Z27), IF('TRECHO(S) A IMPRIMIR'!$B$1= 2, T27, IF('TRECHO(S) A IMPRIMIR'!$B$1= 3, W27, 0)))) -> 0 | J27: 0.41 | K27: =IF(AND(F27<>"",J27<>""), IF(OR(F27= "CP9001", F27= "CP9091", F27= "CP9092"), 0, IF($M$1 = "ENCARGOS SOCIAIS SEM DESONERAÇÃO",'BDI obras SD'!$H$23,'BDI obras CD'!$H$23)),"") -> 0.20335138 | L27: =IF(J27="","", IF(AND(J27<>"",K27=""),J27,J27 * (1 + K27))) -> 0.49337407 | M27: =IF(OR(I27="",L27=""),"",I27*L27) -> 0 | Q27: =Q25 * S27 -> 0 | S27: 0 | T27: =T25 * V27 -> 0 | V27: =IF('MLQ-DMT-TR1'!$E$15 > 30, 'MLQ-DMT-TR1'!$E$15 - 30, 0) -> 0 | W27: =W25 * Y27 -> 0 | Y27: =IF('MLQ-DMT-TR3'!$E$7 > 30, 'MLQ-DMT-TR3'!$E$7 - 30, 0) -> 0 | Z27: =Z25 * AB27 -> 0 | AB27: 0 | AI27: =IF(SUM(AD27:AH27)=0,"",M27 - SUM(AD27:AH27))
I28: =IF($F28="","",IF('TRECHO(S) A IMPRIMIR'!$B$1= 1, SUM(Q28, T28, W28, Z28), IF('TRECHO(S) A IMPRIMIR'!$B$1= 2, T28, IF('TRECHO(S) A IMPRIMIR'!$B$1= 3, W28, 0)))) | K28: =IF(AND(F28<>"",J28<>""), IF(OR(F28= "CP9001", F28= "CP9091", F28= "CP9092"), 0, IF($M$1 = "ENCARGOS SOCIAIS SEM DESONERAÇÃO",'BDI obras SD'!$H$23,'BDI obras CD'!$H$23)),"") | L28: =IF(J28="","", IF(AND(J28<>"",K28=""),J28,J28 * (1 + K28))) | M28: =IF(OR(I28="",L28=""),"",I28*L28)
I29: =IF($F29="","",IF('TRECHO(S) A IMPRIMIR'!$B$1= 1, SUM(Q29, T29, W29, Z29), IF('TRECHO(S) A IMPRIMIR'!$B$1= 2, T29, IF('TRECHO(S) A IMPRIMIR'!$B$1= 3, W29, 0)))) | K29: =IF(AND(F29<>"",J29<>""), IF(OR(F29= "CP9001", F29= "CP9091", F29= "CP9092"), 0, IF($M$1 = "ENCARGOS SOCIAIS SEM DESONERAÇÃO",'BDI obras SD'!$H$23,'BDI obras CD'!$H$23)),"") | L29: =IF(J29="","", IF(AND(J29<>"",K29=""),J29,J29 * (1 + K29))) | M29: =IF(OR(I29="",L29=""),"",I29*L29)
D30: Encargos Sociais | E30: Para elaboração deste orçamento, foram utilizados os encargos sociais do SINAPI para a Unidade da Federação indicada. | AD30: 217460.18 | AE30: 1059147.3 | AF30: 787681.62 | AG30: 261567.85 | AH30: 0 | AI30: 2.0008883e-11
D31: Observações:
D32: 01- OS SERVIÇOS DE ADMINISTRAÇÃO LOCAL, INCLUSIVE VIGILÂNCIA, SERÃO REMUNERADOS DE ACORDO COM O AVANÇO FÍSICO DA OBRA
D33: 02- NÃO FOI CONSIDERADO ARREDONDAMENTO DAS CASAS DECIMAIS. OPERAÇÕES DE MULTIPLICAÇÃO COM PONTO FLUTUANTE.
D36: ='PSP-RESUMO'!$A$16 -> RRT DO ORÇAMENTO: 0
K38: ANDRÉ LUIZ ZANI
K39: Arquiteto & Urbanista - CAU A74536-7
J41: CUSTO TOTAL PARA CONFERÊNCIA | M41: 6977570.8
J42: TOTAL PARA CONFERÊNCIA: | M42: 2325856.9
J43: DIFERENÇA PARA PLANILHA: | M43: -4651713.8
T46: TRECHO 1 | W46: TRECHO 3
O47: Volume de escavação das bacias: | T47: ='04-DR'!T20 -> 10945.87 | W47: ='04-DR'!W20 -> 47701.18
O48: Volume de escavação das vias: | T48: =T18 -> 27824.72 | W48: =W18 -> 16101.11
O49: Volume de escavação das redes de drenagem: | T49: =SUM('04-DR'!T515:T523) -> 43363.114 | W49: =SUM('04-DR'!W515:W523) -> 30671.793
O50: Volume de escavações: | T50: =SUM(T47:T49) -> 82133.704 | U50: ='MLQ-PESP'!$C$4 -> 1.0923072 | W50: =SUM(W47:W49) -> 94474.083 | X50: ='MLQ-PESP'!$C$4 -> 1.0923072
O51: Volume para aterro por compensação: | T51: =T19 -> 2626.7 | U51: ='MLQ-PESP'!$C$4 -> 1.0923072 | W51: =W19 -> 2100.075 | X51: ='MLQ-PESP'!$C$4 -> 1.0923072
O52: Volume para aterro das redes: | T52: =SUM('04-DR'!T598:T605) -> 28596.868 | U52: ='MLQ-PESP'!$C$4 -> 1.0923072 | W52: =SUM('04-DR'!W598:W605) -> 14158.845 | X52: ='MLQ-PESP'!$C$4 -> 1.0923072
O53: Reforço de subleito: | T53: ='06-PAV'!T116 -> 9974.7624 | W53: ='06-PAV'!W116 -> 0
O54: Volume da subbase das vias: | T54: ='06-PAV'!T23 +'06-PAV'!T71 -> 2826.708 | W54: ='06-PAV'!W23 +'06-PAV'!W71 -> 2599.7284
O55: Volume da base das vias: | T55: ='06-PAV'!T26 +'06-PAV'!T74 +'06-PAV'!T119 -> 9686.9453 | W55: ='06-PAV'!W26 +'06-PAV'!W74 +'06-PAV'!W119 -> 7403.4816
O56: Volume total de subbases e base: | T56: =SUM(T54:T55) -> 12513.653 | U56: ='MLQ-PESP'!$C$6 -> 1.3653841 | W56: =SUM(W54:W55) -> 10003.21 | X56: ='MLQ-PESP'!$C$6 -> 1.3653841
O57: Saldo das escavações em volume: | T57: =(SUMPRODUCT(T50:T52,U50:U52) - (T56 * U56)) / U50 -> 97715.205 | W57: =(SUMPRODUCT(W50:W52,X50:X52) - (W56 * X56)) / X50 -> 98228.99
Q63: =(Q62*98%) -> 0

Sheet 06-PAV
D1: PLANILHA DE SERVIÇOS, QUANTIDADES, CUSTOS E PREÇOS | M1: ='PSP-RESUMO'!$C$3 -> ENCARGOS SOCIAIS SEM DESONERAÇÃO
D2: OBRA: | E2: =IF('TRECHO(S) A IMPRIMIR'!$B$1= 1, 'PSP-RESUMO'!$B$2, IF('TRECHO(S) A IMPRIMIR'!$B$1= 2,#REF!,#REF!)) -> URBANIZAÇÃO DO SETOR SOL NASCENTE - TRECHOS 1 e 3 | L2: Data do orçamento: | M2: ='PSP-RESUMO'!$D$4 -> 28/JAN/2022
D3: ENDEREÇO: | E3: ='PSP-RESUMO'!B3 -> SETOR SOL NASCENTE, CEILÂNDIA/DF | L3: Data base dos preços: | M3: ='PSP-RESUMO'!$D$18 -> JUNHO/2021
D4: CLIENTE: | E4: ='PSP-RESUMO'!B4 -> ARIA | L4: B.D.I. para Serviços: | M4: =IF('PSP-RESUMO'!$C$3 = "ENCARGOS SOCIAIS SEM DESONERAÇÃO", 'BDI obras SD'!$H$23, 'BDI obras CD'!$H$23) -> 0.20335138
D5: TRECHO: | E5: =$G$9 -> PAVIMENTAÇÕES - TRECHOS 1 e 3 | L5: B.D.I. para Simples Fornecimento: | M5: =IF('PSP-RESUMO'!$C$3 = "ENCARGOS SOCIAIS SEM DESONERAÇÃO", 'BDI-Difer SD'!$H$23, 'BDI-Difer CD'!$H$23) -> 0.11096636
L6: DURAÇÃO DA OBRA: | M6: ='01-CO'!M6 -> 18
A7: DESCRIÇÃO DO SERVIÇO NO PROJETO | B7: UNID | D7: ITEM | E7: FONTE | F7: CPU CÓDIGO | G7: DESCRIÇÃO NA FONTE | H7: UNID | I7: QTDE | J7: CUSTO UNITÁRIO (R$) | K7: B.D.I | L7: PREÇO UNITÁRIO C/B.D.I. (R$) | M7: PREÇO TOTAL C/B.D.I. (R$) | O7: OBSERVAÇÕES | Q7: GERAL | T7: TRECHO 1 | W7: TRECHO 3
I8: SERVIÇO | Q8: QTD | R8: DENSID | S8: DMT | T8: QTD | U8: DENSID | V8: DMT | W8: QTD | X8: DENSID | Y8: DMT | Z8: QTD | AA8: DENSID | AB8: DMT | AD8: M.O. | AE8: MAT. | AF8: EQUIP | AG8: SERV TERC | AH8: OUTROS | AI8: CONFER
A9: =IF('TRECHO(S) A IMPRIMIR'!$B$1= 1, "PAVIMENTAÇÕES - TRECHOS 1 e 3", IF('TRECHO(S) A IMPRIMIR'!$B$1= 2, "PAVIMENTAÇÕES - TRECHO 1", "PAVIMENTAÇÕES - TRECHO 3")) -> PAVIMENTAÇÕES - TRECHOS 1 e 3 | D9: 06. | G9: PAVIMENTAÇÕES - TRECHOS 1 e 3 | M9: 14898899 | O9: Ver abas "MLQ-TR1-TRePAV" e "MLQ-TR3-TRePAV". | AI9: =IF(SUM(AD9:AH9)=0,"",M9 - SUM(AD9:AH9))
A10: PAVIMENTAÇÃO ASFÁLTICA - TRÁFEGO MEIO PESADO | D10: 06.01 | G10: PAVIMENTAÇÃO ASFÁLTICA - TRÁFEGO MEIO PESADO | M10: 820793.05 | AI10: =IF(SUM(AD10:AH10)=0,"",M10 - SUM(AD10:AH10))
A11: ABERTURA DE CAIXA DE PAVIMENTAÇÃO | D11: 06.01.01 | G11: ABERTURA DE CAIXA DE PAVIMENTAÇÃO | M11: 0 | AI11: =IF(SUM(AD11:AH11)=0,"",M11 - SUM(AD11:AH11))
A12: Escavação para abertura de caixa de pavimentação | B12: m³ | D12: 06.01.01.01 | E12: SINAPI | F12: 101125 | G12: ESCAVAÇÃO HORIZONTAL, INCLUINDO CARGA E DESCARGA EM SOLO DE 1A CATEGORIA COM TRATOR DE ESTEIRAS (150HP/LÂMINA: 3,18M3). AF_07/2020 | H12: M3 | I12: =IF($F12="","",IF('TRECHO(S) A IMPRIMIR'!$B$1= 1, SUM(Q12, T12, W12, Z12), IF('TRECHO(S) A IMPRIMIR'!$B$1= 2, T12, IF('TRECHO(S) A IMPRIMIR'!$B$1= 3, W12, 0)))) -> 0 | J12: 9.99 | K12: =IF(AND(F12<>"", J12<>""), IF(OR(F12= "CP9001", F12= "CP9091", F12= "CP9092"), 0, IF(ISNA(VLOOKUP(F12, $M$175:$M$179, 1, FALSE)), $M$4, $M$5)), "") -> 0.20335138 | L12: =IF(J12="","", IF(AND(J12<>"",K12=""),J12,J12 * (1 + K12))) -> 12.02148 | M12: =IF(OR(I12="",L12=""),"",I12*L12) -> 0 | O12: Ver planilha de pesos específicos e consumos. | R12: ='MLQ-PESP'!$C$4 -> 1.0923072 | U12: ='MLQ-PESP'!$C$4 -> 1.0923072 | X12: ='MLQ-PESP'!$C$4 -> 1.0923072 | AA12: ='MLQ-PESP'!$C$4 -> 1.0923072 | AI12: =IF(SUM(AD12:AH12)=0,"",M12 - SUM(AD12:AH12))
A13: Aterro por compensação | B13: m³ | D13: 06.01.01.02 | E13: SINAPI | F13: 100574 | G13: ESPALHAMENTO DE MATERIAL COM TRATOR DE ESTEIRAS. AF_11/2019 | H13: M3 | I13: =IF($F13="","",IF('TRECHO(S) A IMPRIMIR'!$B$1= 1, SUM(Q13, T13, W13, Z13), IF('TRECHO(S) A IMPRIMIR'!$B$1= 2, T13, IF('TRECHO(S) A IMPRIMIR'!$B$1= 3, W13, 0)))) -> 0 | J13: 1.04 | K13: =IF(AND(F13<>"", J13<>""), IF(OR(F13= "CP9001", F13= "CP9091", F13= "CP9092"), 0, IF(ISNA(VLOOKUP(F13, $M$175:$M$179, 1, FALSE)), $M$4, $M$5)), "") -> 0.20335138 | L13: =IF(J13="","", IF(AND(J13<>"",K13=""),J13,J13 * (1 + K13))) -> 1.2514854 | M13: =IF(OR(I13="",L13=""),"",I13*L13) -> 0 | R13: ='MLQ-PESP'!$C$6 -> 1.3653841 | U13: ='MLQ-PESP'!$C$6 -> 1.3653841 | X13: ='MLQ-PESP'!$C$6 -> 1.3653841 | AA13: ='MLQ-PESP'!$C$6 -> 1.3653841 | AI13: =IF(SUM(AD13:AH13)=0,"",M13 - SUM(AD13:AH13))
A14: Carga, manobra e descarga de solo excedente da terraplenagem. | B14: t | D14: 06.01.01.03 | E14: SINAPI | F14: 100995 | G14: CARGA, MANOBRA E DESCARGA DE SOLOS E MATERIAIS GRANULARES EM CAMINHÃO BASCULANTE 14 M³ - CARGA COM ESCAVADEIRA HIDRÁULICA (CAÇAMBA DE 1,20 M³ / 155 HP) E DESCARGA LIVRE (UNIDADE: T). AF_07/2020 | H14: T | I14: =IF($F14="","",IF('TRECHO(S) A IMPRIMIR'!$B$1= 1, SUM(Q14, T14, W14, Z14), IF('TRECHO(S) A IMPRIMIR'!$B$1= 2, T14, IF('TRECHO(S) A IMPRIMIR'!$B$1= 3, W14, 0)))) -> 0 | J14: 3.11 | K14: =IF(AND(F14<>"", J14<>""), IF(OR(F14= "CP9001", F14= "CP9091", F14= "CP9092"), 0, IF(ISNA(VLOOKUP(F14, $M$175:$M$179, 1, FALSE)), $M$4, $M$5)), "") -> 0.20335138 | L14: =IF(J14="","", IF(AND(J14<>"",K14=""),J14,J14 * (1 + K14))) -> 3.7424228 | M14: =IF(OR(I14="",L14=""),"",I14*L14) -> 0 | Q14: =(Q12 * R12) - (Q13 * R13) -> 0 | T14: =(T12 * U12) - (T13 * U13) -> 0 | W14: =(W12 * X12) - (W13 * X13) -> 0 | Z14: =(Z12 * AA12) - (Z13 * AA13) -> 0 | AI14: =IF(SUM(AD14:AH14)=0,"",M14 - SUM(AD14:AH14))
A15: Transporte de entulho até 30 km | B15: t.km | D15: 06.01.01.04 | E15: SINAPI | F15: 95879 | G15: TRANSPORTE COM CAMINHÃO BASCULANTE DE 14 M³, EM VIA URBANA PAVIMENTADA, DMT ATÉ 30 KM (UNIDADE: TXKM). AF_07/2020 | H15: TXKM | I15: =IF($F15="","",IF('TRECHO(S) A IMPRIMIR'!$B$1= 1, SUM(Q15, T15, W15, Z15), IF('TRECHO(S) A IMPRIMIR'!$B$1= 2, T15, IF('TRECHO(S) A IMPRIMIR'!$B$1= 3, W15, 0)))) -> 0 | J15: 1.04 | K15: =IF(AND(F15<>"", J15<>""), IF(OR(F15= "CP9001", F15= "CP9091", F15= "CP9092"), 0, IF(ISNA(VLOOKUP(F15, $M$175:$M$179, 1, FALSE)), $M$4, $M$5)), "") -> 0.20335138 | L15: =IF(J15="","", IF(AND(J15<>"",K15=""),J15,J15 * (1 + K15))) -> 1.2514854 | M15: =IF(OR(I15="",L15=""),"",I15*L15) -> 0 | Q15: =Q14 * S15 -> 0 | S15: =IF('MLQ-DMT-TR1'!$E$7 > 30, 30, 'MLQ-DMT-TR1'!$E$7) -> 22 | T15: =T14 * V15 -> 0 | V15: =IF('MLQ-DMT-TR1'!$E$7 > 30, 30, 'MLQ-DMT-TR1'!$E$7) -> 22 | W15: =W14 * Y15 -> 0 | Y15: =IF('MLQ-DMT-TR1'!$E$7 > 30, 30, 'MLQ-DMT-TR1'!$E$7) -> 22 | Z15: =Z14 * AB15 -> 0 | AB15: =IF('MLQ-DMT-TR1'!$E$7 > 30, 30, 'MLQ-DMT-TR1'!$E$7) -> 22 | AI15: =IF(SUM(AD15:AH15)=0,"",M15 - SUM(AD15:AH15))
A16: Transporte de entulho acima de 30 km | B16: t.km | D16: 06.01.01.05 | E16: SINAPI | F16: 93599 | G16: TRANSPORTE COM CAMINHÃO BASCULANTE DE 14 M³, EM VIA URBANA PAVIMENTADA, ADICIONAL PARA DMT EXCEDENTE A 30 KM (UNIDADE: TXKM). AF_07/2020 | H16: TXKM | I16: =IF($F16="","",IF('TRECHO(S) A IMPRIMIR'!$B$1= 1, SUM(Q16, T16, W16, Z16), IF('TRECHO(S) A IMPRIMIR'!$B$1= 2, T16, IF('TRECHO(S) A IMPRIMIR'!$B$1= 3, W16, 0)))) -> 0 | J16: 0.41 | K16: =IF(AND(F16<>"", J16<>""), IF(OR(F16= "CP9001", F16= "CP9091", F16= "CP9092"), 0, IF(ISNA(VLOOKUP(F16, $M$175:$M$179, 1, FALSE)), $M$4, $M$5)), "") -> 0.20335138 | L16: =IF(J16="","", IF(AND(J16<>"",K16=""),J16,J16 * (1 + K16))) -> 0.49337407 | M16: =IF(OR(I16="",L16=""),"",I16*L16) -> 0 | Q16: =Q14 * S16 -> 0 | S16: =IF('MLQ-DMT-TR1'!$E$7 > 30, 'MLQ-DMT-TR1'!$E$7 - 30, 0) -> 0 | T16: =T14 * V16 -> 0 | V16: =IF('MLQ-DMT-TR1'!$E$7 > 30, 'MLQ-DMT-TR1'!$E$7 - 30, 0) -> 0 | W16: =W14 * Y16 -> 0 | Y16: =IF('MLQ-DMT-TR1'!$E$7 > 30, 'MLQ-DMT-TR1'!$E$7 - 30, 0) -> 0 | Z16: =Z14 * AB16 -> 0 | AB16: =IF('MLQ-DMT-TR1'!$E$7 > 30, 'MLQ-DMT-TR1'!$E$7 - 30, 0) -> 0 | AI16: =IF(SUM(AD16:AH16)=0,"",M16 - SUM(AD16:AH16))
A17: Taxa de descarte de rcc | B17: t | D17: 06.01.01.06 | E17: PROJETO | F17: CP9001 | G17: TAXA DE DESCARTE DE RESÍDUOS DA CONSTRUÇÃO CIVIL SEGREGADOS - RCCS | H17: T | I17: =IF($F17="","",IF('TRECHO(S) A IMPRIMIR'!$B$1= 1, SUM(Q17, T17, W17, Z17), IF('TRECHO(S) A IMPRIMIR'!$B$1= 2, T17, IF('TRECHO(S) A IMPRIMIR'!$B$1= 3, W17, 0)))) -> 0 | J17: 12.23 | K17: =IF(AND(F17<>"", J17<>""), IF(OR(F17= "CP9001", F17= "CP9091", F17= "CP9092"), 0, IF(ISNA(VLOOKUP(F17, $M$175:$M$179, 1, FALSE)), $M$4, $M$5)), "") -> 0 | L17: =IF(J17="","", IF(AND(J17<>"",K17=""),J17,J17 * (1 + K17))) -> 12.23 | M17: =IF(OR(I17="",L17=""),"",I17*L17) -> 0 | Q17: =Q14 -> 0 | T17: =T14 -> 0 | W17: =W14 -> 0 | Z17: =Z14 -> 0 | AI17: =IF(SUM(AD17:AH17)=0,"",M17 - SUM(AD17:AH17))
A19: REGULARIZAÇÃO DO SUBLEITO | D19: 06.01.02 | G19: REGULARIZAÇÃO DO SUBLEITO | M19: 5557.5839
A20: Regularização e compactação do subleito | B20: m² | D20: 06.01.02.01 | E20: SINAPI | F20: 100577 | G20: REGULARIZAÇÃO E COMPACTAÇÃO DE SUBLEITO DE SOLO PREDOMINANTEMENTE ARENOSO. AF_11/2019 | H20: M2 | I20: 5997.95 | J20: 0.77 | K20: 0.20335138 | L20: 0.92658057 | M20: 5557.5839 | T20: 5997.95 | W20: 0 | AD20: 1299.1755 | AE20: 1660.0575 | AF20: 2598.3509 | AG20: 0 | AH20: 0 | AI20: 0
A22: SUBBASE COM SOLO COMPACTADO, COM REAPROVEITAMENTO DO SOLO ESCAVADO DAS LAGOAS (VER ITEM DE DRENAGEM - ESCAVAÇÃO DAS LAGOAS) | D22: 06.01.03 | G22: SUBBASE COM SOLO COMPACTADO, COM REAPROVEITAMENTO DO SOLO ESCAVADO DAS LAGOAS (VER ITEM DE DRENAGEM - ESCAVAÇÃO DAS LAGOAS) | M22: 11245.085
A23: Subbase solo laterítico | B23: m³ | D23: 06.01.03.01 | E23: SINAPI | F23: 96388 | G23: EXECUÇÃO E COMPACTAÇÃO DE BASE E OU SUB BASE PARA PAVIMENTAÇÃO DE SOLOS DE COMPORTAMENTO LATERÍTICO (ARENOSO) - EXCLUSIVE SOLO, ESCAVAÇÃO, CARGA E TRANSPORTE. AF_11/2019 | H23: M3 | I23: 1199.59 | J23: 7.79 | K23: 0.20335138 | L23: 9.3741073 | M23: 11245.085 | Q23: 0 | R23: 1.3653841 | T23: 1199.59 | U23: 1.3653841 | W23: 0 | X23: 1.3653841 | AA23: 1.3653841 | AD23: 2771.5743 | AE23: 2944.7977 | AF23: 5528.7133 | AG23: 0 | AH23: 0 | AI23: 0
A25: BASE DE SOLO CIMENTO, COM REAPROVEITAMENTO DO SOLO ESCAVADO DAS LAGOAS (VER ITEM DE DRENAGEM - ESCAVAÇÃO DAS LAGOAS) | D25: 06.01.04 | G25: BASE DE SOLO CIMENTO, COM REAPROVEITAMENTO DO SOLO ESCAVADO DAS LAGOAS (VER ITEM DE DRENAGEM - ESCAVAÇÃO DAS LAGOAS) | M25: 46257.864
A26: Base de solo-cimento | B26: m³ | D26: 06.01.04.01 | E26: SINAPI | F26: 96389 | G26: EXECUÇÃO E COMPACTAÇÃO DE BASE E OU SUB BASE PARA PAVIMENTAÇÃO DE SOLO (PREDOMINANTEMENTE ARENOSO) COM CIMENTO (TEOR DE 2%) - EXCLUSIVE SOLO, ESCAVAÇÃO, CARGA E TRANSPORTE. AF_11/2019 | H26: M3 | I26: 1019.6515 | J26: 37.7 | K26: 0.20335138 | L26: 45.366347 | M26: 46257.864 | Q26: 0 | R26: 1.3653841 | T26: 1019.6515 | U26: 1.3653841 | W26: 0 | X26: 1.3653841 | AA26: 1.3653841 | AD26: 3656.4572 | AE26: 37128.991 | AF26: 5472.4157 | AG26: 0 | AH26: 0 | AI26: -7.2759576e-12
A28: IMPRIMAÇÃO | D28: 06.01.05 | G28: IMPRIMAÇÃO | M28: 30689.559
A29: Fornecimento de EAI | B29: t | D29: 06.01.05.01 | E29: PROJETO | F29: CP0032 | G29: FORNECIMENTO DE EMULSÃO ASFÁLTICA PARA SERVIÇO DE IMPRIMAÇÃO (EAI), ATÉ A USINA NA OBRA (INCLUSIVE ICMS, TRANSPORTE E PEDÁGIOS) | H29: T | I29: 7.19754 | J29: 2973.15 | K29: 0.11096636 | L29: 3303.0696 | M29: 23773.976 | O29: Preço calculado pelo binômio FORNECIMENTO x TRANSPORTE, considerando-se o transporte até o canteiro de obras. | Q29: 0 | T29: 7.19754 | W29: 0 | Z29: 0 | AD29: 0 | AE29: 23773.976 | AF29: 0 | AG29: 0 | AH29: 0 | AI29: 0
A30: Transporte de CM-30 dentro da obra | B30: t.km | D30: 06.01.05.02 | E30: SINAPI | F30: 100969 | G30: TRANSPORTE COM CAMINHÃO TANQUE DE TRANSPORTE DE MATERIAL ASFÁLTICO DE 20000 L, EM VIA URBANA EM LEITO NATURAL (UNIDADE: TXKM). AF_07/2020 | H30: TXKM | I30: 7.19754 | J30: 1.7 | K30: 0.20335138 | L30: 2.0456974 | M30: 14.723989 | O30: Transporte dentro da obra. | Q30: 0 | S30: 1 | T30: 7.19754 | V30: 1 | W30: 0 | Y30: 1 | Z30: 0 | AB30: 1 | AD30: 1.2991755 | AE30: 10.480015 | AF30: 2.9447977 | AG30: 0 | AH30: 0 | AI30: -1.7763568e-15
A31: Imprimação | B31: m² | D31: 06.01.05.03 | E31: PROJETO | F31: CP0401 | G31: EXECUÇÃO DE IMPRIMAÇÃO, EXCLUÍDO O FORNECIMENTO DO INSUMO | H31: M2 | I31: 5997.95 | J31: 0.95611 | K31: 0.20335138 | L31: 1.1505363 | M31: 6900.8592 | O31: Ver planilha de pesos específicos e consumos. | Q31: 0 | R31: 0.0012 | T31: 5997.95 | U31: 0.0012 | W31: 0 | X31: 0.0012 | AA31: 0.0012 | AD31: 1707.9827 | AE31: 3211.5617 | AF31: 1981.3148 | AG31: 0 | AH31: 2.0032979e-13 | AI31: 0
A33: CAMADA DE REFLEXÃO DE TRINCAS COM TSD | D33: 06.01.06 | G33: CAMADA DE REFLEXÃO DE TRINCAS COM TSD | M33: 112966.81
A34: FORNECIMENTO DE BRITA DIRETAMENTE NA PISTA | D34: 06.01.06.01 | G34: FORNECIMENTO DE BRITA DIRETAMENTE NA PISTA
A35: Transporte de fornecimento de brita até 30 km | B35: t.km | D35: 06.01.06.01.01 | E35: SINAPI | F35: 95879 | G35: TRANSPORTE COM CAMINHÃO BASCULANTE DE 14 M³, EM VIA URBANA PAVIMENTADA, DMT ATÉ 30 KM (UNIDADE: TXKM). AF_07/2020 | H35: TXKM | I35: =IF($F35="","",IF('TRECHO(S) A IMPRIMIR'!$B$1= 1, SUM(Q35, T35, W35, Z35), IF('TRECHO(S) A IMPRIMIR'!$B$1= 2, T35, IF('TRECHO(S) A IMPRIMIR'!$B$1= 3, W35, 0)))) -> 0 | J35: 1.04 | K35: =IF(AND(F35<>"", J35<>""), IF(OR(F35= "CP9001", F35= "CP9091", F35= "CP9092"), 0, IF(ISNA(VLOOKUP(F35, $M$175:$M$179, 1, FALSE)), $M$4, $M$5)), "") -> 0.20335138 | L35: =IF(J35="","", IF(AND(J35<>"",K35=""),J35,J35 * (1 + K35))) -> 1.2514854 | M35: =IF(OR(I35="",L35=""),"",I35*L35) -> 0 | O35: Considerada a brita comercial. | Q35: =Q40 * R35 * S35 -> 0 | R35: ='MLQ-PESP'!$C$25 -> 0.036795 | S35: =IF('MLQ-DMT-TR1'!$E$9 > 30, 30, 'MLQ-DMT-TR1'!$E$9) -> 30 | T35: =T40 * U35 * V35 -> 0 | U35: ='MLQ-PESP'!$C$25 -> 0.036795 | W35: =W40 * X35 * Y35 -> 0 | X35: ='MLQ-PESP'!$C$25 -> 0.036795 | Z35: =Z40 * AA35 * AB35 -> 0 | AA35: ='MLQ-PESP'!$C$25 -> 0.036795 | AI35: =IF(SUM(AD35:AH35)=0,"",M35 - SUM(AD35:AH35))
A36: DMT excedente acima de 30 km para fornecimento de brita | B36: t.km | D36: 06.01.06.01.02 | E36: SINAPI | F36: 93599 | G36: TRANSPORTE COM CAMINHÃO BASCULANTE DE 14 M³, EM VIA URBANA PAVIMENTADA, ADICIONAL PARA DMT EXCEDENTE A 30 KM (UNIDADE: TXKM). AF_07/2020 | H36: TXKM | I36: =IF($F36="","",IF('TRECHO(S) A IMPRIMIR'!$B$1= 1, SUM(Q36, T36, W36, Z36), IF('TRECHO(S) A IMPRIMIR'!$B$1= 2, T36, IF('TRECHO(S) A IMPRIMIR'!$B$1= 3, W36, 0)))) -> 0 | J36: 0.41 | K36: =IF(AND(F36<>"", J36<>""), IF(OR(F36= "CP9001", F36= "CP9091", F36= "CP9092"), 0, IF(ISNA(VLOOKUP(F36, $M$175:$M$179, 1, FALSE)), $M$4, $M$5)), "") -> 0.20335138 | L36: =IF(J36="","", IF(AND(J36<>"",K36=""),J36,J36 * (1 + K36))) -> 0.49337407 | M36: =IF(OR(I36="",L36=""),"",I36*L36) -> 0 | O36: Considerada a brita comercial. | Q36: =Q40 * R36 * S36 -> 0 | R36: ='MLQ-PESP'!$C$25 -> 0.036795 | S36: =IF('MLQ-DMT-TR1'!$E$9 > 30, 'MLQ-DMT-TR1'!$E$9 - 30, 0) -> 27 | T36: =T40 * U36 * V36 -> 0 | U36: ='MLQ-PESP'!$C$25 -> 0.036795 | W36: =W40 * X36 * Y36 -> 0 | X36: ='MLQ-PESP'!$C$25 -> 0.036795 | Z36: =Z40 * AA36 * AB36 -> 0 | AA36: ='MLQ-PESP'!$C$25 -> 0.036795 | AI36: =IF(SUM(AD36:AH36)=0,"",M36 - SUM(AD36:AH36))
A37: FORNECIMENTO DE CAP ATÉ O CANTEIRO DE OBRAS | D37: 06.01.06.02 | G37: FORNECIMENTO DE CAP ATÉ O CANTEIRO DE OBRAS
A38: Fornecimento de CAP-30-45 | B38: t | D38: 06.01.06.02.01 | E38: PROJETO | F38: CP0033 | G38: FORNECIMENTO DE EMULSÃO ASFÁLTICA RR-2C (INCLUSIVE ICMS, TRANSPORTE E PEDÁGIOS) | H38: T | I38: 20.992825 | J38: 3168.02 | K38: 0.20335138 | L38: 3812.2413 | M38: 80029.713 | Q38: 0 | R38: 0.0035 | T38: 20.992825 | U38: 0.0035 | W38: 0 | X38: 0.0035 | Z38: 0 | AA38: 0.0035 | AD38: 0 | AE38: 80029.713 | AF38: 0 | AG38: 0 | AH38: 0 | AI38: 0
A39: EXECUÇÃO DO TRATAMENTO SUPERFICIAL DUPLO - TSD | D39: 06.01.06.03 | G39: EXECUÇÃO DO TRATAMENTO SUPERFICIAL DUPLO - TSD
A40: Execução de TSD | B40: m² | D40: 06.01.06.03.01 | E40: PROJETO | F40: CP0411 | G40: PAVIMENTO COM TRATAMENTO SUPERFICIAL DUPLO, COM EMULSÃO ASFÁLTICA RR-2C (EXCLUSA A EMULSÃO) | H40: M2 | I40: 5997.95 | J40: 4.563415 | K40: 0.20335138 | L40: 5.4913918 | M40: 32937.093 | T40: 5997.95 | W40: 0 | AD40: 2654.1072 | AE40: 28088.722 | AF40: 2194.264 | AG40: 0 | AH40: 2.0032979e-13 | AI40: 7.2759576e-12
A42: PINTURA DE LIGAÇÃO | D42: 06.01.07 | G42: PINTURA DE LIGAÇÃO | M42: 17148.697
A43: Fornecimento de RR-1C | B43: t | D43: 06.01.07.01 | E43: PROJETO | F43: CP0031 | G43: FORNECIMENTO DE EMULSÃO ASFÁLTICA RR-1C ATÉ A USINA NA OBRA (INCLUSIVE ICMS, TRANSPORTE E PEDÁGIOS) | H43: T | I43: 3.59877 | J43: 2918.58 | K43: 0.11096636 | L43: 3242.4442 | M43: 11668.811 | O43: Preço calculado pelo binômio FORNECIMENTO x TRANSPORTE, considerando-se o transporte até o canteiro de obras. | Q43: 0 | T43: 3.59877 | W43: 0 | Z43: 0 | AD43: 0 | AE43: 11668.811 | AF43: 0 | AG43: 0 | AH43: 0 | AI43: 1.8189894e-12
A44: Transporte de RR-1C dentro da obra | B44: t.km | D44: 06.01.07.02 | E44: SINAPI | F44: 102332 | G44: TRANSPORTE COM CAMINHÃO TANQUE DE TRANSPORTE DE MATERIAL ASFÁLTICO DE 20000 L, EM VIA URBANA PAVIMENTADA, DMT ATÉ 30KM (UNIDADE: TXKM). AF_07/2020 | H44: TXKM | I44: 3.59877 | J44: 1.35 | K44: 0.20335138 | L44: 1.6245244 | M44: 5.8462896 | O44: Transporte dentro da obra. | Q44: 0 | S44: 1 | T44: 3.59877 | V44: 1 | W44: 0 | Y44: 1 | Z44: 0 | AB44: 1 | AD44: 0.47636433 | AE44: 4.1573615 | AF44: 1.2125638 | AG44: 0 | AH44: 0 | AI44: 0
A45: Pintura de ligação | B45: m² | D45: 06.01.07.03 | E45: PROJETO | F45: CP0402 | G45: EXECUÇÃO DE PINTURA DE LIGAÇÃO COM EMULSÃO ASFÁLTICA RR-1C, EXCLUÍDO O INSUMO RR-1C. | H45: M2 | I45: 5997.95 | J45: 0.758425 | K45: 0.20335138 | L45: 0.91265177 | M45: 5474.0397 | O45: Ver planilha de pesos específicos e consumos. | Q45: 0 | R45: 0.0006 | T45: 5997.95 | U45: 0.0006 | W45: 0 | X45: 0.0006 | AA45: 0.0006 | AD45: 1614.1172 | AE45: 2115.1226 | AF45: 1744.7999 | AG45: 0 | AH45: 2.5041224e-14 | AI45: 1.8189894e-12
A47: PAVIMENTAÇÃO COM CONCRETO BETUMINOSO USINADO A QUENTE - CBUQ | D47: 06.01.08 | G47: PAVIMENTAÇÃO COM CONCRETO BETUMINOSO USINADO A QUENTE - CBUQ | M47: 596927.46
A48: FORNECIMENTO DE BRITA PARA CBUQ ATÉ O CANTEIRO DE OBRAS | D48: 06.01.08.01 | G48: FORNECIMENTO DE BRITA PARA CBUQ ATÉ O CANTEIRO DE OBRAS | I48: =IF($F48="","",IF('TRECHO(S) A IMPRIMIR'!$B$1= 1, SUM(Q48, T48, W48, Z48), IF('TRECHO(S) A IMPRIMIR'!$B$1= 2, T48, IF('TRECHO(S) A IMPRIMIR'!$B$1= 3, W48, 0)))) | K48: =IF(AND(F48<>"", J48<>""), IF(OR(F48= "CP9001", F48= "CP9091", F48= "CP9092"), 0, IF(ISNA(VLOOKUP(F48, $M$175:$M$179, 1, FALSE)), $M$4, $M$5)), "") | L48: =IF(J48="","", IF(AND(J48<>"",K48=""),J48,J48 * (1 + K48))) | M48: =IF(OR(I48="",L48=""),"",I48*L48) | O48: Ver planilha de pesos específicos e consumos. | R48: 1.113714 | U48: 1.113714 | X48: 1.113714 | AA48: 1.113714
A49: Transporte de fornecimento de brita até 30 km | B49: t.km | D49: 06.01.08.01.01 | E49: SINAPI | F49: 95879 | G49: TRANSPORTE COM CAMINHÃO BASCULANTE DE 14 M³, EM VIA URBANA PAVIMENTADA, DMT ATÉ 30 KM (UNIDADE: TXKM). AF_07/2020 | H49: TXKM | I49: =IF($F49="","",IF('TRECHO(S) A IMPRIMIR'!$B$1= 1, SUM(Q49, T49, W49, Z49), IF('TRECHO(S) A IMPRIMIR'!$B$1= 2, T49, IF('TRECHO(S) A IMPRIMIR'!$B$1= 3, W49, 0)))) -> 0 | J49: 1.04 | K49: =IF(AND(F49<>"", J49<>""), IF(OR(F49= "CP9001", F49= "CP9091", F49= "CP9092"), 0, IF(ISNA(VLOOKUP(F49, $M$175:$M$179, 1, FALSE)), $M$4, $M$5)), "") -> 0.20335138 | L49: =IF(J49="","", IF(AND(J49<>"",K49=""),J49,J49 * (1 + K49))) -> 1.2514854 | M49: =IF(OR(I49="",L49=""),"",I49*L49) -> 0 | O49: Considerada a brita comercial. | Q49: =Q56 * R48 * S49 -> 0 | S49: =IF('MLQ-DMT-TR1'!$E$9 > 30, 30, 'MLQ-DMT-TR1'!$E$9) -> 30 | T49: =T56 * U48 * V49 -> 0 | W49: =W56 * X48 * Y49 -> 0 | Z49: =Z56 * AA48 * AB49 -> 0 | AI49: =IF(SUM(AD49:AH49)=0,"",M49 - SUM(AD49:AH49))
A50: DMT excedente acima de 30 km para fornecimento de brita | B50: t.km | D50: 06.01.08.01.02 | E50: SINAPI | F50: 93599 | G50: TRANSPORTE COM CAMINHÃO BASCULANTE DE 14 M³, EM VIA URBANA PAVIMENTADA, ADICIONAL PARA DMT EXCEDENTE A 30 KM (UNIDADE: TXKM). AF_07/2020 | H50: TXKM | I50: =IF($F50="","",IF('TRECHO(S) A IMPRIMIR'!$B$1= 1, SUM(Q50, T50, W50, Z50), IF('TRECHO(S) A IMPRIMIR'!$B$1= 2, T50, IF('TRECHO(S) A IMPRIMIR'!$B$1= 3, W50, 0)))) -> 0 | J50: 0.41 | K50: =IF(AND(F50<>"", J50<>""), IF(OR(F50= "CP9001", F50= "CP9091", F50= "CP9092"), 0, IF(ISNA(VLOOKUP(F50, $M$175:$M$179, 1, FALSE)), $M$4, $M$5)), "") -> 0.20335138 | L50: =IF(J50="","", IF(AND(J50<>"",K50=""),J50,J50 * (1 + K50))) -> 0.49337407 | M50: =IF(OR(I50="",L50=""),"",I50*L50) -> 0 | O50: Considerada a brita comercial. | Q50: =Q56 * R48 * S50 -> 0 | S50: =IF('MLQ-DMT-TR1'!$E$9 > 30, 'MLQ-DMT-TR1'!$E$9 - 30, 0) -> 27 | T50: =T56 * U48 * V50 -> 0 | W50: =W56 * X48 * Y50 -> 0 | Z50: =Z56 * AA48 * AB50 -> 0 | AI50: =IF(SUM(AD50:AH50)=0,"",M50 - SUM(AD50:AH50))
A51: FORNECIMENTO DE CAP ATÉ O CANTEIRO DE OBRAS | D51: 06.01.08.02 | G51: FORNECIMENTO DE CAP ATÉ O CANTEIRO DE OBRAS | I51: =IF($F51="","",IF('TRECHO(S) A IMPRIMIR'!$B$1= 1, SUM(Q51, T51, W51, Z51), IF('TRECHO(S) A IMPRIMIR'!$B$1= 2, T51, IF('TRECHO(S) A IMPRIMIR'!$B$1= 3, W51, 0)))) | K51: =IF(AND(F51<>"", J51<>""), IF(OR(F51= "CP9001", F51= "CP9091", F51= "CP9092"), 0, IF(ISNA(VLOOKUP(F51, $M$175:$M$179, 1, FALSE)), $M$4, $M$5)), "") | L51: =IF(J51="","", IF(AND(J51<>"",K51=""),J51,J51 * (1 + K51))) | M51: =IF(OR(I51="",L51=""),"",I51*L51)
A52: Fornecimento de CAP-30-45 | B52: t | D52: 06.01.08.02.01 | E52: PROJETO | F52: CP0127 | G52: FORNECIMENTO DE CAP 50-70 | H52: T | I52: 69.385092 | J52: 4295.61 | K52: 0.11096636 | L52: 4772.2782 | M52: 331124.96 | O52: Preço calculado pelo binômio FORNECIMENTO x TRANSPORTE, considerando-se o transporte até o canteiro de obras. | Q52: 0 | R52: 0.14460168 | T52: 69.385092 | U52: 0.14460168 | W52: 0 | X52: 0.14460168 | Z52: 0 | AA52: 0.14460168 | AD52: 0 | AE52: 331124.96 | AF52: 0 | AG52: 0 | AH52: 0 | AI52: 0
A53: EXECUÇÃO DE PAVIMENTO COM CBUQ, CONSIDERANDO-SE O TRANSPORTE DO CANTEIRO DE OBRAS PARA A OBRA (EM DUAS CAMADAS) | D53: 06.01.08.03 | G53: EXECUÇÃO DE PAVIMENTO COM CBUQ, CONSIDERANDO-SE O TRANSPORTE DO CANTEIRO DE OBRAS PARA A OBRA (EM DUAS CAMADAS)
A54: Carga de CBUQ na usina | B54: t | D54: 06.01.08.03.01 | E54: SINAPI | F54: 101003 | G54: CARGA DE MISTURA ASFÁLTICA EM CAMINHÃO BASCULANTE 14 M³ (UNIDADE: T). AF_07/2020 | H54: T | I54: 1225.885 | J54: 4.91 | K54: 0.20335138 | L54: 5.9084553 | M54: 7243.0868 | O54: Ver planilha de pesos específicos e consumos. | Q54: 0 | R54: 2.5548 | T54: 1225.885 | U54: 2.5548 | W54: 0 | X54: 2.5548 | Z54: 0 | AA54: 2.5548 | AD54: 560.56476 | AE54: 3894.4499 | AF54: 2788.0721 | AG54: 0 | AH54: 0 | AI54: 0
A55: Transporte de CBUQ na obra | B55: t.km | D55: 06.01.08.03.02 | E55: SINAPI | F55: 100943 | G55: TRANSPORTE COM CAMINHÃO BASCULANTE DE 14 M³, EM VIA INTERNA (DENTRO DO CANTEIRO - UNIDADE: TXKM). AF_07/2020 | H55: TXKM | I55: 1225.885 | J55: 3.1 | K55: 0.20335138 | L55: 3.7303893 | M55: 4573.0283 | O55: Transporte dentro da obra. | Q55: 0 | S55: 1 | T55: 1225.885 | V55: 1 | W55: 0 | Y55: 1 | Z55: 0 | AB55: 1 | AD55: 324.53749 | AE55: 2552.0448 | AF55: 1696.446 | AG55: 0 | AH55: 0 | AI55: 9.094947e-13
A56: Capa asfáltica com CBUQ | B56: m³ | D56: 06.01.08.03.03 | E56: SINAPI | F56: CP0403 | G56: EXECUÇÃO DE PAVIMENTO COM APLICAÇÃO DE CONCRETO ASFÁLTICO, CAMADA DE ROLAMENTO, EXCLUSIVE CARGA E TRANSPORTE. | H56: M3 | I56: 479.836 | J56: 439.87081 | K56: 0.20335138 | L56: 529.31915 | M56: 253986.38 | Q56: 0 | T56: 479.836 | W56: 0 | AD56: 13723.666 | AE56: 159737.3 | AF56: 77428.299 | AG56: 0 | AH56: 3097.1203 | AI56: 2.910383e-11
AI57: =IF(SUM(AD57:AH57)=0,"",M57 - SUM(AD57:AH57))
A58: PAVIMENTAÇÃO ASFÁLTICA - TRÁFEGO MÉDIO | D58: 06.02 | G58: PAVIMENTAÇÃO ASFÁLTICA - TRÁFEGO MÉDIO | M58: 2095914.8 | AI58: =IF(SUM(AD58:AH58)=0,"",M58 - SUM(AD58:AH58))
A59: ABERTURA DE CAIXA DE PAVIMENTAÇÃO | D59: 06.02.01 | G59: ABERTURA DE CAIXA DE PAVIMENTAÇÃO | M59: 0 | AI59: =IF(SUM(AD59:AH59)=0,"",M59 - SUM(AD59:AH59))
A60: Escavação para abertura de caixa de pavimentação | B60: m³ | D60: 06.02.01.01 | E60: SINAPI | F60: 101125 | G60: ESCAVAÇÃO HORIZONTAL, INCLUINDO CARGA E DESCARGA EM SOLO DE 1A CATEGORIA COM TRATOR DE ESTEIRAS (150HP/LÂMINA: 3,18M3). AF_07/2020 | H60: M3 | I60: =IF($F60="","",IF('TRECHO(S) A IMPRIMIR'!$B$1= 1, SUM(Q60, T60, W60, Z60), IF('TRECHO(S) A IMPRIMIR'!$B$1= 2, T60, IF('TRECHO(S) A IMPRIMIR'!$B$1= 3, W60, 0)))) -> 0 | J60: 9.99 | K60: =IF(AND(F60<>"", J60<>""), IF(OR(F60= "CP9001", F60= "CP9091", F60= "CP9092"), 0, IF(ISNA(VLOOKUP(F60, $M$175:$M$179, 1, FALSE)), $M$4, $M$5)), "") -> 0.20335138 | L60: =IF(J60="","", IF(AND(J60<>"",K60=""),J60,J60 * (1 + K60))) -> 12.02148 | M60: =IF(OR(I60="",L60=""),"",I60*L60) -> 0 | O60: Ver planilha de pesos específicos e consumos. | R60: ='MLQ-PESP'!$C$4 -> 1.0923072 | U60: ='MLQ-PESP'!$C$4 -> 1.0923072 | X60: ='MLQ-PESP'!$C$4 -> 1.0923072 | AA60: ='MLQ-PESP'!$C$4 -> 1.0923072 | AI60: =IF(SUM(AD60:AH60)=0,"",M60 - SUM(AD60:AH60))
A61: Aterro por compensação | B61: m³ | D61: 06.02.01.02 | E61: SINAPI | F61: 100574 | G61: ESPALHAMENTO DE MATERIAL COM TRATOR DE ESTEIRAS. AF_11/2019 | H61: M3 | I61: =IF($F61="","",IF('TRECHO(S) A IMPRIMIR'!$B$1= 1, SUM(Q61, T61, W61, Z61), IF('TRECHO(S) A IMPRIMIR'!$B$1= 2, T61, IF('TRECHO(S) A IMPRIMIR'!$B$1= 3, W61, 0)))) -> 0 | J61: 1.04 | K61: =IF(AND(F61<>"", J61<>""), IF(OR(F61= "CP9001", F61= "CP9091", F61= "CP9092"), 0, IF(ISNA(VLOOKUP(F61, $M$175:$M$179, 1, FALSE)), $M$4, $M$5)), "") -> 0.20335138 | L61: =IF(J61="","", IF(AND(J61<>"",K61=""),J61,J61 * (1 + K61))) -> 1.2514854 | M61: =IF(OR(I61="",L61=""),"",I61*L61) -> 0 | R61: ='MLQ-PESP'!$C$6 -> 1.3653841 | U61: ='MLQ-PESP'!$C$6 -> 1.3653841 | X61: ='MLQ-PESP'!$C$6 -> 1.3653841 | AA61: ='MLQ-PESP'!$C$6 -> 1.3653841 | AI61: =IF(SUM(AD61:AH61)=0,"",M61 - SUM(AD61:AH61))
A62: Carga, manobra e descarga de solo excedente da terraplenagem. | B62: t | D62: 06.02.01.03 | E62: SINAPI | F62: 100995 | G62: CARGA, MANOBRA E DESCARGA DE SOLOS E MATERIAIS GRANULARES EM CAMINHÃO BASCULANTE 14 M³ - CARGA COM ESCAVADEIRA HIDRÁULICA (CAÇAMBA DE 1,20 M³ / 155 HP) E DESCARGA LIVRE (UNIDADE: T). AF_07/2020 | H62: T | I62: =IF($F62="","",IF('TRECHO(S) A IMPRIMIR'!$B$1= 1, SUM(Q62, T62, W62, Z62), IF('TRECHO(S) A IMPRIMIR'!$B$1= 2, T62, IF('TRECHO(S) A IMPRIMIR'!$B$1= 3, W62, 0)))) -> 0 | J62: 3.11 | K62: =IF(AND(F62<>"", J62<>""), IF(OR(F62= "CP9001", F62= "CP9091", F62= "CP9092"), 0, IF(ISNA(VLOOKUP(F62, $M$175:$M$179, 1, FALSE)), $M$4, $M$5)), "") -> 0.20335138 | L62: =IF(J62="","", IF(AND(J62<>"",K62=""),J62,J62 * (1 + K62))) -> 3.7424228 | M62: =IF(OR(I62="",L62=""),"",I62*L62) -> 0 | Q62: =(Q60 * R60) - (Q61 * R61) -> 0 | T62: =(T60 * U60) - (T61 * U61) -> 0 | W62: =(W60 * X60) - (W61 * X61) -> 0 | Z62: =(Z60 * AA60) - (Z61 * AA61) -> 0 | AI62: =IF(SUM(AD62:AH62)=0,"",M62 - SUM(AD62:AH62))
A63: Transporte de entulho até 30 km | B63: t.km | D63: 06.02.01.04 | E63: SINAPI | F63: 95879 | G63: TRANSPORTE COM CAMINHÃO BASCULANTE DE 14 M³, EM VIA URBANA PAVIMENTADA, DMT ATÉ 30 KM (UNIDADE: TXKM). AF_07/2020 | H63: TXKM | I63: =IF($F63="","",IF('TRECHO(S) A IMPRIMIR'!$B$1= 1, SUM(Q63, T63, W63, Z63), IF('TRECHO(S) A IMPRIMIR'!$B$1= 2, T63, IF('TRECHO(S) A IMPRIMIR'!$B$1= 3, W63, 0)))) -> 0 | J63: 1.04 | K63: =IF(AND(F63<>"", J63<>""), IF(OR(F63= "CP9001", F63= "CP9091", F63= "CP9092"), 0, IF(ISNA(VLOOKUP(F63, $M$175:$M$179, 1, FALSE)), $M$4, $M$5)), "") -> 0.20335138 | L63: =IF(J63="","", IF(AND(J63<>"",K63=""),J63,J63 * (1 + K63))) -> 1.2514854 | M63: =IF(OR(I63="",L63=""),"",I63*L63) -> 0 | Q63: =Q62 * S63 -> 0 | S63: =IF('MLQ-DMT-TR1'!$E$7 > 30, 30, 'MLQ-DMT-TR1'!$E$7) -> 22 | T63: =T62 * V63 -> 0 | V63: =IF('MLQ-DMT-TR1'!$E$7 > 30, 30, 'MLQ-DMT-TR1'!$E$7) -> 22 | W63: =W62 * Y63 -> 0 | Y63: =IF('MLQ-DMT-TR1'!$E$7 > 30, 30, 'MLQ-DMT-TR1'!$E$7) -> 22 | Z63: =Z62 * AB63 -> 0 | AB63: =IF('MLQ-DMT-TR1'!$E$7 > 30, 30, 'MLQ-DMT-TR1'!$E$7) -> 22 | AI63: =IF(SUM(AD63:AH63)=0,"",M63 - SUM(AD63:AH63))
A64: Transporte de entulho acima de 30 km | B64: t.km | D64: 06.02.01.05 | E64: SINAPI | F64: 93599 | G64: TRANSPORTE COM CAMINHÃO BASCULANTE DE 14 M³, EM VIA URBANA PAVIMENTADA, ADICIONAL PARA DMT EXCEDENTE A 30 KM (UNIDADE: TXKM). AF_07/2020 | H64: TXKM | I64: =IF($F64="","",IF('TRECHO(S) A IMPRIMIR'!$B$1= 1, SUM(Q64, T64, W64, Z64), IF('TRECHO(S) A IMPRIMIR'!$B$1= 2, T64, IF('TRECHO(S) A IMPRIMIR'!$B$1= 3, W64, 0)))) -> 0 | J64: 0.41 | K64: =IF(AND(F64<>"", J64<>""), IF(OR(F64= "CP9001", F64= "CP9091", F64= "CP9092"), 0, IF(ISNA(VLOOKUP(F64, $M$175:$M$179, 1, FALSE)), $M$4, $M$5)), "") -> 0.20335138 | L64: =IF(J64="","", IF(AND(J64<>"",K64=""),J64,J64 * (1 + K64))) -> 0.49337407 | M64: =IF(OR(I64="",L64=""),"",I64*L64) -> 0 | Q64: =Q62 * S64 -> 0 | S64: =IF('MLQ-DMT-TR1'!$E$7 > 30, 'MLQ-DMT-TR1'!$E$7 - 30, 0) -> 0 | T64: =T62 * V64 -> 0 | V64: =IF('MLQ-DMT-TR1'!$E$7 > 30, 'MLQ-DMT-TR1'!$E$7 - 30, 0) -> 0 | W64: =W62 * Y64 -> 0 | Y64: =IF('MLQ-DMT-TR1'!$E$7 > 30, 'MLQ-DMT-TR1'!$E$7 - 30, 0) -> 0 | Z64: =Z62 * AB64 -> 0 | AB64: =IF('MLQ-DMT-TR1'!$E$7 > 30, 'MLQ-DMT-TR1'!$E$7 - 30, 0) -> 0 | AI64: =IF(SUM(AD64:AH64)=0,"",M64 - SUM(AD64:AH64))
A65: Taxa de descarte de rcc | B65: t | D65: 06.02.01.06 | E65: PROJETO | F65: CP9001 | G65: TAXA DE DESCARTE DE RESÍDUOS DA CONSTRUÇÃO CIVIL SEGREGADOS - RCCS | H65: T | I65: =IF($F65="","",IF('TRECHO(S) A IMPRIMIR'!$B$1= 1, SUM(Q65, T65, W65, Z65), IF('TRECHO(S) A IMPRIMIR'!$B$1= 2, T65, IF('TRECHO(S) A IMPRIMIR'!$B$1= 3, W65, 0)))) -> 0 | J65: 12.23 | K65: =IF(AND(F65<>"", J65<>""), IF(OR(F65= "CP9001", F65= "CP9091", F65= "CP9092"), 0, IF(ISNA(VLOOKUP(F65, $M$175:$M$179, 1, FALSE)), $M$4, $M$5)), "") -> 0 | L65: =IF(J65="","", IF(AND(J65<>"",K65=""),J65,J65 * (1 + K65))) -> 12.23 | M65: =IF(OR(I65="",L65=""),"",I65*L65) -> 0 | Q65: =Q62 -> 0 | T65: =T62 -> 0 | W65: =W62 -> 0 | Z65: =Z62 -> 0 | AI65: =IF(SUM(AD65:AH65)=0,"",M65 - SUM(AD65:AH65))
A67: REGULARIZAÇÃO DO SUBLEITO | D67: 06.02.02 | G67: REGULARIZAÇÃO DO SUBLEITO | M67: 19582.569
A68: Regularização e compactação do subleito | B68: m² | D68: 06.02.02.01 | E68: SINAPI | F68: 100577 | G68: REGULARIZAÇÃO E COMPACTAÇÃO DE SUBLEITO DE SOLO PREDOMINANTEMENTE ARENOSO. AF_11/2019 | H68: M2 | I68: 21134.232 | J68: 0.77 | K68: 0.20335138 | L68: 0.92658057 | M68: 19582.569 | T68: 8135.59 | W68: 12998.642 | AD68: 4577.7433 | AE68: 5849.3387 | AF68: 9155.4866 | AG68: 0 | AH68: 0 | AI68: 0
A70: SUBBASE COM SOLO COMPACTADO, COM REAPROVEITAMENTO DO SOLO ESCAVADO DAS LAGOAS (VER ITEM DE DRENAGEM - ESCAVAÇÃO DAS LAGOAS) | D70: 06.02.03 | G70: SUBBASE COM SOLO COMPACTADO, COM REAPROVEITAMENTO DO SOLO ESCAVADO DAS LAGOAS (VER ITEM DE DRENAGEM - ESCAVAÇÃO DAS LAGOAS) | M70: 39622.912
A71: Subbase solo laterítico | B71: m³ | D71: 06.02.03.01 | E71: SINAPI | F71: 96388 | G71: EXECUÇÃO E COMPACTAÇÃO DE BASE E OU SUB BASE PARA PAVIMENTAÇÃO DE SOLOS DE COMPORTAMENTO LATERÍTICO (ARENOSO) - EXCLUSIVE SOLO, ESCAVAÇÃO, CARGA E TRANSPORTE. AF_11/2019 | H71: M3 | I71: 4226.8464 | J71: 7.79 | K71: 0.20335138 | L71: 9.3741073 | M71: 39622.912 | R71: 1.3653841 | T71: 1627.118 | U71: 1.3653841 | W71: 2599.7284 | X71: 1.3653841 | AA71: 1.3653841 | AD71: 9765.8524 | AE71: 10376.218 | AF71: 19480.841 | AG71: 0 | AH71: 0 | AI71: 0
A73: BASE DE SOLO CIMENTO, COM REAPROVEITAMENTO DO SOLO ESCAVADO DAS LAGOAS (VER ITEM DE DRENAGEM - ESCAVAÇÃO DAS LAGOAS) | D73: 06.02.04 | G73: BASE DE SOLO CIMENTO, COM REAPROVEITAMENTO DO SOLO ESCAVADO DAS LAGOAS (VER ITEM DE DRENAGEM - ESCAVAÇÃO DAS LAGOAS) | M73: 184374.94
A74: Base de solo-cimento | B74: m³ | D74: 06.02.04.01 | E74: SINAPI | F74: 96389 | G74: EXECUÇÃO E COMPACTAÇÃO DE BASE E OU SUB BASE PARA PAVIMENTAÇÃO DE SOLO (PREDOMINANTEMENTE ARENOSO) COM CIMENTO (TEOR DE 2%) - EXCLUSIVE SOLO, ESCAVAÇÃO, CARGA E TRANSPORTE. AF_11/2019 | H74: M3 | I74: 4064.1346 | J74: 37.7 | K74: 0.20335138 | L74: 45.366347 | M74: 184374.94 | R74: 1.3653841 | T74: 1464.4062 | U74: 1.3653841 | W74: 2599.7284 | X74: 1.3653841 | AA74: 1.3653841 | AD74: 14573.934 | AE74: 147989.01 | AF74: 21811.996 | AG74: 0 | AH74: 0 | AI74: 0
I75: =IF($F75="","",IF('TRECHO(S) A IMPRIMIR'!$B$1= 1, SUM(Q75, T75, W75, Z75), IF('TRECHO(S) A IMPRIMIR'!$B$1= 2, T75, IF('TRECHO(S) A IMPRIMIR'!$B$1= 3, W75, 0)))) | K75: =IF(AND(F75<>"", J75<>""), IF(OR(F75= "CP9001", F75= "CP9091", F75= "CP9092"), 0, IF(ISNA(VLOOKUP(F75, $M$175:$M$179, 1, FALSE)), $M$4, $M$5)), "") | L75: =IF(J75="","", IF(AND(J75<>"",K75=""),J75,J75 * (1 + K75))) | M75: =IF(OR(I75="",L75=""),"",I75*L75)
A76: IMPRIMAÇÃO LIGANTE | D76: 06.02.05 | G76: IMPRIMAÇÃO LIGANTE | M76: 108136.99
A77: Fornecimento de EAI | B77: t | D77: 06.02.05.01 | E77: PROJETO | F77: CP0032 | G77: FORNECIMENTO DE EMULSÃO ASFÁLTICA PARA SERVIÇO DE IMPRIMAÇÃO (EAI), ATÉ A USINA NA OBRA (INCLUSIVE ICMS, TRANSPORTE E PEDÁGIOS) | H77: T | I77: 25.361078 | J77: 2973.15 | K77: 0.11096636 | L77: 3303.0696 | M77: 83769.408 | O77: Preço calculado pelo binômio FORNECIMENTO x TRANSPORTE, considerando-se o transporte até o canteiro de obras. | Q77: 0 | T77: 9.762708 | W77: 15.59837 | Z77: 0 | AD77: 0 | AE77: 83769.408 | AF77: 0 | AG77: 0 | AH77: 0 | AI77: -1.4551915e-11
A78: Transporte de CM-30 dentro da obra | B78: t.km | D78: 06.02.05.02 | E78: SINAPI | F78: 100969 | G78: TRANSPORTE COM CAMINHÃO TANQUE DE TRANSPORTE DE MATERIAL ASFÁLTICO DE 20000 L, EM VIA URBANA EM LEITO NATURAL (UNIDADE: TXKM). AF_07/2020 | H78: TXKM | I78: 25.361078 | J78: 1.7 | K78: 0.20335138 | L78: 2.0456974 | M78: 51.881091 | O78: Transporte dentro da obra. | Q78: 0 | S78: 1 | T78: 9.762708 | V78: 1 | W78: 15.59837 | Y78: 1 | Z78: 0 | AB78: 1 | AD78: 4.5777433 | AE78: 36.927129 | AF78: 10.376218 | AG78: 0 | AH78: 0 | AI78: -7.1054274e-15
A79: Imprimação | B79: m² | D79: 06.02.05.03 | E79: PROJETO | F79: CP0401 | G79: EXECUÇÃO DE IMPRIMAÇÃO, EXCLUÍDO O FORNECIMENTO DO INSUMO | H79: M2 | I79: 21134.232 | J79: 0.95611 | K79: 0.20335138 | L79: 1.1505363 | M79: 24315.701 | O79: Ver planilha de pesos específicos e consumos. | R79: 0.0012 | T79: 8135.59 | U79: 0.0012 | W79: 12998.642 | X79: 0.0012 | AA79: 0.0012 | AD79: 6018.2066 | AE79: 11316.181 | AF79: 6981.3129 | AG79: 0 | AH79: 7.0587723e-13 | AI79: 0
A81: CAMADA DE REFLEXÃO DE TRINCAS COM TSD | D81: 06.01.06 | G81: CAMADA DE REFLEXÃO DE TRINCAS COM TSD | M81: 298165.4
A82: FORNECIMENTO DE BRITA DIRETAMENTE NA PISTA | D82: 06.01.06.01 | G82: FORNECIMENTO DE BRITA DIRETAMENTE NA PISTA
A83: Transporte de fornecimento de brita até 30 km | B83: t.km | D83: 06.01.06.01.01 | E83: SINAPI | F83: 95879 | G83: TRANSPORTE COM CAMINHÃO BASCULANTE DE 14 M³, EM VIA URBANA PAVIMENTADA, DMT ATÉ 30 KM (UNIDADE: TXKM). AF_07/2020 | H83: TXKM | I83: =IF($F83="","",IF('TRECHO(S) A IMPRIMIR'!$B$1= 1, SUM(Q83, T83, W83, Z83), IF('TRECHO(S) A IMPRIMIR'!$B$1= 2, T83, IF('TRECHO(S) A IMPRIMIR'!$B$1= 3, W83, 0)))) -> 0 | J83: 1.04 | K83: =IF(AND(F83<>"", J83<>""), IF(OR(F83= "CP9001", F83= "CP9091", F83= "CP9092"), 0, IF(ISNA(VLOOKUP(F83, $M$175:$M$179, 1, FALSE)), $M$4, $M$5)), "") -> 0.20335138 | L83: =IF(J83="","", IF(AND(J83<>"",K83=""),J83,J83 * (1 + K83))) -> 1.2514854 | M83: =IF(OR(I83="",L83=""),"",I83*L83) -> 0 | O83: Considerada a brita comercial. | Q83: =Q88 * R83 * S83 -> 0 | R83: ='MLQ-PESP'!$C$25 -> 0.036795 | S83: =IF('MLQ-DMT-TR1'!$E$9 > 30, 30, 'MLQ-DMT-TR1'!$E$9) -> 30 | T83: =T88 * U83 * V83 -> 0 | U83: ='MLQ-PESP'!$C$25 -> 0.036795 | W83: =W88 * X83 * Y83 -> 0 | X83: ='MLQ-PESP'!$C$25 -> 0.036795 | Z83: =Z88 * AA83 * AB83 -> 0 | AA83: ='MLQ-PESP'!$C$25 -> 0.036795 | AI83: =IF(SUM(AD83:AH83)=0,"",M83 - SUM(AD83:AH83))
A84: DMT excedente acima de 30 km para fornecimento de brita | B84: t.km | D84: 06.01.06.01.02 | E84: SINAPI | F84: 93599 | G84: TRANSPORTE COM CAMINHÃO BASCULANTE DE 14 M³, EM VIA URBANA PAVIMENTADA, ADICIONAL PARA DMT EXCEDENTE A 30 KM (UNIDADE: TXKM). AF_07/2020 | H84: TXKM | I84: =IF($F84="","",IF('TRECHO(S) A IMPRIMIR'!$B$1= 1, SUM(Q84, T84, W84, Z84), IF('TRECHO(S) A IMPRIMIR'!$B$1= 2, T84, IF('TRECHO(S) A IMPRIMIR'!$B$1= 3, W84, 0)))) -> 0 | J84: 0.41 | K84: =IF(AND(F84<>"", J84<>""), IF(OR(F84= "CP9001", F84= "CP9091", F84= "CP9092"), 0, IF(ISNA(VLOOKUP(F84, $M$175:$M$179, 1, FALSE)), $M$4, $M$5)), "") -> 0.20335138 | L84: =IF(J84="","", IF(AND(J84<>"",K84=""),J84,J84 * (1 + K84))) -> 0.49337407 | M84: =IF(OR(I84="",L84=""),"",I84*L84) -> 0 | O84: Considerada a brita comercial. | Q84: =Q88 * R84 * S84 -> 0 | R84: ='MLQ-PESP'!$C$25 -> 0.036795 | S84: =IF('MLQ-DMT-TR1'!$E$9 > 30, 'MLQ-DMT-TR1'!$E$9 - 30, 0) -> 27 | T84: =T88 * U84 * V84 -> 0 | U84: ='MLQ-PESP'!$C$25 -> 0.036795 | W84: =W88 * X84 * Y84 -> 0 | X84: ='MLQ-PESP'!$C$25 -> 0.036795 | Z84: =Z88 * AA84 * AB84 -> 0 | AA84: ='MLQ-PESP'!$C$25 -> 0.036795 | AI84: =IF(SUM(AD84:AH84)=0,"",M84 - SUM(AD84:AH84))
A85: FORNECIMENTO DE CAP ATÉ O CANTEIRO DE OBRAS | D85: 06.01.06.02 | G85: FORNECIMENTO DE CAP ATÉ O CANTEIRO DE OBRAS
A86: Fornecimento de CAP-30-45 | B86: t | D86: 06.01.06.02.01 | E86: PROJETO | F86: CP0033 | G86: FORNECIMENTO DE EMULSÃO ASFÁLTICA RR-2C (INCLUSIVE ICMS, TRANSPORTE E PEDÁGIOS) | H86: T | I86: 55.408612 | J86: 3168.02 | K86: 0.20335138 | L86: 3812.2413 | M86: 211231 | Q86: 0 | R86: 0.0035 | T86: 9.913365 | U86: 0.0035 | W86: 45.495247 | X86: 0.0035 | Z86: 0 | AA86: 0.0035 | AD86: 0 | AE86: 211231 | AF86: 0 | AG86: 0 | AH86: 0 | AI86: 0
A87: EXECUÇÃO DO TRATAMENTO SUPERFICIAL DUPLO - TSD | D87: 06.01.06.03 | G87: EXECUÇÃO DO TRATAMENTO SUPERFICIAL DUPLO - TSD
A88: Execução de TSD | B88: m² | D88: 06.01.06.03.01 | E88: PROJETO | F88: CP0411 | G88: PAVIMENTO COM TRATAMENTO SUPERFICIAL DUPLO, COM EMULSÃO ASFÁLTICA RR-2C (EXCLUSA A EMULSÃO) | H88: M2 | I88: 15831.032 | J88: 4.563415 | K88: 0.20335138 | L88: 5.4913918 | M88: 86934.399 | T88: 2832.39 | W88: 12998.642 | AD88: 7005.2695 | AE88: 74137.573 | AF88: 5791.5562 | AG88: 0 | AH88: 5.2875188e-13 | AI88: 1.4551915e-11
A90: PAVIMENTAÇÃO COM CONCRETO BETUMINOSO USINADO A QUENTE - CBUQ | D90: 06.02.07 | G90: PAVIMENTAÇÃO COM CONCRETO BETUMINOSO USINADO A QUENTE - CBUQ | M90: 1446031.9
A91: FORNECIMENTO DE BRITA PARA CBUQ ATÉ O CANTEIRO DE OBRAS | D91: 06.02.07.01 | G91: FORNECIMENTO DE BRITA PARA CBUQ ATÉ O CANTEIRO DE OBRAS | I91: =IF($F91="","",IF('TRECHO(S) A IMPRIMIR'!$B$1= 1, SUM(Q91, T91, W91, Z91), IF('TRECHO(S) A IMPRIMIR'!$B$1= 2, T91, IF('TRECHO(S) A IMPRIMIR'!$B$1= 3, W91, 0)))) | K91: =IF(AND(F91<>"", J91<>""), IF(OR(F91= "CP9001", F91= "CP9091", F91= "CP9092"), 0, IF(ISNA(VLOOKUP(F91, $M$175:$M$179, 1, FALSE)), $M$4, $M$5)), "") | L91: =IF(J91="","", IF(AND(J91<>"",K91=""),J91,J91 * (1 + K91))) | M91: =IF(OR(I91="",L91=""),"",I91*L91) | O91: Ver planilha de pesos específicos e consumos. | R91: 1.113714 | U91: 1.113714 | X91: 1.113714 | AA91: 1.113714
